Workbook

Sheet RESUMO
A3: ESTIMATIVA DE CUSTO - RESUMO
A5: Item | B5: Função | C5: CBO | D5: Qtde. empregados por posto | E5: Valor por empregado | F5: Total Mensal | G5: Total anual
A6: 1 | B6: Enfermeiro 8h | C6: 2235-05 | D6: 1 | E6: =Enfermeiro!$D$142 -> 14471.75 | F6: =E6*D6 -> 14471.75 | G6: =F6*12 -> 173661
A7: 2 | B7: Téc. Enfremagem 12x36 noturno | C7: 3222-05 | D7: 4 | E7: ='Téc. Enferm. 12x36 Noturno '!D142 -> 9537.08 | F7: =E7*D7 -> 38148.32 | G7: =F7*12 -> 457779.84
A8: 3 | B8: Téc. Enfremagem 12x36 diurno | C8: 3222-05 | D8: 4 | E8: ='Téc. Enferm. 12x36 Diurno '!D142 -> 8952.64 | F8: =E8*D8 -> 35810.56 | G8: =F8*12 -> 429726.72
A9: 4 | B9: Téc. Enfremagem 12x36 noturno folguista | C9: 3222-05 | D9: 2 | E9: ='Tec. Enferm.(folguista) Noturno'!D142 -> 9537.08 | F9: =E9*D9 -> 19074.16 | G9: =F9*12 -> 228889.92
A10: 5 | B10: Condutor Ambulancia 12x36 noturno | C10: 7823-20 | D10: 2 | E10: ='Cond. Amb_SAMU. 12x36 Noturno'!D142 -> 6173.94 | F10: =E10*D10 -> 12347.88 | G10: =F10*12 -> 148174.56
A11: 6 | B11: Condutor Ambulancia 12x36 diurno | C11: 7823-20 | D11: 2 | E11: ='Cond. Amb_SAMU. 12x36 Diurno'!D142 -> 5879.01 | F11: =E11*D11 -> 11758.02 | G11: =F11*12 -> 141096.24
A12: 7 | B12: Condutor Ambulancia 12x36 noturno Folguista | C12: 7823-20 | D12: 1 | E12: ='Cond Amb_SAMU Folguista Noturno'!D142 -> 6173.94 | F12: =E12*D12 -> 6173.94 | G12: =F12*12 -> 74087.28
A13: 8 | B13: Condutor SAMU 12x36 noturno | C13: 7823-20 | D13: 2 | E13: ='Cond. Amb_SAMU. 12x36 Noturno'!D142 -> 6173.94 | F13: =E13*D13 -> 12347.88 | G13: =F13*12 -> 148174.56
A14: 9 | B14: Condutor SAMU 12x36 diurno | C14: 7823-20 | D14: 2 | E14: ='Cond. Amb_SAMU. 12x36 Diurno'!D142 -> 5879.01 | F14: =E14*D14 -> 11758.02 | G14: =F14*12 -> 141096.24
A15: 10 | B15: Condutor SAMU 12x36 noturno folguista | C15: 7823-20 | D15: 1 | E15: ='Cond Amb_SAMU Folguista Noturno'!D142 -> 6173.94 | F15: =E15*D15 -> 6173.94 | G15: =F15*12 -> 74087.28
A16: 11 | B16: Mestre Ambulancha 12x36 noturno | C16: 3412-10 | D16: 2 | E16: ='Mestre 12x36 Noturno'!D142 -> 10046.93 | F16: =E16*D16 -> 20093.86 | G16: =F16*12 -> 241126.32
A17: 12 | B17: Mestre Ambulancha 12x36 diurno | C17: 3412-10 | D17: 2 | E17: ='Mestre 12x36 Diurno'!D142 -> 9702.6 | F17: =E17*D17 -> 19405.2 | G17: =F17*12 -> 232862.4
A18: 13 | B18: Mestre Ambulancha 12x36 noturno folguista | C18: 3412-10 | D18: 1 | E18: ='Mestre Noturno Folguista'!D142 -> 10046.93 | F18: =E18*D18 -> 10046.93 | G18: =F18*12 -> 120563.16
A19: 14 | B19: Moço de convés 12x36 noturno | C19: 7827-15 | D19: 2 | E19: ='Moço de Convés 12x36 Noturno'!D142 -> 8675.71 | F19: =E19*D19 -> 17351.42 | G19: =F19*12 -> 208217.04
A20: 15 | B20: Moço de convés 12x36 diurno | C20: 7827-15 | D20: 2 | E20: ='Moço de Convés 12x36 Diurno'!D142 -> 8224.52 | F20: =E20*D20 -> 16449.04 | G20: =F20*12 -> 197388.48
A21: 16 | B21: Moço de convés 12x36 noturno Folguista | C21: 7827-15 | D21: 1 | E21: ='Mestre Noturno Folguista'!D142 -> 10046.93 | F21: =E21*D21 -> 10046.93 | G21: =F21*12 -> 120563.16
A22: 17 | B22: Higienizador 8h | C22: 5143-20 | D22: 3 | E22: ='Higienizador 8h'!D142 -> 6019.89 | F22: =E22*D22 -> 18059.67 | G22: =F22*12 -> 216716.04
A23: 18 | B23: Coordenador de Manutenção | C23: 1427-05 | D23: 1 | E23: ='Coord. de Manutenção 8h'!D142 -> 5347.98 | F23: =E23*D23 -> 5347.98 | G23: =F23*12 -> 64175.76
A24: 19 | B24: Coordenador Administrativo | C24: 4101-05 | D24: 1 | E24: ='Coordendador Administrativo 8h'!D142 -> 5758.79 | F24: =E24*D24 -> 5758.79 | G24: =F24*12 -> 69105.48
A25: 20 | F25: =E25*D25 -> 0 | G25: =F25*12 -> 0
A26: Total geral estimado da contratação | F26: =SUM(F6:F25) -> 290624.29 | G26: =SUM(G6:G24) -> 3487491.5

Sheet Modelo Retenção Conta Vinculada
B2: PLANILHA DE RETENÇÃO EM CONTA VINCULADA | G2: MÊS DE REFERÊNCIA:
A3: Ordem | B3: Nome Empregado | C3: CPF | D3: Cargo | E3: Modulo 01 Remuneração (com adicionais) | F3: 13º | G3: Adicional de férias | H3: Provisão para rescisão | I3: Substituto Ausências legais | J3: Total
F4: 0.0833 | G4: 0.0303 | H4: 0.0728
A5: 1 | D5: Enfermeiro | E5: =Enfermeiro!D33 -> 6398.4 | F5: =E5*$F$4 -> 532.98672 | G5: =E5*$G$4 -> 193.87152 | H5: =E5*$H$4 -> 465.80352 | I5: =Enfermeiro!D102 -> 660.69 | J5: =SUM(F5:I5) -> 1853.3518
A6: 2 | D6: Tec. de enfermagem noturno | E6: ='Téc. Enferm. 12x36 Noturno '!D33 -> 4173.11 | F6: =E6*$F$4 -> 347.62006 | G6: =E6*$G$4 -> 126.44523 | H6: =E6*$H$4 -> 303.80241 | I6: ='Téc. Enferm. 12x36 Noturno '!$D$102 -> 51.54 | J6: =SUM(F6:I6) -> 829.4077
A7: 3 | D7: Tec. de enfremagem noturno | E7: ='Téc. Enferm. 12x36 Noturno '!D33 -> 4173.11 | F7: =E7*$F$4 -> 347.62006 | G7: =E7*$G$4 -> 126.44523 | H7: =E7*$H$4 -> 303.80241 | I7: ='Téc. Enferm. 12x36 Noturno '!$D$102 -> 51.54 | J7: =SUM(F7:I7) -> 829.4077
A8: 4 | D8: Tec. de enfermagem noturno | E8: ='Téc. Enferm. 12x36 Noturno '!D33 -> 4173.11 | F8: =E8*$F$4 -> 347.62006 | G8: =E8*$G$4 -> 126.44523 | H8: =E8*$H$4 -> 303.80241 | I8: ='Téc. Enferm. 12x36 Noturno '!$D$102 -> 51.54 | J8: =SUM(F8:I8) -> 829.4077
A9: 5 | D9: Tec. de enfremagem noturno | E9: ='Téc. Enferm. 12x36 Noturno '!D33 -> 4173.11 | F9: =E9*$F$4 -> 347.62006 | G9: =E9*$G$4 -> 126.44523 | H9: =E9*$H$4 -> 303.80241 | I9: ='Téc. Enferm. 12x36 Noturno '!$D$102 -> 51.54 | J9: =SUM(F9:I9) -> 829.4077
A10: 6 | D10: Tec. de enfremagem diurno | E10: ='Téc. Enferm. 12x36 Diurno '!D33 -> 3822.26 | F10: =E10*$F$4 -> 318.39426 | G10: =E10*$G$4 -> 115.81448 | H10: =E10*$H$4 -> 278.26053 | I10: ='Téc. Enferm. 12x36 Diurno '!$D$102 -> 61.7 | J10: =SUM(F10:I10) -> 774.16926
A11: 7 | D11: Tec. de enfremagem diurno | E11: ='Téc. Enferm. 12x36 Diurno '!D33 -> 3822.26 | F11: =E11*$F$4 -> 318.39426 | G11: =E11*$G$4 -> 115.81448 | H11: =E11*$H$4 -> 278.26053 | I11: ='Téc. Enferm. 12x36 Diurno '!$D$102 -> 61.7 | J11: =SUM(F11:I11) -> 774.16926
A12: 8 | D12: Tec. de enfremagem diurno | E12: ='Téc. Enferm. 12x36 Diurno '!D33 -> 3822.26 | F12: =E12*$F$4 -> 318.39426 | G12: =E12*$G$4 -> 115.81448 | H12: =E12*$H$4 -> 278.26053 | I12: ='Téc. Enferm. 12x36 Diurno '!$D$102 -> 61.7 | J12: =SUM(F12:I12) -> 774.16926
A13: 9 | D13: Tec. de enfremagem diurno | E13: ='Téc. Enferm. 12x36 Diurno '!D33 -> 3822.26 | F13: =E13*$F$4 -> 318.39426 | G13: =E13*$G$4 -> 115.81448 | H13: =E13*$H$4 -> 278.26053 | I13: ='Téc. Enferm. 12x36 Diurno '!$D$102 -> 61.7 | J13: =SUM(F13:I13) -> 774.16926
A14: 10 | D14: Tec. de enfermagem noturno folguista | E14: ='Tec. Enferm.(folguista) Noturno'!D33 -> 4173.11 | F14: =E14*$F$4 -> 347.62006 | G14: =E14*$G$4 -> 126.44523 | H14: =E14*$H$4 -> 303.80241 | I14: ='Tec. Enferm.(folguista) Noturno'!D102 -> 51.54 | J14: =SUM(F14:I14) -> 829.4077
A15: 11 | D15: Tec. de enfremagem noturno folguista | E15: ='Tec. Enferm.(folguista) Noturno'!D33 -> 4173.11 | F15: =E15*$F$4 -> 347.62006 | G15: =E15*$G$4 -> 126.44523 | H15: =E15*$H$4 -> 303.80241 | I15: ='Tec. Enferm.(folguista) Noturno'!D102 -> 51.54 | J15: =SUM(F15:I15) -> 829.4077
A16: 12 | D16: Condutor de ambulancia noturno | E16: ='Cond. Amb_SAMU. 12x36 Noturno'!D33 -> 2555.87 | F16: =E16*$F$4 -> 212.90397 | G16: =E16*$G$4 -> 77.442861 | H16: =E16*$H$4 -> 186.06734 | I16: ='Cond. Amb_SAMU. 12x36 Noturno'!$D$102 -> 29.72 | J16: =SUM(F16:I16) -> 506.13417
A17: 13 | D17: Condutor de ambulancia noturno | E17: ='Cond. Amb_SAMU. 12x36 Noturno'!D33 -> 2555.87 | F17: =E17*$F$4 -> 212.90397 | G17: =E17*$G$4 -> 77.442861 | H17: =E17*$H$4 -> 186.06734 | I17: ='Cond. Amb_SAMU. 12x36 Noturno'!$D$102 -> 29.72 | J17: =SUM(F17:I17) -> 506.13417
A18: 14 | D18: Condutor de ambulancia diurno | E18: ='Cond. Amb_SAMU. 12x36 Diurno'!D33 -> 2366 | F18: =E18*$F$4 -> 197.0878 | G18: =E18*$G$4 -> 71.6898 | H18: =E18*$H$4 -> 172.2448 | I18: ='Cond. Amb_SAMU. 12x36 Noturno'!$D$102 -> 29.72 | J18: =SUM(F18:I18) -> 470.7424
A19: 15 | D19: Condutor de ambulancia diurno | E19: ='Cond. Amb_SAMU. 12x36 Diurno'!D33 -> 2366 | F19: =E19*$F$4 -> 197.0878 | G19: =E19*$G$4 -> 71.6898 | H19: =E19*$H$4 -> 172.2448 | I19: ='Cond. Amb_SAMU. 12x36 Noturno'!$D$102 -> 29.72 | J19: =SUM(F19:I19) -> 470.7424
A20: 16 | D20: Condutor de ambulancia noturno folguista | E20: ='Cond Amb_SAMU Folguista Noturno'!D33 -> 2555.87 | F20: =E20*$F$4 -> 212.90397 | G20: =E20*$G$4 -> 77.442861 | H20: =E20*$H$4 -> 186.06734 | I20: ='Cond Amb_SAMU Folguista Noturno'!D102 -> 29.72 | J20: =SUM(F20:I20) -> 506.13417
A21: 17 | D21: Mestre ambulancha noturno | E21: ='Mestre 12x36 Noturno'!D33 -> 3787.37 | F21: =E21*$F$4 -> 315.48792 | G21: =E21*$G$4 -> 114.75731 | H21: =E21*$H$4 -> 275.72054 | I21: ='Cond. Amb_SAMU. 12x36 Noturno'!$D$102 -> 29.72 | J21: =SUM(F21:I21) -> 735.68577
A22: 18 | D22: Mestre ambulancha noturno | E22: ='Mestre 12x36 Noturno'!D33 -> 3787.37 | F22: =E22*$F$4 -> 315.48792 | G22: =E22*$G$4 -> 114.75731 | H22: =E22*$H$4 -> 275.72054 | I22: ='Mestre 12x36 Noturno'!$D$102 -> 44.01 | J22: =SUM(F22:I22) -> 749.97577
A23: 19 | D23: Mestre ambulancha diurno | E23: ='Mestre 12x36 Diurno'!D33 -> 3458.78 | F23: =E23*$F$4 -> 288.11637 | G23: =E23*$G$4 -> 104.80103 | H23: =E23*$H$4 -> 251.79918 | I23: ='Mestre 12x36 Noturno'!$D$102 -> 44.01 | J23: =SUM(F23:I23) -> 688.72659
A24: 20 | D24: Mestre ambulancha diurno | E24: ='Mestre 12x36 Diurno'!D33 -> 3458.78 | F24: =E24*$F$4 -> 288.11637 | G24: =E24*$G$4 -> 104.80103 | H24: =E24*$H$4 -> 251.79918 | I24: ='Mestre 12x36 Noturno'!$D$102 -> 44.01 | J24: =SUM(F24:I24) -> 688.72659
A25: 21 | D25: Mestre ambulancha noturno folguista | E25: ='Mestre Noturno Folguista'!D33 -> 3787.37 | F25: =E25*$F$4 -> 315.48792 | G25: =E25*$G$4 -> 114.75731 | H25: =E25*$H$4 -> 275.72054 | I25: ='Mestre Noturno Folguista'!D102 -> 44.01 | J25: =SUM(F25:I25) -> 749.97577
A26: 22 | D26: Higienizador | E26: ='Higienizador 8h'!$D$33 -> 2414.26 | F26: =E26*$F$4 -> 201.10786 | G26: =E26*$G$4 -> 73.152078 | H26: =E26*$H$4 -> 175.75813 | I26: ='Higienizador 8h'!$D$102 -> 29.65 | J26: =SUM(F26:I26) -> 479.66806
A27: 23 | D27: Higienizador | E27: ='Higienizador 8h'!$D$33 -> 2414.26 | F27: =E27*$F$4 -> 201.10786 | G27: =E27*$G$4 -> 73.152078 | H27: =E27*$H$4 -> 175.75813 | I27: ='Higienizador 8h'!$D$102 -> 29.65 | J27: =SUM(F27:I27) -> 479.66806
A28: 24 | D28: Higienizador | E28: ='Higienizador 8h'!$D$33 -> 2414.26 | F28: =E28*$F$4 -> 201.10786 | G28: =E28*$G$4 -> 73.152078 | H28: =E28*$H$4 -> 175.75813 | I28: ='Higienizador 8h'!$D$102 -> 29.65 | J28: =SUM(F28:I28) -> 479.66806
A29: 25 | D29: Coordenador de manutenção | E29: ='Coord. de Manutenção 8h'!D33 -> 2090.06 | F29: =E29*$F$4 -> 174.102 | G29: =E29*$G$4 -> 63.328818 | H29: =E29*$H$4 -> 152.15637 | I29: ='Coord. de Manutenção 8h'!$D$102 -> 24.36 | J29: =SUM(F29:I29) -> 413.94718
A30: 26 | D30: Coordenador administrativo | E30: ='Coordendador Administrativo 8h'!D33 -> 2307.83 | F30: =E30*$F$4 -> 192.24224 | G30: =E30*$G$4 -> 69.927249 | H30: =E30*$H$4 -> 168.01002 | I30: ='Coordendador Administrativo 8h'!$D$102 -> 28.03 | J30: =SUM(F30:I30) -> 458.20951
A31: 27 | F31: =E31*$F$4 -> 0 | G31: =E31*$G$4 -> 0 | H31: =E31*$H$4 -> 0 | I31: =E31*$I$4 -> 0 | J31: =SUM(F31:I31) -> 0
A32: 28 | F32: =E32*$F$4 -> 0 | G32: =E32*$G$4 -> 0 | H32: =E32*$H$4 -> 0 | I32: =E32*$I$4 -> 0 | J32: =SUM(F32:I32) -> 0
A33: 29 | F33: =E33*$F$4 -> 0 | G33: =E33*$G$4 -> 0 | H33: =E33*$H$4 -> 0 | I33: =E33*$I$4 -> 0 | J33: =SUM(F33:I33) -> 0
A34: 30 | B34: ... | F34: =E34*$F$4 -> 0 | G34: =E34*$G$4 -> 0 | H34: =E34*$H$4 -> 0 | I34: =E34*$I$4 -> 0 | J34: =SUM(F34:I34) -> 0
A35: 31 | B35: .. | F35: =E35*$F$4 -> 0 | G35: =E35*$G$4 -> 0 | H35: =E35*$H$4 -> 0 | I35: =E35*$I$4 -> 0 | J35: =SUM(F35:I35) -> 0
A36: TOTAIS | E36: =SUM(E5:E35) -> 89046.05 | F36: =SUM(F5:F35) -> 7417.536 | G36: =SUM(G5:G35) -> 2698.0953 | H36: =SUM(H5:H35) -> 6482.5524 | I36: =SUM(I5:I35) -> 1712.43 | J36: =SUM(J5:J35) -> 18310.614 | K36: <==== Valor da guia

Sheet Enfermeiro
A1: PLANILHA DE CUSTO E FORMAÇÃO DE PREÇO - IN 05/2017 (atualizada pela IN 07/2018)
A2: SERVIÇO DE URGÊNCIA E EMERGÊNCIA
A3: Nº do processo:
A4: Nº da Licitação:
A5: Data / hora:
A7: Discriminação dos serviços ( dados referentes à contratação)
A8: A | B8: Data de apresentação da proposta (dia/mês/ano)
A9: B | B9: Município/UF | D9: SÃO JOSÉ DO NORTE/RS
A10: C | B10: Ano do Acordo, Convenção ou Dissídio Coletivo | D10: 2022
A11: D | B11: Nº de meses de execução contratual | D11: 12
A13: Identificação do Serviço
A14: Tipo de Serviço | C14: Unidade de Medida | D14: Qtde total a contratar (em função da unidade de medida)
A15: SERVIÇO DE URGÊNCIA E EMERGÊNCIA | C15: 1 | D15: 1
A17: MÓDULOS DE MÃO DE OBRA VINCULADA À EXECUÇÃO CONTRATUAL
A19: Dados para composição dos custos referentes à mão-de-obra
A20: 1 | B20: Tipo de serviço (mesmo serviço com características distintas) | D20: Enfermagem 8h
A21: 2 | B21: Classificação Brasileira de Ocupações (CBO) | D21: =RESUMO!C6 -> 2235-05
A22: 3 | B22: Salário Nominativo da Categoria Profissional | D22: 4750 | E22: Conforme Lei Federal 14434/2022
A23: 4 | B23: Categoria profissional (vinculada à execução contratual) | D23: Enfermeiro
A24: 5 | B24: Data base da categoria (dia/mês/ano)
A26: 1 | B26: Módulo 1 - Composição da Remuneração | C26: % | D26: Valor (R$) | E26: SALÁRIO MÍNIMO NACIONAL
A27: A | B27: Salário Base | D27: =D22 -> 4750 | E27: 1621
A28: B | B28: Adicional de Periculosidade | D28: =C28*D27 -> 0 | E28: = Salario base x % de periculosidade
A29: C | B29: Adicional de Insalubridade | C29: 0.4 | D29: =C29*E27 -> 648.4 | E29: = Salario minimo x % de insalubridade
A30: D | B30: Adicional Noturno (22h às 5h) Horas: | D30: =IF(C30="",0,C30*15.2*((D27+D28)/220)*0.2) -> 0 | E30: = Horas de adicional noturno x qtde de dias no mês x ((salario base + periculosidade)/220 horas) x 20% de adicional
A31: E | B31: Adicional de Hora Noturna Reduzida Horas: | C31: =IF(C30=8,"",IF(C30=7,1,"")) | D31: =IF(C31<>1,0,1*15.2*(D27+D28)/220*0.2) -> 0 | E31: = 1 hora noturna reduzida x qtde de dias no mês x ((salario base + periculosidade)/220 horas) x 20% de adicional (Somente se for considerado 7 horas de adicional noturno)
A32: F | B32: Gratificação de Função (RT) | D32: 1000
A33: Total da Remuneração | D33: =TRUNC(SUM(D27:D32),2) -> 6398.4
A34: Nota 1: O Módulo 1 refere-se ao valor mensal devido ao empregado pela prestação do serviço no período de 12 meses.
A36: Módulo 2: Encargos e Benefícios Anuais, Mensais e Diários
A38: 2.1 | B38: 13º Salário, Férias e Adicional de Férias | C38: % | D38: Valor (R$)
A39: A | B39: 13 (Décimo-terceiro) salário | C39: =1/12 -> 0.083333333 | D39: =$D$33*C39 -> 533.2 | E39: [(1/12) x 100] = 1 Remuneração/12
A40: B | B40: Adicional de Férias | C40: =(5/55)/3 -> 0.03030303 | D40: =$D$33*C40 -> 193.89091
A41: Subtotal | D41: =SUM(D39:D40) -> 727.09091
A42: C | B42: Incidência dos encargos previstos no submódulo 2.2 sobre o item 2.1 | C42: =C58 -> 0.408 | D42: =D41*C42 -> 296.65309 | E42: = Percentual total do submódulo 2.2
A43: Total | D43: =TRUNC(SUM(D41:D42),2) -> 1023.74
A44: Nota 1: Como a planilha de custos e formação de preços é calculada mensalmente, provisiona-se proporcionalmente 1/12 (um doze avos) dos valores referentes a gratificação natalina, férias e adicional de férias. (Redação dada pela Instrução Normativa nº 7, de 2018)
A45: Nota 2: O adicional de férias contido no Submódulo 2.1 corresponde a 1/3 (um terço) da remuneração que por sua vez é divido por 12 (doze) conforme Nota 1 acima.
A46: Nota 3: Levando em consideração a vigência contratual prevista no art. 57 da Lei nº 8.666, de 23 de junho de 1993, a rubrica férias tem como objetivo principal suprir a necessidade do pagamento das férias remuneradas ao final do contrato de 12 meses. Esta rubrica, quando da prorrogação contratual, torna-se custo não renovável. (Incluído pela Instrução Normativa nº 7, de 2018)
A48: 2.2 | B48: Encargos Previdenciário (GPS), Fundo de garantia por tempo de Serviço ( FGTS) e outras Contribuições | C48: % | D48: Valor (R$)
A49: A | B49: INSS | C49: 0.2 | D49: =$D$33*C49 -> 1279.68
A50: B | B50: Salário Educação | C50: 0.025 | D50: =$D$33*C50 -> 159.96
A51: C | B51: GILL/RAT (Rat Ajustado) - (RAT 3% x FAP 2) | C51: 0.06 | D51: =$D$33*C51 -> 383.904
A52: D | B52: SESC ou SESI | C52: 0.015 | D52: =$D$33*C52 -> 95.976
A53: E | B53: SENAI - SENAC | C53: 0.01 | D53: =$D$33*C53 -> 63.984
A54: F | B54: SEBRAE | C54: 0.006 | D54: =$D$33*C54 -> 38.3904
A55: G | B55: INCRA | C55: 0.002 | D55: =$D$33*C55 -> 12.7968
A56: H | B56: FGTS | C56: 0.08 | D56: =$D$33*C56 -> 511.872
A57: I | B57: PIS | C57: 0.01 | D57: =$D$33*C57 -> 63.984
A58: Total | C58: =SUM(C49:C57) -> 0.408 | D58: =TRUNC(SUM(D49:D57),2) -> 2610.54
A59: Nota 1: Os percentuais dos encargos previdenciaários, do FGTS e demais contribuições são aqueles estabelecidos pela legislação vigente.
A60: Nota 2: O SAT a depender do grau de risco do serviço irá variar entre 1%, para risco leve, de 2%, para risco médio, e de 3% de risco grave.
A61: Nota 3: Esses percentuais incidem sobre o Módulo 1, o Submódulo 2.1.
A63: 2.3 | B63: Benefícios Mensais e Diários | C63: R$ | D63: Valor (R$)
A64: A | B64: Transporte | C64: 6.5 | D64: =IF((C64*2*23)-(0.06*D27)<0,0,(C64*2*23)-(0.06*D27)) -> 14 | E64: = (Valor do vale x qtde recebida por dia x qtde. de dias no mês) - (6% x Salário base)
A65: B | B65: Auxílio-Refeição/Alimentação | C65: 13.043478 | D65: =C65*23*(100%-0%) -> 300 | E65: = Valor do VA x qtde de dias no mês x % por conta da empresa
A66: D | B66: PBSF - Plano de Benefício Social Familiar
A67: Total | D67: =TRUNC(SUM(D64:D66),2) -> 314
A68: Nota 1: O valor informado deverá ser o custo real do benefício (descontado o valor eventualmente pago pelo empregado).
A69: Nota 2: Observar a previsão dos benefícios contidos em Acordos, Convenções e Dissídios Coletivos de Trabalho e atentar-se ao disposto no art. 6º desta Instrução Normativa.
A71: 2.4 | B71: Intervalo Intrajornada Indenizada do Titular do Posto | C71: SIM/NÃO | D71: Valor (R$)
A72: A | B72: Provisão de intrajornada indenizada ao titular do posto | C72: Não | D72: =IF(C72="SIM",(0.5*26*(D27+D28+D30+D31)/220)*1.5,0) -> 0 | E72: = (Meia hora x Qtde de dias no mês x (Salário base + adic. De periculosidade + Adic noturno)/ 220 horas) x valor da hora acrescida de 50%)
A74: Quadro resumo módulo 2
A75: 2 | B75: Módulo 2 - Encargos, Benefícios Anuais, Mensais e Diários | D75: Valor (R$)
A76: 2.1 | B76: 13º Salário, Férias e Adicional de Férias | D76: =D43 -> 1023.74
A77: 2.2 | B77: GPS, FGTS e Outras Contribuições | D77: =D58 -> 2610.54
A78: 2.3 | B78: Benefícios Mensais e Diários | D78: =D67 -> 314
A79: 2.4 | B79: Intervalo Intrajornada Indenizada do Titular do Posto | D79: =D72 -> 0
A80: TOTAL | D80: =TRUNC(SUM(D76:D79),2) -> 3948.28
A82: 3 | B82: Módulo 3 - Provisão para rescisão | C82: % | D82: Valor (R$)
A83: A | B83: Aviso Prévio Indenizado | C83: =((1+12.1%+8.33%)/12)*5% -> 0.0050179167 | D83: =$D$33*C83 -> 32.106638 | E83: = ((1 remuneração + Férias e adicional de férias + 13º salário)/ 12 meses) x probabilidade de ocorrência
A84: B | B84: Incidência do FGTS sobre Aviso Prévio Indenizado | C84: =8%*C83 -> 0.00040143333 | D84: =$D$33*C84 -> 2.568531 | E84: = 8% de FGTS x Aviso prédio indenizado
A85: C | B85: Multa do FGTS (e contribuições sociais) sobre o Aviso Prévio Indenizado | C85: =40%*C84 -> 0.00016057333 | D85: =$D$33*C85 -> 1.0274124 | E85: = 40% de multa do FGTS sobre aviso prévio indenizado
A86: D | B86: Aviso Prévio Trabalhado | C86: =(7/360) -> 0.019444444 | D86: =$D$33*C86 -> 124.41333 | E86: = 7 dias de aviso / qtde de dias no ano
A87: E | B87: Incidência de GPS, FGTS e outras contribuições sobre o Aviso Prévio Trabalhado | C87: =C86*C58 -> 0.0079333333 | D87: =$D$33*C87 -> 50.76064 | E87: = % total do submódulo 2.2 x Aviso prévio trabalhado
A88: F | B88: Multa do FGTS (e contribuições sociais) sobre o Aviso Prévio Trabalhado | C88: =4%-C85 -> 0.039839427 | D88: =$D$33*C88 -> 254.90859 | E88: = O que falta para dar 4% após o cálculo do % da multa do FGTS sobre Aviso prévio indenizado
A89: Total | D89: =TRUNC(SUM(D83:D88),2) -> 465.78
A90: OBS.: A contribuição social foi extinta pela Lei 13.932/2019.
A92: Módulo 4 - Custo de reposição do profissional ausente
A93: 4.1 | B93: Substituto nas Ausências Legais | C93: % | D93: Valor (R$)
A94: A | B94: Substituto na cobertura de Férias | C94: =5/55 -> 0.090909091 | D94: =$D$33*C94 -> 581.67273 | E94: =[(5/55) x 100] = 9,09% - art. 18, §§ 1º, I, e 4º c/c os itens 1.2, “a”, do Anexo VII-B e 14 do Anexo XII, da IN Seges/MP 5/2017, e o item 2.4.1 do Caderno de Logística da Conta Vinculada-Seges/MP
A95: B | B95: Substituto na cobertura de Ausências Legais | C95: =((2.96)/30)/12 -> 0.0082222222 | D95: =$D$33*C95 -> 52.609067 | E95: = Cálculo: [(2,96/30)/12]*100=0,82 - Acórdão 1753/2008 – Plenário TCU
A96: C | B96: Substituto na cobertura de Licença Paternidade | C96: =((20/30)/12)*1.57%*15.4% -> 0.00013432222 | D96: =$D$33*C96 -> 0.85944731 | E96: '[(20/30)/12] x taxa bruta de natalidade x % de participação masculina no serviço
A97: D | B97: Substituto na cobertura de Ausência por Acidente de Trabalho | C97: =(0.91/30)/12 -> 0.0025277778 | D97: =$D$33*C97 -> 16.173733 | E97: =[(0,91/30)/12]*100=0,25%
A98: E | B98: Substituto na cobertura de Afastamento Maternidade | C98: =((108/30)/12)*1.57%*84.6%*36.8% -> 0.0014663549 | D98: =$D$33*C98 -> 9.3823251 | E98: = [(180/30)/12] x taxa bruta de natalidade x % de mulheres x 36,80%
A99: F | B99: Substituto outras ausências (especificar)
A100: Subtotal | D100: =TRUNC(SUM(D94:D99),2) -> 660.69
A101: G | B101: Incidência dos encargos previstos no submódulo 2.2 sobre o item 4.1 | D101: =D100*C101 -> 0
A102: Total | D102: =TRUNC(SUM(D100:D101),2) -> 660.69
A103: Nota 1: Os itens que contemplam o módulo 4 se referem ao custo dos dias trabalhados pelo repositor/substituto, quando o empregado alocado na prestação de serviço estiver ausente, conforme as previsões estabelecidas na legislação.
A105: 4.2 | B105: Substituto no Intervalo Intrajornada | C105: SIM/NÃO | D105: Valor (R$)
A106: A | B106: Substituto na cobertura de Intervalo para repouso ou alimentação | C106: Não | D106: =IF(C106="SIM",1*26*(D27+D29)/220) -> 0 | E106: = 1 hora de repouso x qtde de dias no mês x (Salário base + Adic periculosidade) / 220 horas
A108: Quadro resumo módulo 4
A109: 4 | B109: Módulo 4 - Custo de Reposição do Profissional Ausente | D109: Valor (R$)
A110: 4.1 | B110: Substituto nas Ausências Legais | D110: =D102 -> 660.69
A111: 4.2 | B111: Substituto na Intrajornada | D111: =D106 -> 0
A112: TOTAL | D112: =TRUNC(SUM(D110:D111),2) -> 660.69
A114: 5 | B114: Módulo 5 - Insumos diversos | C114: R$ | D114: Valor (R$)
A115: A | B115: Uniformes Valor anual: | C115: ='Insumos diversos'!G9 -> 1175.88 | D115: =C115/12 -> 97.99 | E115: = Valor total anual estimado / 12 meses
A116: B | B116: Insumos de uso compartilhado Valor anual: | C116: ='Insumos diversos'!G17 -> 0 | D116: =C116/12/2 -> 0 | E116: = Valor total anual estimado / 12 meses / Qtde de funcionários que compartilharão os insumos
...

Sheet Téc. Enferm. 12x36 Noturno 
A1: PLANILHA DE CUSTO E FORMAÇÃO DE PREÇO - IN 05/2017 (atualizada pela IN 07/2018)
A2: SERVIÇO DE URGÊNCIA E EMERGÊNCIA
A3: Nº do processo:
A4: Nº da Licitação:
A5: Data / hora:
A7: Discriminação dos serviços ( dados referentes à contratação)
A8: A | B8: Data de apresentação da proposta (dia/mês/ano)
A9: B | B9: Município/UF | D9: SÃO JOSÉ DO NORTE/RS
A10: C | B10: Ano do Acordo, Convenção ou Dissídio Coletivo | D10: 2022
A11: D | B11: Nº de meses de execução contratual | D11: 12
A13: Identificação do Serviço
A14: Tipo de Serviço | C14: Unidade de Medida | D14: Qtde total a contratar (em função da unidade de medida)
A15: SERVIÇO DE URGÊNCIA E EMERGÊNCIA | C15: 1 | D15: 1
A17: MÓDULOS DE MÃO DE OBRA VINCULADA À EXECUÇÃO CONTRATUAL
A19: Dados para composição dos custos referentes à mão-de-obra
A20: 1 | B20: Tipo de serviço (mesmo serviço com características distintas) | D20: =RESUMO!B7 -> Téc. Enfremagem 12x36 noturno
A21: 2 | B21: Classificação Brasileira de Ocupações (CBO) | D21: =RESUMO!C7 -> 3222-05
A22: 3 | B22: Salário Nominativo da Categoria Profissional | D22: =(42*3325)/44 -> 3173.8636 | E22: Conforme Lei Federal 14434/2022
A23: 4 | B23: Categoria profissional (vinculada à execução contratual) | D23: Téc. De Enfermagem
A24: 5 | B24: Data base da categoria (dia/mês/ano)
A26: 1 | B26: Módulo 1 - Composição da Remuneração | C26: % | D26: Valor (R$) | E26: SALÁRIO MÍNIMO NACIONAL
A27: A | B27: Salário Base | D27: =D22 -> 3173.8636 | E27: 1621
A28: B | B28: Adicional de Periculosidade | D28: =C28*D27 -> 0 | E28: = Salario base x % de periculosidade
A29: C | B29: Adicional de Insalubridade | C29: 0.4 | D29: =C29*E27 -> 648.4 | E29: = Salario minimo x % de insalubridade
A30: D | B30: Adicional Noturno (22h às 5h) Horas: | C30: 7 | D30: =IF(C30="",0,C30*15.2*((D27+D28)/220)*0.2) -> 306.99917 | E30: = Horas de adicional noturno x qtde de dias no mês x ((salario base + periculosidade)/220 horas) x 20% de adicional
A31: E | B31: Adicional de Hora Noturna Reduzida Horas: | C31: =IF(C30=8,"",IF(C30=7,1,"")) -> 1 | D31: =IF(C31<>1,0,1*15.2*(D27+D28)/220*0.2) -> 43.857025 | E31: = 1 hora noturna reduzida x qtde de dias no mês x ((salario base + periculosidade)/220 horas) x 20% de adicional (Somente se for considerado 7 horas de adicional noturno)
A32: F | B32: Gratificação de Função (RT) | D32: 0
A33: Total da Remuneração | D33: =TRUNC(SUM(D27:D32),2) -> 4173.11
A34: Nota 1: O Módulo 1 refere-se ao valor mensal devido ao empregado pela prestação do serviço no período de 12 meses.
A36: Módulo 2: Encargos e Benefícios Anuais, Mensais e Diários
A38: 2.1 | B38: 13º Salário, Férias e Adicional de Férias | C38: % | D38: Valor (R$)
A39: A | B39: 13 (Décimo-terceiro) salário | C39: =1/12 -> 0.083333333 | D39: =$D$33*C39 -> 347.75917 | E39: [(1/12) x 100] = 1 Remuneração/12
A40: B | B40: Adicional de Férias | C40: =(5/55)/3 -> 0.03030303 | D40: =$D$33*C40 -> 126.45788
A41: Subtotal | D41: =SUM(D39:D40) -> 474.21705
A42: C | B42: Incidência dos encargos previstos no submódulo 2.2 sobre o item 2.1 | C42: =C58 -> 0.408 | D42: =D41*C42 -> 193.48055 | E42: = Percentual total do submódulo 2.2
A43: Total | D43: =TRUNC(SUM(D41:D42),2) -> 667.69
A44: Nota 1: Como a planilha de custos e formação de preços é calculada mensalmente, provisiona-se proporcionalmente 1/12 (um doze avos) dos valores referentes a gratificação natalina, férias e adicional de férias. (Redação dada pela Instrução Normativa nº 7, de 2018)
A45: Nota 2: O adicional de férias contido no Submódulo 2.1 corresponde a 1/3 (um terço) da remuneração que por sua vez é divido por 12 (doze) conforme Nota 1 acima.
A46: Nota 3: Levando em consideração a vigência contratual prevista no art. 57 da Lei nº 8.666, de 23 de junho de 1993, a rubrica férias tem como objetivo principal suprir a necessidade do pagamento das férias remuneradas ao final do contrato de 12 meses. Esta rubrica, quando da prorrogação contratual, torna-se custo não renovável. (Incluído pela Instrução Normativa nº 7, de 2018)
A48: 2.2 | B48: Encargos Previdenciário (GPS), Fundo de garantia por tempo de Serviço ( FGTS) e outras Contribuições | C48: % | D48: Valor (R$)
A49: A | B49: INSS | C49: 0.2 | D49: =$D$33*C49 -> 834.622
A50: B | B50: Salário Educação | C50: 0.025 | D50: =$D$33*C50 -> 104.32775
A51: C | B51: GILL/RAT (Rat Ajustado) - (RAT 3% x FAP 2) | C51: 0.06 | D51: =$D$33*C51 -> 250.3866
A52: D | B52: SESC ou SESI | C52: 0.015 | D52: =$D$33*C52 -> 62.59665
A53: E | B53: SENAI - SENAC | C53: 0.01 | D53: =$D$33*C53 -> 41.7311
A54: F | B54: SEBRAE | C54: 0.006 | D54: =$D$33*C54 -> 25.03866
A55: G | B55: INCRA | C55: 0.002 | D55: =$D$33*C55 -> 8.34622
A56: H | B56: FGTS | C56: 0.08 | D56: =$D$33*C56 -> 333.8488
A57: I | B57: PIS | C57: 0.01 | D57: =$D$33*C57 -> 41.7311
A58: Total | C58: =SUM(C49:C57) -> 0.408 | D58: =TRUNC(SUM(D49:D57),2) -> 1702.62
A59: Nota 1: Os percentuais dos encargos previdenciaários, do FGTS e demais contribuições são aqueles estabelecidos pela legislação vigente.
A60: Nota 2: O SAT a depender do grau de risco do serviço irá variar entre 1%, para risco leve, de 2%, para risco médio, e de 3% de risco grave.
A61: Nota 3: Esses percentuais incidem sobre o Módulo 1, o Submódulo 2.1.
A63: 2.3 | B63: Benefícios Mensais e Diários | C63: R$ | D63: Valor (R$)
A64: A | B64: Transporte | C64: 6.5 | D64: =IF((C64*2*23)-(0.06*D27)<0,0,(C64*2*23)-(0.06*D27)) -> 108.56818 | E64: = (Valor do vale x qtde recebida por dia x qtde. de dias no mês) - (6% x Salário base)
A65: B | B65: Auxílio-Refeição/Alimentação | C65: 13.043478 | D65: =C65*23*(100%-0%) -> 300 | E65: = Valor do VA x qtde de dias no mês x % por conta da empresa
A66: D | B66: PBSF - Plano de Benefício Social Familiar
A67: Total | D67: =TRUNC(SUM(D64:D66),2) -> 408.56
A68: Nota 1: O valor informado deverá ser o custo real do benefício (descontado o valor eventualmente pago pelo empregado).
A69: Nota 2: Observar a previsão dos benefícios contidos em Acordos, Convenções e Dissídios Coletivos de Trabalho e atentar-se ao disposto no art. 6º desta Instrução Normativa.
A71: 2.4 | B71: Intervalo Intrajornada Indenizada do Titular do Posto | C71: SIM/NÃO | D71: Valor (R$)
A72: A | B72: Provisão de intrajornada indenizada ao titular do posto | C72: Sim | D72: =IF(C72="SIM",(0.5*15.58*(D27+D28+D30+D31)/187)*1.5,0) -> 220.24787 | E72: = (Meia hora x Qtde de dias no mês x (Salário base + adic. De periculosidade + Adic noturno)/quantidade de horas mês) x valor da hora acrescida de 50%)
A74: Quadro resumo módulo 2
A75: 2 | B75: Módulo 2 - Encargos, Benefícios Anuais, Mensais e Diários | D75: Valor (R$)
A76: 2.1 | B76: 13º Salário, Férias e Adicional de Férias | D76: =D43 -> 667.69
A77: 2.2 | B77: GPS, FGTS e Outras Contribuições | D77: =D58 -> 1702.62
A78: 2.3 | B78: Benefícios Mensais e Diários | D78: =D67 -> 408.56
A79: 2.4 | B79: Intervalo Intrajornada Indenizada do Titular do Posto | D79: =D72 -> 220.24787
A80: TOTAL | D80: =TRUNC(SUM(D76:D79),2) -> 2999.11
A82: 3 | B82: Módulo 3 - Provisão para rescisão | C82: % | D82: Valor (R$)
A83: A | B83: Aviso Prévio Indenizado | C83: =((1+12.1%+8.33%)/12)*5% -> 0.0050179167 | D83: =$D$33*C83 -> 20.940318 | E83: = ((1 remuneração + Férias e adicional de férias + 13º salário)/ 12 meses) x probabilidade de ocorrência
A84: B | B84: Incidência do FGTS sobre Aviso Prévio Indenizado | C84: =8%*C83 -> 0.00040143333 | D84: =$D$33*C84 -> 1.6752255 | E84: = 8% de FGTS x Aviso prédio indenizado
A85: C | B85: Multa do FGTS (e contribuições sociais) sobre o Aviso Prévio Indenizado | C85: =40%*C84 -> 0.00016057333 | D85: =$D$33*C85 -> 0.67009018 | E85: = 40% de multa do FGTS sobre aviso prévio indenizado
A86: D | B86: Aviso Prévio Trabalhado | C86: =(7/360) -> 0.019444444 | D86: =$D$33*C86 -> 81.143806 | E86: = 7 dias de aviso / qtde de dias no ano
A87: E | B87: Incidência de GPS, FGTS e outras contribuições sobre o Aviso Prévio Trabalhado | C87: =C86*C58 -> 0.0079333333 | D87: =$D$33*C87 -> 33.106673 | E87: = % total do submódulo 2.2 x Aviso prévio trabalhado
A88: F | B88: Multa do FGTS (e contribuições sociais) sobre o Aviso Prévio Trabalhado | C88: =4%-C85 -> 0.039839427 | D88: =$D$33*C88 -> 166.25431 | E88: = O que falta para dar 4% após o cálculo do % da multa do FGTS sobre Aviso prévio indenizado
A89: Total | D89: =TRUNC(SUM(D83:D88),2) -> 303.79
A90: OBS.: A contribuição social foi extinta pela Lei 13.932/2019.
A92: Módulo 4 - Custo de reposição do profissional ausente
A93: 4.1 | B93: Substituto nas Ausências Legais | C93: % | D93: Valor (R$)
A94: A | B94: Substituto na cobertura de Férias | C94: 0 | D94: =$D$33*C94 -> 0 | E94: =[(5/55) x 100] = 9,09% - art. 18, §§ 1º, I, e 4º c/c os itens 1.2, “a”, do Anexo VII-B e 14 do Anexo XII, da IN Seges/MP 5/2017, e o item 2.4.1 do Caderno de Logística da Conta Vinculada-Seges/MP
A95: B | B95: Substituto na cobertura de Ausências Legais | C95: =2.96/360 -> 0.0082222222 | D95: =$D$33*C95 -> 34.312238 | E95: = Cálculo: [(2,96/30)/12]*100=0,82 - Acórdão 1753/2008 – Plenário TCU
A96: C | B96: Substituto na cobertura de Licença Paternidade | C96: =((20/30)/12)*1.57%*15.4% -> 0.00013432222 | D96: =$D$33*C96 -> 0.56054141 | E96: '[(20/30)/12] x taxa bruta de natalidade x % de participação masculina no serviço
A97: D | B97: Substituto na cobertura de Ausência por Acidente de Trabalho | C97: =(0.91/30)/12 -> 0.0025277778 | D97: =$D$33*C97 -> 10.548695 | E97: =[(0,91/30)/12]*100=0,25%
A98: E | B98: Substituto na cobertura de Afastamento Maternidade | C98: =((108/30)/12)*1.57%*84.6%*36.8% -> 0.0014663549 | D98: =$D$33*C98 -> 6.1192602 | E98: '= [(180/30)/12] x taxa bruta de natalidade x % de mulheres x 36,80%
A99: F | B99: Substituto outras ausências (especificar) | D99: =$D$33*C99 -> 0
A100: Subtotal | D100: =TRUNC(SUM(D94:D99),2) -> 51.54
A101: G | B101: Incidência dos encargos previstos no submódulo 2.2 sobre o item 4.1 | D101: =D100*C101 -> 0
A102: Total | D102: =TRUNC(SUM(D100:D101),2) -> 51.54
A103: Nota 1: Os itens que contemplam o módulo 4 se referem ao custo dos dias trabalhados pelo repositor/substituto, quando o empregado alocado na prestação de serviço estiver ausente, conforme as previsões estabelecidas na legislação.
A105: 4.2 | B105: Substituto no Intervalo Intrajornada | C105: SIM/NÃO | D105: Valor (R$)
A106: A | B106: Substituto na cobertura de Intervalo para repouso ou alimentação | C106: Não | D106: =IF(C106="SIM",1*15.58*(D27+D29)/187,0) -> 0 | E106: = 1 hora de repouso x qtde de dias no mês x (Salário base + Adic periculosidade) / Quantidade Horas Mês
A108: Quadro resumo módulo 4
A109: 4 | B109: Módulo 4 - Custo de Reposição do Profissional Ausente | D109: Valor (R$)
A110: 4.1 | B110: Substituto nas Ausências Legais | D110: =D102 -> 51.54
A111: 4.2 | B111: Substituto na Intrajornada | D111: =D106 -> 0
A112: TOTAL | D112: =TRUNC(SUM(D110:D111),2) -> 51.54
A114: 5 | B114: Módulo 5 - Insumos diversos | C114: R$ | D114: Valor (R$)
A115: A | B115: Uniformes Valor anual: | C115: ='Insumos diversos'!G9 -> 1175.88 | D115: =C115/12 -> 97.99 | E115: = Valor total anual estimado / 12 meses
A116: B | B116: Insumos de uso compartilhado Valor anual: | C116: ='Insumos diversos'!G17 -> 0 | D116: =C116/12/2 -> 0 | E116: = Valor total anual estimado / 12 meses / Qtde de funcionários que compartilharão os insumos
...

Sheet Téc. Enferm. 12x36 Diurno 
A1: PLANILHA DE CUSTO E FORMAÇÃO DE PREÇO - IN 05/2017 (atualizada pela IN 07/2018)
A2: SERVIÇO DE URGÊNCIA E EMERGÊNCIA
A3: Nº do processo:
A4: Nº da Licitação:
A5: Data / hora:
A7: Discriminação dos serviços ( dados referentes à contratação)
A8: A | B8: Data de apresentação da proposta (dia/mês/ano)
A9: B | B9: Município/UF | D9: SÃOJOSÉ DO NORTE/RS
A10: C | B10: Ano do Acordo, Convenção ou Dissídio Coletivo | D10: 2022
A11: D | B11: Nº de meses de execução contratual | D11: 12
A13: Identificação do Serviço
A14: Tipo de Serviço | C14: Unidade de Medida | D14: Qtde total a contratar (em função da unidade de medida)
A15: SERVIÇO DE URGÊNCIA E EMERGÊNCIA | C15: 1 | D15: 1
A17: MÓDULOS DE MÃO DE OBRA VINCULADA À EXECUÇÃO CONTRATUAL
A19: Dados para composição dos custos referentes à mão-de-obra
A20: 1 | B20: Tipo de serviço (mesmo serviço com características distintas) | D20: =RESUMO!B8 -> Téc. Enfremagem 12x36 diurno
A21: 2 | B21: Classificação Brasileira de Ocupações (CBO) | D21: =RESUMO!C7 -> 3222-05
A22: 3 | B22: Salário Nominativo da Categoria Profissional | D22: =(42*3325)/44 -> 3173.8636 | E22: Conforme Lei Federal 14434/2022
A23: 4 | B23: Categoria profissional (vinculada à execução contratual) | D23: Téc. De Enfermagem
A24: 5 | B24: Data base da categoria (dia/mês/ano)
A26: 1 | B26: Módulo 1 - Composição da Remuneração | C26: % | D26: Valor (R$) | E26: SALÁRIO MÍNIMO NACIONAL
A27: A | B27: Salário Base | D27: =D22 -> 3173.8636 | E27: 1621
A28: B | B28: Adicional de Periculosidade | D28: =C28*D27 -> 0 | E28: = Salario base x % de periculosidade
A29: C | B29: Adicional de Insalubridade | C29: 0.4 | D29: =C29*E27 -> 648.4 | E29: = Salario minimo x % de insalubridade
A30: D | B30: Adicional Noturno (22h às 5h) Horas: | C30: 0 | D30: =IF(C30="",0,C30*15.2*((D27+D28)/220)*0.2) -> 0 | E30: = Horas de adicional noturno x qtde de dias no mês x ((salario base + periculosidade)/220 horas) x 20% de adicional
A31: E | B31: Adicional de Hora Noturna Reduzida Horas: | C31: =IF(C30=8,"",IF(C30=7,1,"")) | D31: =IF(C31<>1,0,1*15.2*(D27+D28)/220*0.2) -> 0 | E31: = 1 hora noturna reduzida x qtde de dias no mês x ((salario base + periculosidade)/220 horas) x 20% de adicional (Somente se for considerado 7 horas de adicional noturno)
A32: F | B32: Gratificação de Função (RT) | D32: 0
A33: Total da Remuneração | D33: =TRUNC(SUM(D27:D32),2) -> 3822.26
A34: Nota 1: O Módulo 1 refere-se ao valor mensal devido ao empregado pela prestação do serviço no período de 12 meses.
A36: Módulo 2: Encargos e Benefícios Anuais, Mensais e Diários
A38: 2.1 | B38: 13º Salário, Férias e Adicional de Férias | C38: % | D38: Valor (R$)
A39: A | B39: 13 (Décimo-terceiro) salário | C39: =1/12 -> 0.083333333 | D39: =$D$33*C39 -> 318.52167 | E39: [(1/12) x 100] = 1 Remuneração/12
A40: B | B40: Adicional de Férias | C40: =(5/55)/3 -> 0.03030303 | D40: =$D$33*C40 -> 115.82606
A41: Subtotal | D41: =SUM(D39:D40) -> 434.34773
A42: C | B42: Incidência dos encargos previstos no submódulo 2.2 sobre o item 2.1 | C42: =C58 -> 0.408 | D42: =D41*C42 -> 177.21387 | E42: = Percentual total do submódulo 2.2
A43: Total | D43: =TRUNC(SUM(D41:D42),2) -> 611.56
A44: Nota 1: Como a planilha de custos e formação de preços é calculada mensalmente, provisiona-se proporcionalmente 1/12 (um doze avos) dos valores referentes a gratificação natalina, férias e adicional de férias. (Redação dada pela Instrução Normativa nº 7, de 2018)
A45: Nota 2: O adicional de férias contido no Submódulo 2.1 corresponde a 1/3 (um terço) da remuneração que por sua vez é divido por 12 (doze) conforme Nota 1 acima.
A46: Nota 3: Levando em consideração a vigência contratual prevista no art. 57 da Lei nº 8.666, de 23 de junho de 1993, a rubrica férias tem como objetivo principal suprir a necessidade do pagamento das férias remuneradas ao final do contrato de 12 meses. Esta rubrica, quando da prorrogação contratual, torna-se custo não renovável. (Incluído pela Instrução Normativa nº 7, de 2018)
A48: 2.2 | B48: Encargos Previdenciário (GPS), Fundo de garantia por tempo de Serviço ( FGTS) e outras Contribuições | C48: % | D48: Valor (R$)
A49: A | B49: INSS | C49: 0.2 | D49: =$D$33*C49 -> 764.452
A50: B | B50: Salário Educação | C50: 0.025 | D50: =$D$33*C50 -> 95.5565
A51: C | B51: GILL/RAT (Rat Ajustado) - (RAT 3% x FAP 2) | C51: 0.06 | D51: =$D$33*C51 -> 229.3356
A52: D | B52: SESC ou SESI | C52: 0.015 | D52: =$D$33*C52 -> 57.3339
A53: E | B53: SENAI - SENAC | C53: 0.01 | D53: =$D$33*C53 -> 38.2226
A54: F | B54: SEBRAE | C54: 0.006 | D54: =$D$33*C54 -> 22.93356
A55: G | B55: INCRA | C55: 0.002 | D55: =$D$33*C55 -> 7.64452
A56: H | B56: FGTS | C56: 0.08 | D56: =$D$33*C56 -> 305.7808
A57: I | B57: PIS | C57: 0.01 | D57: =$D$33*C57 -> 38.2226
A58: Total | C58: =SUM(C49:C57) -> 0.408 | D58: =TRUNC(SUM(D49:D57),2) -> 1559.48
A59: Nota 1: Os percentuais dos encargos previdenciaários, do FGTS e demais contribuições são aqueles estabelecidos pela legislação vigente.
A60: Nota 2: O SAT a depender do grau de risco do serviço irá variar entre 1%, para risco leve, de 2%, para risco médio, e de 3% de risco grave.
A61: Nota 3: Esses percentuais incidem sobre o Módulo 1, o Submódulo 2.1.
A63: 2.3 | B63: Benefícios Mensais e Diários | C63: R$ | D63: Valor (R$)
A64: A | B64: Transporte | C64: 6.5 | D64: =IF((C64*2*23)-(0.06*D27)<0,0,(C64*2*23)-(0.06*D27)) -> 108.56818 | E64: = (Valor do vale x qtde recebida por dia x qtde. de dias no mês) - (6% x Salário base)
A65: B | B65: Auxílio-Refeição/Alimentação | C65: 13.043478 | D65: =C65*23*(100%-0%) -> 300 | E65: = Valor do VA x qtde de dias no mês x % por conta da empresa
A66: D | B66: PBSF - Plano de Benefício Social Familiar
A67: Total | D67: =TRUNC(SUM(D64:D66),2) -> 408.56
A68: Nota 1: O valor informado deverá ser o custo real do benefício (descontado o valor eventualmente pago pelo empregado).
A69: Nota 2: Observar a previsão dos benefícios contidos em Acordos, Convenções e Dissídios Coletivos de Trabalho e atentar-se ao disposto no art. 6º desta Instrução Normativa.
A71: 2.4 | B71: Intervalo Intrajornada Indenizada do Titular do Posto | C71: SIM/NÃO | D71: Valor (R$)
A72: A | B72: Provisão de intrajornada indenizada ao titular do posto | D72: =IF(C72="SIM",(0.5*15.58*(D27+D28+D30+D31)/187)*1.5,0) -> 0 | E72: = (Meia hora x Qtde de dias no mês x (Salário base + adic. De periculosidade + Adic noturno)/quandidade de horas mês) x valor da hora acrescida de 50%)
A74: Quadro resumo módulo 2
A75: 2 | B75: Módulo 2 - Encargos, Benefícios Anuais, Mensais e Diários | D75: Valor (R$)
A76: 2.1 | B76: 13º Salário, Férias e Adicional de Férias | D76: =D43 -> 611.56
A77: 2.2 | B77: GPS, FGTS e Outras Contribuições | D77: =D58 -> 1559.48
A78: 2.3 | B78: Benefícios Mensais e Diários | D78: =D67 -> 408.56
A79: 2.4 | B79: Intervalo Intrajornada Indenizada do Titular do Posto | D79: =D72 -> 0
A80: TOTAL | D80: =TRUNC(SUM(D76:D79),2) -> 2579.6
A82: 3 | B82: Módulo 3 - Provisão para rescisão | C82: % | D82: Valor (R$)
A83: A | B83: Aviso Prévio Indenizado | C83: =((1+12.1%+8.33%)/12)*5% -> 0.0050179167 | D83: =$D$33*C83 -> 19.179782 | E83: = ((1 remuneração + Férias e adicional de férias + 13º salário)/ 12 meses) x probabilidade de ocorrência
A84: B | B84: Incidência do FGTS sobre Aviso Prévio Indenizado | C84: =8%*C83 -> 0.00040143333 | D84: =$D$33*C84 -> 1.5343826 | E84: = 8% de FGTS x Aviso prédio indenizado
A85: C | B85: Multa do FGTS (e contribuições sociais) sobre o Aviso Prévio Indenizado | C85: =40%*C84 -> 0.00016057333 | D85: =$D$33*C85 -> 0.61375303 | E85: = 40% de multa do FGTS sobre aviso prévio indenizado
A86: D | B86: Aviso Prévio Trabalhado | C86: =(7/360) -> 0.019444444 | D86: =$D$33*C86 -> 74.321722 | E86: = 7 dias de aviso / qtde de dias no ano
A87: E | B87: Incidência de GPS, FGTS e outras contribuições sobre o Aviso Prévio Trabalhado | C87: =C86*C58 -> 0.0079333333 | D87: =$D$33*C87 -> 30.323263 | E87: = % total do submódulo 2.2 x Aviso prévio trabalhado
A88: F | B88: Multa do FGTS (e contribuições sociais) sobre o Aviso Prévio Trabalhado | C88: =4%-C85 -> 0.039839427 | D88: =$D$33*C88 -> 152.27665 | E88: = O que falta para dar 4% após o cálculo do % da multa do FGTS sobre Aviso prévio indenizado
A89: Total | D89: =TRUNC(SUM(D83:D88),2) -> 278.24
A90: OBS.: A contribuição social foi extinta pela Lei 13.932/2019.
A92: Módulo 4 - Custo de reposição do profissional ausente
A93: 4.1 | B93: Substituto nas Ausências Legais | C93: % | D93: Valor (R$)
A94: A | B94: Substituto na cobertura de Férias | C94: 0 | D94: =$D$33*C94 -> 0 | E94: =[(5/55) x 100] = 9,09% - art. 18, §§ 1º, I, e 4º c/c os itens 1.2, “a”, do Anexo VII-B e 14 do Anexo XII, da IN Seges/MP 5/2017, e o item 2.4.1 do Caderno de Logística da Conta Vinculada-Seges/MP
A95: B | B95: Substituto na cobertura de Ausências Legais | C95: =(2.96/30)/12 -> 0.0082222222 | D95: =$D$33*C95 -> 31.427471 | E95: = Cálculo: [(2,96/30)/12]*100=0,82 - Acórdão 1753/2008 – Plenário TCU
A96: C | B96: Substituto na cobertura de Licença Paternidade | C96: =((20/30)/12)*1.57%*15.4% -> 0.00013432222 | D96: =$D$33*C96 -> 0.51341446 | E96: [(20/30)/12] x taxa bruta de natalidade x % de participação masculina no serviço
A97: D | B97: Substituto na cobertura de Ausência por Acidente de Trabalho | C97: =(0.91/12)/12 -> 0.0063194444 | D97: =$D$33*C97 -> 24.15456 | E97: =[(0,91/30)/12]*100=0,25%
A98: E | B98: Substituto na cobertura de Afastamento Maternidade | C98: =((108/30)/12)*1.57%*84.6%*36.8% -> 0.0014663549 | D98: =$D$33*C98 -> 5.6047896 | E98: = [(180/30)/12] x taxa bruta de natalidade x % de mulheres x 36,80%
A99: F | B99: Substituto outras ausências (especificar) | D99: =$D$33*C99 -> 0
A100: Subtotal | D100: =TRUNC(SUM(D94:D99),2) -> 61.7
A101: G | B101: Incidência dos encargos previstos no submódulo 2.2 sobre o item 4.1 | D101: =D100*C101 -> 0
A102: Total | D102: =TRUNC(SUM(D100:D101),2) -> 61.7
A103: Nota 1: Os itens que contemplam o módulo 4 se referem ao custo dos dias trabalhados pelo repositor/substituto, quando o empregado alocado na prestação de serviço estiver ausente, conforme as previsões estabelecidas na legislação.
A105: 4.2 | B105: Substituto no Intervalo Intrajornada | C105: SIM/NÃO | D105: Valor (R$)
A106: A | B106: Substituto na cobertura de Intervalo para repouso ou alimentação | C106: SIM | D106: =IF(C106="SIM",1*15.58*(D27+D29)/187) -> 318.45384 | E106: = 1 hora de repouso x qtde de dias no mês x (Salário base + Adic periculosidade) / Quantidade Horas Mês
A108: Quadro resumo módulo 4
A109: 4 | B109: Módulo 4 - Custo de Reposição do Profissional Ausente | D109: Valor (R$)
A110: 4.1 | B110: Substituto nas Ausências Legais | D110: =D102 -> 61.7
A111: 4.2 | B111: Substituto na Intrajornada | D111: =D106 -> 318.45384
A112: TOTAL | D112: =TRUNC(SUM(D110:D111),2) -> 380.15
A114: 5 | B114: Módulo 5 - Insumos diversos | C114: R$ | D114: Valor (R$)
A115: A | B115: Uniformes Valor anual: | C115: ='Insumos diversos'!G9 -> 1175.88 | D115: =C115/12 -> 97.99 | E115: = Valor total anual estimado / 12 meses
A116: B | B116: Insumos de uso compartilhado Valor anual: | C116: ='Insumos diversos'!G17 -> 0 | D116: =C116/12/2 -> 0 | E116: = Valor total anual estimado / 12 meses / Qtde de funcionários que compartilharão os insumos
...

Sheet Tec. Enferm.(folguista) Noturno
A1: PLANILHA DE CUSTO E FORMAÇÃO DE PREÇO - IN 05/2017 (atualizada pela IN 07/2018)
A2: SERVIÇO DE URGÊNCIA E EMERGÊNCIA
A3: Nº do processo:
A4: Nº da Licitação:
A5: Data / hora:
A7: Discriminação dos serviços ( dados referentes à contratação)
A8: A | B8: Data de apresentação da proposta (dia/mês/ano)
A9: B | B9: Município/UF | D9: SÃO JOSÉ DO NORTE/RS
A10: C | B10: Ano do Acordo, Convenção ou Dissídio Coletivo | D10: 2022
A11: D | B11: Nº de meses de execução contratual | D11: 12
A13: Identificação do Serviço
A14: Tipo de Serviço | C14: Unidade de Medida | D14: Qtde total a contratar (em função da unidade de medida)
A15: SERVIÇO DE URGÊNCIA E EMERGÊNCIA | C15: 1 | D15: 1
A17: MÓDULOS DE MÃO DE OBRA VINCULADA À EXECUÇÃO CONTRATUAL
A19: Dados para composição dos custos referentes à mão-de-obra
A20: 1 | B20: Tipo de serviço (mesmo serviço com características distintas) | D20: =RESUMO!B7 -> Téc. Enfremagem 12x36 noturno
A21: 2 | B21: Classificação Brasileira de Ocupações (CBO) | D21: =RESUMO!C7 -> 3222-05
A22: 3 | B22: Salário Nominativo da Categoria Profissional | D22: =(42*3325)/44 -> 3173.8636 | E22: Conforme Lei Federal 14434/2022
A23: 4 | B23: Categoria profissional (vinculada à execução contratual) | D23: Téc. De Enfermagem
A24: 5 | B24: Data base da categoria (dia/mês/ano) | D24: 2024/2025
A26: 1 | B26: Módulo 1 - Composição da Remuneração | C26: % | D26: Valor (R$) | E26: SALÁRIO MÍNIMO NACIONAL
A27: A | B27: Salário Base | D27: =D22 -> 3173.8636 | E27: 1621
A28: B | B28: Adicional de Periculosidade | D28: =C28*D27 -> 0 | E28: = Salario base x % de periculosidade
A29: C | B29: Adicional de Insalubridade | C29: 0.4 | D29: =C29*E27 -> 648.4 | E29: = Salario minimo x % de insalubridade
A30: D | B30: Adicional Noturno (22h às 5h) Horas: | C30: 7 | D30: =IF(C30="",0,C30*15.2*((D27+D28)/220)*0.2) -> 306.99917 | E30: = Horas de adicional noturno x qtde de dias no mês x ((salario base + periculosidade)/220 horas) x 20% de adicional
A31: E | B31: Adicional de Hora Noturna Reduzida Horas: | C31: =IF(C30=8,"",IF(C30=7,1,"")) -> 1 | D31: =IF(C31<>1,0,1*15.2*(D27+D28)/220*0.2) -> 43.857025 | E31: = 1 hora noturna reduzida x qtde de dias no mês x ((salario base + periculosidade)/220 horas) x 20% de adicional (Somente se for considerado 7 horas de adicional noturno)
A32: F | B32: Gratificaçã de Função (RT) | D32: 0
A33: Total da Remuneração | D33: =TRUNC(SUM(D27:D32),2) -> 4173.11
A34: Nota 1: O Módulo 1 refere-se ao valor mensal devido ao empregado pela prestação do serviço no período de 12 meses.
A36: Módulo 2: Encargos e Benefícios Anuais, Mensais e Diários
A38: 2.1 | B38: 13º Salário, Férias e Adicional de Férias | C38: % | D38: Valor (R$)
A39: A | B39: 13 (Décimo-terceiro) salário | C39: =1/12 -> 0.083333333 | D39: =$D$33*C39 -> 347.75917 | E39: [(1/12) x 100] = 1 Remuneração/12
A40: B | B40: Adicional de Férias | C40: =(5/55)/3 -> 0.03030303 | D40: =$D$33*C40 -> 126.45788
A41: Subtotal | D41: =SUM(D39:D40) -> 474.21705
A42: C | B42: Incidência dos encargos previstos no submódulo 2.2 sobre o item 2.1 | C42: =C58 -> 0.408 | D42: =D41*C42 -> 193.48055 | E42: = Percentual total do submódulo 2.2
A43: Total | D43: =TRUNC(SUM(D41:D42),2) -> 667.69
A44: Nota 1: Como a planilha de custos e formação de preços é calculada mensalmente, provisiona-se proporcionalmente 1/12 (um doze avos) dos valores referentes a gratificação natalina, férias e adicional de férias. (Redação dada pela Instrução Normativa nº 7, de 2018)
A45: Nota 2: O adicional de férias contido no Submódulo 2.1 corresponde a 1/3 (um terço) da remuneração que por sua vez é divido por 12 (doze) conforme Nota 1 acima.
A46: Nota 3: Levando em consideração a vigência contratual prevista no art. 57 da Lei nº 8.666, de 23 de junho de 1993, a rubrica férias tem como objetivo principal suprir a necessidade do pagamento das férias remuneradas ao final do contrato de 12 meses. Esta rubrica, quando da prorrogação contratual, torna-se custo não renovável. (Incluído pela Instrução Normativa nº 7, de 2018)
A48: 2.2 | B48: Encargos Previdenciário (GPS), Fundo de garantia por tempo de Serviço ( FGTS) e outras Contribuições | C48: % | D48: Valor (R$)
A49: A | B49: INSS | C49: 0.2 | D49: =$D$33*C49 -> 834.622
A50: B | B50: Salário Educação | C50: 0.025 | D50: =$D$33*C50 -> 104.32775
A51: C | B51: GILL/RAT (Rat Ajustado) - (RAT 3% x FAP 2) | C51: 0.06 | D51: =$D$33*C51 -> 250.3866
A52: D | B52: SESC ou SESI | C52: 0.015 | D52: =$D$33*C52 -> 62.59665
A53: E | B53: SENAI - SENAC | C53: 0.01 | D53: =$D$33*C53 -> 41.7311
A54: F | B54: SEBRAE | C54: 0.006 | D54: =$D$33*C54 -> 25.03866
A55: G | B55: INCRA | C55: 0.002 | D55: =$D$33*C55 -> 8.34622
A56: H | B56: FGTS | C56: 0.08 | D56: =$D$33*C56 -> 333.8488
A57: I | B57: PIS | C57: 0.01 | D57: =$D$33*C57 -> 41.7311
A58: Total | C58: =SUM(C49:C57) -> 0.408 | D58: =TRUNC(SUM(D49:D57),2) -> 1702.62
A59: Nota 1: Os percentuais dos encargos previdenciaários, do FGTS e demais contribuições são aqueles estabelecidos pela legislação vigente.
A60: Nota 2: O SAT a depender do grau de risco do serviço irá variar entre 1%, para risco leve, de 2%, para risco médio, e de 3% de risco grave.
A61: Nota 3: Esses percentuais incidem sobre o Módulo 1, o Submódulo 2.1.
A63: 2.3 | B63: Benefícios Mensais e Diários | C63: R$ | D63: Valor (R$)
A64: A | B64: Transporte | C64: 6.5 | D64: =IF((C64*2*23)-(0.06*D27)<0,0,(C64*2*23)-(0.06*D27)) -> 108.56818 | E64: = (Valor do vale x qtde recebida por dia x qtde. de dias no mês) - (6% x Salário base)
A65: B | B65: Auxílio-Refeição/Alimentação | C65: 13.043478 | D65: =C65*23*(100%-0%) -> 300 | E65: = Valor do VA x qtde de dias no mês x % por conta da empresa
A66: D | B66: PBSF - Plano de Benefício Social Familiar
A67: Total | D67: =TRUNC(SUM(D64:D66),2) -> 408.56
A68: Nota 1: O valor informado deverá ser o custo real do benefício (descontado o valor eventualmente pago pelo empregado).
A69: Nota 2: Observar a previsão dos benefícios contidos em Acordos, Convenções e Dissídios Coletivos de Trabalho e atentar-se ao disposto no art. 6º desta Instrução Normativa.
A71: 2.4 | B71: Intervalo Intrajornada Indenizada do Titular do Posto | C71: SIM/NÃO | D71: Valor (R$)
A72: A | B72: Provisão de intrajornada indenizada ao titular do posto | C72: SIM | D72: =IF(C72="SIM",(0.5*15.58*(D27+D28+D30+D31)/187)*1.5,0) -> 220.24787 | E72: = (Meia hora x Qtde de dias no mês x (Salário base + adic. De periculosidade + Adic noturno)/quandidade de horas mês) x valor da hora acrescida de 50%)
A74: Quadro resumo módulo 2
A75: 2 | B75: Módulo 2 - Encargos, Benefícios Anuais, Mensais e Diários | D75: Valor (R$)
A76: 2.1 | B76: 13º Salário, Férias e Adicional de Férias | D76: =D43 -> 667.69
A77: 2.2 | B77: GPS, FGTS e Outras Contribuições | D77: =D58 -> 1702.62
A78: 2.3 | B78: Benefícios Mensais e Diários | D78: =D67 -> 408.56
A79: 2.4 | B79: Intervalo Intrajornada Indenizada do Titular do Posto | D79: =D72 -> 220.24787
A80: TOTAL | D80: =TRUNC(SUM(D76:D79),2) -> 2999.11
A82: 3 | B82: Módulo 3 - Provisão para rescisão | C82: % | D82: Valor (R$)
A83: A | B83: Aviso Prévio Indenizado | C83: =((1+12.1%+8.33%)/12)*5% -> 0.0050179167 | D83: =$D$33*C83 -> 20.940318 | E83: = ((1 remuneração + Férias e adicional de férias + 13º salário)/ 12 meses) x probabilidade de ocorrência
A84: B | B84: Incidência do FGTS sobre Aviso Prévio Indenizado | C84: =8%*C83 -> 0.00040143333 | D84: =$D$33*C84 -> 1.6752255 | E84: = 8% de FGTS x Aviso prédio indenizado
A85: C | B85: Multa do FGTS (e contribuições sociais) sobre o Aviso Prévio Indenizado | C85: =40%*C84 -> 0.00016057333 | D85: =$D$33*C85 -> 0.67009018 | E85: = 40% de multa do FGTS sobre aviso prévio indenizado
A86: D | B86: Aviso Prévio Trabalhado | C86: =(7/360) -> 0.019444444 | D86: =$D$33*C86 -> 81.143806 | E86: = 7 dias de aviso / qtde de dias no ano
A87: E | B87: Incidência de GPS, FGTS e outras contribuições sobre o Aviso Prévio Trabalhado | C87: =C86*C58 -> 0.0079333333 | D87: =$D$33*C87 -> 33.106673 | E87: = % total do submódulo 2.2 x Aviso prévio trabalhado
A88: F | B88: Multa do FGTS (e contribuições sociais) sobre o Aviso Prévio Trabalhado | C88: =4%-C85 -> 0.039839427 | D88: =$D$33*C88 -> 166.25431 | E88: = O que falta para dar 4% após o cálculo do % da multa do FGTS sobre Aviso prévio indenizado
A89: Total | D89: =TRUNC(SUM(D83:D88),2) -> 303.79
A90: OBS.: A contribuição social foi extinta pela Lei 13.932/2019.
A92: Módulo 4 - Custo de reposição do profissional ausente
A93: 4.1 | B93: Substituto nas Ausências Legais | C93: % | D93: Valor (R$)
A94: A | B94: Substituto na cobertura de Férias | C94: 0 | D94: =$D$33*C94 -> 0 | E94: =[(5/55) x 100] = 9,09% - art. 18, §§ 1º, I, e 4º c/c os itens 1.2, “a”, do Anexo VII-B e 14 do Anexo XII, da IN Seges/MP 5/2017, e o item 2.4.1 do Caderno de Logística da Conta Vinculada-Seges/MP
A95: B | B95: Substituto na cobertura de Ausências Legais | C95: =2.96/360 -> 0.0082222222 | D95: =$D$33*C95 -> 34.312238 | E95: = Cálculo: [(2,96/30)/12]*100=0,82 - Acórdão 1753/2008 – Plenário TCU
A96: C | B96: Substituto na cobertura de Licença Paternidade | C96: =((20/30)/12)*1.57%*15.4% -> 0.00013432222 | D96: =$D$33*C96 -> 0.56054141 | E96: '[(20/30)/12] x taxa bruta de natalidade x % de participação masculina no serviço
A97: D | B97: Substituto na cobertura de Ausência por Acidente de Trabalho | C97: =(0.91/30)/12 -> 0.0025277778 | D97: =$D$33*C97 -> 10.548695 | E97: =[(0,91/30)/12]*100=0,25%
A98: E | B98: Substituto na cobertura de Afastamento Maternidade | C98: =((108/30)/12)*1.57%*84.6%*36.8% -> 0.0014663549 | D98: =$D$33*C98 -> 6.1192602 | E98: '= [(180/30)/12] x taxa bruta de natalidade x % de mulheres x 36,80%
A99: F | B99: Substituto outras ausências (especificar) | D99: =$D$33*C99 -> 0
A100: Subtotal | D100: =TRUNC(SUM(D94:D99),2) -> 51.54
A101: G | B101: Incidência dos encargos previstos no submódulo 2.2 sobre o item 4.1 | D101: =D100*C101 -> 0
A102: Total | D102: =TRUNC(SUM(D100:D101),2) -> 51.54
A103: Nota 1: Os itens que contemplam o módulo 4 se referem ao custo dos dias trabalhados pelo repositor/substituto, quando o empregado alocado na prestação de serviço estiver ausente, conforme as previsões estabelecidas na legislação.
A105: 4.2 | B105: Substituto no Intervalo Intrajornada | C105: SIM/NÃO | D105: Valor (R$)
A106: A | B106: Substituto na cobertura de Intervalo para repouso ou alimentação | C106: Não | D106: =IF(C106="SIM",1*15.58*(D27+D29)/187,0) -> 0 | E106: = 1 hora de repouso x qtde de dias no mês x (Salário base + Adic periculosidade) / Quantidade Horas Mês
A108: Quadro resumo módulo 4
A109: 4 | B109: Módulo 4 - Custo de Reposição do Profissional Ausente | D109: Valor (R$)
A110: 4.1 | B110: Substituto nas Ausências Legais | D110: =D102 -> 51.54
A111: 4.2 | B111: Substituto na Intrajornada | D111: =D106 -> 0
A112: TOTAL | D112: =TRUNC(SUM(D110:D111),2) -> 51.54
A114: 5 | B114: Módulo 5 - Insumos diversos | C114: R$ | D114: Valor (R$)
A115: A | B115: Uniformes Valor anual: | C115: ='Insumos diversos'!G9 -> 1175.88 | D115: =C115/12 -> 97.99 | E115: = Valor total anual estimado / 12 meses
A116: B | B116: Insumos de uso compartilhado Valor anual: | C116: ='Insumos diversos'!G17 -> 0 | D116: =C116/12/2 -> 0 | E116: = Valor total anual estimado / 12 meses / Qtde de funcionários que compartilharão os insumos
...

Sheet Cond. Amb_SAMU. 12x36 Noturno
A1: PLANILHA DE CUSTO E FORMAÇÃO DE PREÇO - IN 05/2017 (atualizada pela IN 07/2018)
A2: SERVIÇO DE URGÊNCIA E EMERGÊNCIA
A3: Nº do processo:
A4: Nº da Licitação:
A5: Data / hora:
A7: Discriminação dos serviços ( dados referentes à contratação)
A8: A | B8: Data de apresentação da proposta (dia/mês/ano)
A9: B | B9: Município/UF | D9: SÃO JOSÉ DO NORTE/RS
A10: C | B10: Ano do Acordo, Convenção ou Dissídio Coletivo
A11: D | B11: Nº de meses de execução contratual | D11: 12
A13: Identificação do Serviço
A14: Tipo de Serviço | C14: Unidade de Medida | D14: Qtde total a contratar (em função da unidade de medida)
A15: SERVIÇO DE URGÊNCIA E EMERGÊNCIA | C15: 1 | D15: 1
A17: MÓDULOS DE MÃO DE OBRA VINCULADA À EXECUÇÃO CONTRATUAL
A19: Dados para composição dos custos referentes à mão-de-obra
A20: 1 | B20: Tipo de serviço (mesmo serviço com características distintas) | D20: =RESUMO!B10 -> Condutor Ambulancia 12x36 noturno
A21: 2 | B21: Classificação Brasileira de Ocupações (CBO) | D21: =RESUMO!C10 -> 7823-20
A22: 3 | B22: Salário Nominativo da Categoria Profissional | D22: 1717.6
A23: 4 | B23: Categoria profissional (vinculada à execução contratual) | D23: Condutor de Ambulancia/SAMU
A24: 5 | B24: Data base da categoria (dia/mês/ano)
A26: 1 | B26: Módulo 1 - Composição da Remuneração | C26: % | D26: Valor (R$) | E26: SALÁRIO MÍNIMO NACIONAL
A27: A | B27: Salário Base | D27: =D22 -> 1717.6 | E27: 1621
A28: B | B28: Adicional de Periculosidade | D28: =C28*D27 -> 0 | E28: = Salario base x % de periculosidade
A29: C | B29: Adicional de Insalubridade | C29: 0.4 | D29: =C29*E27 -> 648.4 | E29: = Salario minimo x % de insalubridade
A30: D | B30: Adicional Noturno (22h às 5h) Horas: | C30: 7 | D30: =IF(C30="",0,C30*15.2*((D27+D28)/220)*0.2) -> 166.13876 | E30: = Horas de adicional noturno x qtde de dias no mês x ((salario base + periculosidade)/220 horas) x 20% de adicional
A31: E | B31: Adicional de Hora Noturna Reduzida Horas: | C31: =IF(C30=8,"",IF(C30=7,1,"")) -> 1 | D31: =IF(C31<>1,0,1*15.2*(D27+D28)/220*0.2) -> 23.734109 | E31: = 1 hora noturna reduzida x qtde de dias no mês x ((salario base + periculosidade)/220 horas) x 20% de adicional (Somente se for considerado 7 horas de adicional noturno)
A32: F | B32: Gratificaçã de Função (RT) | D32: 0
A33: Total da Remuneração | D33: =TRUNC(SUM(D27:D32),2) -> 2555.87
A34: Nota 1: O Módulo 1 refere-se ao valor mensal devido ao empregado pela prestação do serviço no período de 12 meses.
A36: Módulo 2: Encargos e Benefícios Anuais, Mensais e Diários
A38: 2.1 | B38: 13º Salário, Férias e Adicional de Férias | C38: % | D38: Valor (R$)
A39: A | B39: 13 (Décimo-terceiro) salário | C39: =1/12 -> 0.083333333 | D39: =$D$33*C39 -> 212.98917 | E39: [(1/12) x 100] = 1 Remuneração/12
A40: B | B40: Adicional de Férias | C40: =(5/55)/3 -> 0.03030303 | D40: =$D$33*C40 -> 77.450606
A41: Subtotal | D41: =SUM(D39:D40) -> 290.43977
A42: C | B42: Incidência dos encargos previstos no submódulo 2.2 sobre o item 2.1 | C42: =C58 -> 0.408 | D42: =D41*C42 -> 118.49943 | E42: = Percentual total do submódulo 2.2
A43: Total | D43: =TRUNC(SUM(D41:D42),2) -> 408.93
A44: Nota 1: Como a planilha de custos e formação de preços é calculada mensalmente, provisiona-se proporcionalmente 1/12 (um doze avos) dos valores referentes a gratificação natalina, férias e adicional de férias. (Redação dada pela Instrução Normativa nº 7, de 2018)
A45: Nota 2: O adicional de férias contido no Submódulo 2.1 corresponde a 1/3 (um terço) da remuneração que por sua vez é divido por 12 (doze) conforme Nota 1 acima.
A46: Nota 3: Levando em consideração a vigência contratual prevista no art. 57 da Lei nº 8.666, de 23 de junho de 1993, a rubrica férias tem como objetivo principal suprir a necessidade do pagamento das férias remuneradas ao final do contrato de 12 meses. Esta rubrica, quando da prorrogação contratual, torna-se custo não renovável. (Incluído pela Instrução Normativa nº 7, de 2018)
A48: 2.2 | B48: Encargos Previdenciário (GPS), Fundo de garantia por tempo de Serviço ( FGTS) e outras Contribuições | C48: % | D48: Valor (R$)
A49: A | B49: INSS | C49: 0.2 | D49: =$D$33*C49 -> 511.174
A50: B | B50: Salário Educação | C50: 0.025 | D50: =$D$33*C50 -> 63.89675
A51: C | B51: GILL/RAT (Rat Ajustado) - (RAT 3% x FAP 2) | C51: 0.06 | D51: =$D$33*C51 -> 153.3522
A52: D | B52: SESC ou SESI | C52: 0.015 | D52: =$D$33*C52 -> 38.33805
A53: E | B53: SENAI - SENAC | C53: 0.01 | D53: =$D$33*C53 -> 25.5587
A54: F | B54: SEBRAE | C54: 0.006 | D54: =$D$33*C54 -> 15.33522
A55: G | B55: INCRA | C55: 0.002 | D55: =$D$33*C55 -> 5.11174
A56: H | B56: FGTS | C56: 0.08 | D56: =$D$33*C56 -> 204.4696
A57: I | B57: PIS | C57: 0.01 | D57: =$D$33*C57 -> 25.5587
A58: Total | C58: =SUM(C49:C57) -> 0.408 | D58: =TRUNC(SUM(D49:D57),2) -> 1042.79
A59: Nota 1: Os percentuais dos encargos previdenciaários, do FGTS e demais contribuições são aqueles estabelecidos pela legislação vigente.
A60: Nota 2: O SAT a depender do grau de risco do serviço irá variar entre 1%, para risco leve, de 2%, para risco médio, e de 3% de risco grave.
A61: Nota 3: Esses percentuais incidem sobre o Módulo 1, o Submódulo 2.1.
A63: 2.3 | B63: Benefícios Mensais e Diários | C63: R$ | D63: Valor (R$)
A64: A | B64: Transporte | C64: 6.5 | D64: =IF((C64*2*23)-(0.06*D27)<0,0,(C64*2*23)-(0.06*D27)) -> 195.944 | E64: = (Valor do vale x qtde recebida por dia x qtde. de dias no mês) - (6% x Salário base)
A65: B | B65: Auxílio-Refeição/Alimentação | C65: 13.043478 | D65: =C65*23*(100%-0%) -> 300 | E65: = Valor do VA x qtde de dias no mês x % por conta da empresa
A66: D | B66: PBSF - Plano de Benefício Social Familiar
A67: Total | D67: =TRUNC(SUM(D64:D66),2) -> 495.94
A68: Nota 1: O valor informado deverá ser o custo real do benefício (descontado o valor eventualmente pago pelo empregado).
A69: Nota 2: Observar a previsão dos benefícios contidos em Acordos, Convenções e Dissídios Coletivos de Trabalho e atentar-se ao disposto no art. 6º desta Instrução Normativa.
A71: 2.4 | B71: Intervalo Intrajornada Indenizada do Titular do Posto | C71: SIM/NÃO | D71: Valor (R$)
A72: A | B72: Provisão de intrajornada indenizada ao titular do posto | C72: SIM | D72: =IF(C72="SIM",(0.5*15.58*(D27+D28+D30+D31)/187)*1.5,0) -> 119.19155 | E72: = (Meia hora x Qtde de dias no mês x (Salário base + adic. De periculosidade + Adic noturno)/quandidade de horas mês) x valor da hora acrescida de 50%)
A74: Quadro resumo módulo 2
A75: 2 | B75: Módulo 2 - Encargos, Benefícios Anuais, Mensais e Diários | D75: Valor (R$)
A76: 2.1 | B76: 13º Salário, Férias e Adicional de Férias | D76: =D43 -> 408.93
A77: 2.2 | B77: GPS, FGTS e Outras Contribuições | D77: =D58 -> 1042.79
A78: 2.3 | B78: Benefícios Mensais e Diários | D78: =D67 -> 495.94
A79: 2.4 | B79: Intervalo Intrajornada Indenizada do Titular do Posto | D79: =D72 -> 119.19155
A80: TOTAL | D80: =TRUNC(SUM(D76:D79),2) -> 2066.85
A82: 3 | B82: Módulo 3 - Provisão para rescisão | C82: % | D82: Valor (R$)
A83: A | B83: Aviso Prévio Indenizado | C83: =((1+12.1%+8.33%)/12)*5% -> 0.0050179167 | D83: =$D$33*C83 -> 12.825143 | E83: = ((1 remuneração + Férias e adicional de férias + 13º salário)/ 12 meses) x probabilidade de ocorrência
A84: B | B84: Incidência do FGTS sobre Aviso Prévio Indenizado | C84: =8%*C83 -> 0.00040143333 | D84: =$D$33*C84 -> 1.0260114 | E84: = 8% de FGTS x Aviso prédio indenizado
A85: C | B85: Multa do FGTS (e contribuições sociais) sobre o Aviso Prévio Indenizado | C85: =40%*C84 -> 0.00016057333 | D85: =$D$33*C85 -> 0.41040457 | E85: = 40% de multa do FGTS sobre aviso prévio indenizado
A86: D | B86: Aviso Prévio Trabalhado | C86: =(7/360) -> 0.019444444 | D86: =$D$33*C86 -> 49.697472 | E86: = 7 dias de aviso / qtde de dias no ano
A87: E | B87: Incidência de GPS, FGTS e outras contribuições sobre o Aviso Prévio Trabalhado | C87: =C86*C58 -> 0.0079333333 | D87: =$D$33*C87 -> 20.276569 | E87: = % total do submódulo 2.2 x Aviso prévio trabalhado
A88: F | B88: Multa do FGTS (e contribuições sociais) sobre o Aviso Prévio Trabalhado | C88: =4%-C85 -> 0.039839427 | D88: =$D$33*C88 -> 101.8244 | E88: = O que falta para dar 4% após o cálculo do % da multa do FGTS sobre Aviso prévio indenizado
A89: Total | D89: =TRUNC(SUM(D83:D88),2) -> 186.05
A90: OBS.: A contribuição social foi extinta pela Lei 13.932/2019.
A92: Módulo 4 - Custo de reposição do profissional ausente
A93: 4.1 | B93: Substituto nas Ausências Legais | C93: % | D93: Valor (R$)
A94: A | B94: Substituto na cobertura de Férias | C94: 0 | D94: =$D$33*C94 -> 0 | E94: =[(5/55) x 100] = 9,09% - art. 18, §§ 1º, I, e 4º c/c os itens 1.2, “a”, do Anexo VII-B e 14 do Anexo XII, da IN Seges/MP 5/2017, e o item 2.4.1 do Caderno de Logística da Conta Vinculada-Seges/MP
A95: B | B95: Substituto na cobertura de Ausências Legais | C95: =(2.96/30)/12 -> 0.0082222222 | D95: =$D$33*C95 -> 21.014931 | E95: = Cálculo: [(2,96/30)/12]*100=0,82 - Acórdão 1753/2008 – Plenário TCU
A96: C | B96: Substituto na cobertura de Licença Paternidade | C96: =((20/30)/12)*1.57%*99% -> 0.0008635 | D96: =$D$33*C96 -> 2.2069937 | E96: [(20/30)/12] x taxa bruta de natalidade x % de participação masculina no serviço
A97: D | B97: Substituto na cobertura de Ausência por Acidente de Trabalho | C97: =(0.91/30)/12 -> 0.0025277778 | D97: =$D$33*C97 -> 6.4606714 | E97: =[(0,91/30)/12]*100=0,25%
A98: E | B98: Substituto na cobertura de Afastamento Maternidade | C98: =((108/30)/12)*1.57%*1%*36.8% -> 1.73328e-05 | D98: =$D$33*C98 -> 0.044300384 | E98: = [(180/30)/12] x 1,25% x 84,6% x 36,80%=0,12%
A99: F | B99: Substituto outras ausências (especificar) | D99: =$D$33*C99 -> 0
A100: Subtotal | D100: =TRUNC(SUM(D94:D99),2) -> 29.72
A101: G | B101: Incidência dos encargos previstos no submódulo 2.2 sobre o item 4.1 | D101: =D100*C101 -> 0
A102: Total | D102: =TRUNC(SUM(D100:D101),2) -> 29.72
A103: Nota 1: Os itens que contemplam o módulo 4 se referem ao custo dos dias trabalhados pelo repositor/substituto, quando o empregado alocado na prestação de serviço estiver ausente, conforme as previsões estabelecidas na legislação.
A105: 4.2 | B105: Substituto no Intervalo Intrajornada | C105: SIM/NÃO | D105: Valor (R$)
A106: A | B106: Substituto na cobertura de Intervalo para repouso ou alimentação | C106: Não | D106: =IF(C106="SIM",1*15.58*(D27+D29)/187) -> 0 | E106: = 1 hora de repouso x qtde de dias no mês x (Salário base + Adic periculosidade) / Quantidade Horas Mês
A108: Quadro resumo módulo 4
A109: 4 | B109: Módulo 4 - Custo de Reposição do Profissional Ausente | D109: Valor (R$)
A110: 4.1 | B110: Substituto nas Ausências Legais | D110: =D102 -> 29.72
A111: 4.2 | B111: Substituto na Intrajornada | D111: =D106 -> 0
A112: TOTAL | D112: =TRUNC(SUM(D110:D111),2) -> 29.72
A114: 5 | B114: Módulo 5 - Insumos diversos | C114: R$ | D114: Valor (R$)
A115: A | B115: Uniformes Valor anual: | C115: ='Insumos diversos'!G9 -> 1175.88 | D115: =C115/12 -> 97.99 | E115: = Valor total anual estimado / 12 meses
A116: B | B116: Insumos de uso compartilhado Valor anual: | C116: ='Insumos diversos'!G17 -> 0 | D116: =C116/12/2 -> 0 | E116: = Valor total anual estimado / 12 meses / Qtde de funcionários que compartilharão os insumos
...

Sheet Cond. Amb_SAMU. 12x36 Diurno
A1: PLANILHA DE CUSTO E FORMAÇÃO DE PREÇO - IN 05/2017 (atualizada pela IN 07/2018)
A2: SERVIÇO DE URGÊNCIA E EMERGÊNCIA
A3: Nº do processo:
A4: Nº da Licitação:
A5: Data / hora:
A7: Discriminação dos serviços ( dados referentes à contratação)
A8: A | B8: Data de apresentação da proposta (dia/mês/ano)
A9: B | B9: Município/UF | D9: SÃOJOSÉ DO NORTE/RS
A10: C | B10: Ano do Acordo, Convenção ou Dissídio Coletivo
A11: D | B11: Nº de meses de execução contratual | D11: 12
A13: Identificação do Serviço
A14: Tipo de Serviço | C14: Unidade de Medida | D14: Qtde total a contratar (em função da unidade de medida)
A15: SERVIÇO DE URGÊNCIA E EMERGÊNCIA | C15: 1 | D15: 1
A17: MÓDULOS DE MÃO DE OBRA VINCULADA À EXECUÇÃO CONTRATUAL
A19: Dados para composição dos custos referentes à mão-de-obra
A20: 1 | B20: Tipo de serviço (mesmo serviço com características distintas) | D20: =RESUMO!B10 -> Condutor Ambulancia 12x36 noturno
A21: 2 | B21: Classificação Brasileira de Ocupações (CBO) | D21: =RESUMO!C10 -> 7823-20
A22: 3 | B22: Salário Nominativo da Categoria Profissional | D22: 1717.6
A23: 4 | B23: Categoria profissional (vinculada à execução contratual) | D23: Condutor de Ambuncia/SAMU
A24: 5 | B24: Data base da categoria (dia/mês/ano)
A26: 1 | B26: Módulo 1 - Composição da Remuneração | C26: % | D26: Valor (R$) | E26: SALÁRIO MÍNIMO NACIONAL
A27: A | B27: Salário Base | D27: =D22 -> 1717.6 | E27: 1621
A28: B | B28: Adicional de Periculosidade | D28: =C28*D27 -> 0 | E28: = Salario base x % de periculosidade
A29: C | B29: Adicional de Insalubridade | C29: 0.4 | D29: =C29*E27 -> 648.4 | E29: = Salario minimo x % de insalubridade
A30: D | B30: Adicional Noturno (22h às 5h) Horas: | C30: 0 | D30: =IF(C30="",0,C30*15.2*((D27+D28)/220)*0.2) -> 0 | E30: = Horas de adicional noturno x qtde de dias no mês x ((salario base + periculosidade)/220 horas) x 20% de adicional
A31: E | B31: Adicional de Hora Noturna Reduzida Horas: | C31: =IF(C30=8,"",IF(C30=7,1,"")) | D31: =IF(C31<>1,0,1*15.2*(D27+D28)/220*0.2) -> 0 | E31: = 1 hora noturna reduzida x qtde de dias no mês x ((salario base + periculosidade)/220 horas) x 20% de adicional (Somente se for considerado 7 horas de adicional noturno)
A32: F | B32: Gratificaçã de Função (RT) | D32: 0
A33: Total da Remuneração | D33: =TRUNC(SUM(D27:D32),2) -> 2366
A34: Nota 1: O Módulo 1 refere-se ao valor mensal devido ao empregado pela prestação do serviço no período de 12 meses.
A36: Módulo 2: Encargos e Benefícios Anuais, Mensais e Diários
A38: 2.1 | B38: 13º Salário, Férias e Adicional de Férias | C38: % | D38: Valor (R$)
A39: A | B39: 13 (Décimo-terceiro) salário | C39: =1/12 -> 0.083333333 | D39: =$D$33*C39 -> 197.16667 | E39: [(1/12) x 100] = 1 Remuneração/12
A40: B | B40: Adicional de Férias | C40: =(5/55)/3 -> 0.03030303 | D40: =$D$33*C40 -> 71.69697
A41: Subtotal | D41: =SUM(D39:D40) -> 268.86364
A42: C | B42: Incidência dos encargos previstos no submódulo 2.2 sobre o item 2.1 | C42: =C58 -> 0.408 | D42: =D41*C42 -> 109.69636 | E42: = Percentual total do submódulo 2.2
A43: Total | D43: =TRUNC(SUM(D41:D42),2) -> 378.56
A44: Nota 1: Como a planilha de custos e formação de preços é calculada mensalmente, provisiona-se proporcionalmente 1/12 (um doze avos) dos valores referentes a gratificação natalina, férias e adicional de férias. (Redação dada pela Instrução Normativa nº 7, de 2018)
A45: Nota 2: O adicional de férias contido no Submódulo 2.1 corresponde a 1/3 (um terço) da remuneração que por sua vez é divido por 12 (doze) conforme Nota 1 acima.
A46: Nota 3: Levando em consideração a vigência contratual prevista no art. 57 da Lei nº 8.666, de 23 de junho de 1993, a rubrica férias tem como objetivo principal suprir a necessidade do pagamento das férias remuneradas ao final do contrato de 12 meses. Esta rubrica, quando da prorrogação contratual, torna-se custo não renovável. (Incluído pela Instrução Normativa nº 7, de 2018)
A48: 2.2 | B48: Encargos Previdenciário (GPS), Fundo de garantia por tempo de Serviço ( FGTS) e outras Contribuições | C48: % | D48: Valor (R$)
A49: A | B49: INSS | C49: 0.2 | D49: =$D$33*C49 -> 473.2
A50: B | B50: Salário Educação | C50: 0.025 | D50: =$D$33*C50 -> 59.15
A51: C | B51: GILL/RAT (Rat Ajustado) - (RAT 3% x FAP 2) | C51: 0.06 | D51: =$D$33*C51 -> 141.96
A52: D | B52: SESC ou SESI | C52: 0.015 | D52: =$D$33*C52 -> 35.49
A53: E | B53: SENAI - SENAC | C53: 0.01 | D53: =$D$33*C53 -> 23.66
A54: F | B54: SEBRAE | C54: 0.006 | D54: =$D$33*C54 -> 14.196
A55: G | B55: INCRA | C55: 0.002 | D55: =$D$33*C55 -> 4.732
A56: H | B56: FGTS | C56: 0.08 | D56: =$D$33*C56 -> 189.28
A57: I | B57: PIS | C57: 0.01 | D57: =$D$33*C57 -> 23.66
A58: Total | C58: =SUM(C49:C57) -> 0.408 | D58: =TRUNC(SUM(D49:D57),2) -> 965.32
A59: Nota 1: Os percentuais dos encargos previdenciaários, do FGTS e demais contribuições são aqueles estabelecidos pela legislação vigente.
A60: Nota 2: O SAT a depender do grau de risco do serviço irá variar entre 1%, para risco leve, de 2%, para risco médio, e de 3% de risco grave.
A61: Nota 3: Esses percentuais incidem sobre o Módulo 1, o Submódulo 2.1.
A63: 2.3 | B63: Benefícios Mensais e Diários | C63: R$ | D63: Valor (R$)
A64: A | B64: Transporte | C64: 6.5 | D64: =IF((C64*2*23)-(0.06*D27)<0,0,(C64*2*23)-(0.06*D27)) -> 195.944 | E64: = (Valor do vale x qtde recebida por dia x qtde. de dias no mês) - (6% x Salário base)
A65: B | B65: Auxílio-Refeição/Alimentação | C65: 13.043478 | D65: =C65*23*(100%-0%) -> 300 | E65: = Valor do VA x qtde de dias no mês x % por conta da empresa
A66: D | B66: PBSF - Plano de Benefício Social Familiar
A67: Total | D67: =TRUNC(SUM(D64:D66),2) -> 495.94
A68: Nota 1: O valor informado deverá ser o custo real do benefício (descontado o valor eventualmente pago pelo empregado).
A69: Nota 2: Observar a previsão dos benefícios contidos em Acordos, Convenções e Dissídios Coletivos de Trabalho e atentar-se ao disposto no art. 6º desta Instrução Normativa.
A71: 2.4 | B71: Intervalo Intrajornada Indenizada do Titular do Posto | C71: SIM/NÃO | D71: Valor (R$)
A72: A | B72: Provisão de intrajornada indenizada ao titular do posto | D72: =IF(C72="SIM",(0.5*15.58*(D27+D28+D30+D31)/187)*1.5,0) -> 0 | E72: = (Meia hora x Qtde de dias no mês x (Salário base + adic. De periculosidade + Adic noturno)/quandidade de horas mês) x valor da hora acrescida de 50%)
A74: Quadro resumo módulo 2
A75: 2 | B75: Módulo 2 - Encargos, Benefícios Anuais, Mensais e Diários | D75: Valor (R$)
A76: 2.1 | B76: 13º Salário, Férias e Adicional de Férias | D76: =D43 -> 378.56
A77: 2.2 | B77: GPS, FGTS e Outras Contribuições | D77: =D58 -> 965.32
A78: 2.3 | B78: Benefícios Mensais e Diários | D78: =D67 -> 495.94
A79: 2.4 | B79: Intervalo Intrajornada Indenizada do Titular do Posto | D79: =D72 -> 0
A80: TOTAL | D80: =TRUNC(SUM(D76:D79),2) -> 1839.82
A82: 3 | B82: Módulo 3 - Provisão para rescisão | C82: % | D82: Valor (R$)
A83: A | B83: Aviso Prévio Indenizado | C83: =((1+12.1%+8.33%)/12)*5% -> 0.0050179167 | D83: =$D$33*C83 -> 11.872391 | E83: = ((1 remuneração + Férias e adicional de férias + 13º salário)/ 12 meses) x probabilidade de ocorrência
A84: B | B84: Incidência do FGTS sobre Aviso Prévio Indenizado | C84: =8%*C83 -> 0.00040143333 | D84: =$D$33*C84 -> 0.94979127 | E84: = 8% de FGTS x Aviso prédio indenizado
A85: C | B85: Multa do FGTS (e contribuições sociais) sobre o Aviso Prévio Indenizado | C85: =40%*C84 -> 0.00016057333 | D85: =$D$33*C85 -> 0.37991651 | E85: = 40% de multa do FGTS sobre aviso prévio indenizado
A86: D | B86: Aviso Prévio Trabalhado | C86: =(7/360) -> 0.019444444 | D86: =$D$33*C86 -> 46.005556 | E86: = 7 dias de aviso / qtde de dias no ano
A87: E | B87: Incidência de GPS, FGTS e outras contribuições sobre o Aviso Prévio Trabalhado | C87: =C86*C58 -> 0.0079333333 | D87: =$D$33*C87 -> 18.770267 | E87: = % total do submódulo 2.2 x Aviso prévio trabalhado
A88: F | B88: Multa do FGTS (e contribuições sociais) sobre o Aviso Prévio Trabalhado | C88: =4%-C85 -> 0.039839427 | D88: =$D$33*C88 -> 94.260083 | E88: = O que falta para dar 4% após o cálculo do % da multa do FGTS sobre Aviso prévio indenizado
A89: Total | D89: =TRUNC(SUM(D83:D88),2) -> 172.23
A90: OBS.: A contribuição social foi extinta pela Lei 13.932/2019.
A92: Módulo 4 - Custo de reposição do profissional ausente
A93: 4.1 | B93: Substituto nas Ausências Legais | C93: % | D93: Valor (R$)
A94: A | B94: Substituto na cobertura de Férias | C94: 0 | D94: =$D$33*C94 -> 0 | E94: =[(5/55) x 100] = 9,09% - art. 18, §§ 1º, I, e 4º c/c os itens 1.2, “a”, do Anexo VII-B e 14 do Anexo XII, da IN Seges/MP 5/2017, e o item 2.4.1 do Caderno de Logística da Conta Vinculada-Seges/MP
A95: B | B95: Substituto na cobertura de Ausências Legais | C95: =(2.96/30)/12 -> 0.0082222222 | D95: =$D$33*C95 -> 19.453778 | E95: = Cálculo: [(2,96/30)/12]*100=0,82 - Acórdão 1753/2008 – Plenário TCU
A96: C | B96: Substituto na cobertura de Licença Paternidade | C96: =((20/30)/12)*1.57%*99% -> 0.0008635 | D96: =$D$33*C96 -> 2.043041 | E96: [(20/30)/12] x taxa bruta de natalidade x % de participação masculina no serviço
A97: D | B97: Substituto na cobertura de Ausência por Acidente de Trabalho | C97: =(0.91/30)/12 -> 0.0025277778 | D97: =$D$33*C97 -> 5.9807222 | E97: =[(0,91/30)/12]*100=0,25%
A98: E | B98: Substituto na cobertura de Afastamento Maternidade | C98: =((108/30)/12)*1.57%*1%*36.8% -> 1.73328e-05 | D98: =$D$33*C98 -> 0.041009405 | E98: = [(180/30)/12] x taxa bruta de natalidade x % de mulheres x 36,80%
A99: F | B99: Substituto outras ausências (especificar) | D99: =$D$33*C99 -> 0
A100: Subtotal | D100: =TRUNC(SUM(D94:D99),2) -> 27.51
A101: G | B101: Incidência dos encargos previstos no submódulo 2.2 sobre o item 4.1 | D101: =D100*C101 -> 0
A102: Total | D102: =TRUNC(SUM(D100:D101),2) -> 27.51
A103: Nota 1: Os itens que contemplam o módulo 4 se referem ao custo dos dias trabalhados pelo repositor/substituto, quando o empregado alocado na prestação de serviço estiver ausente, conforme as previsões estabelecidas na legislação.
A105: 4.2 | B105: Substituto no Intervalo Intrajornada | C105: SIM/NÃO | D105: Valor (R$)
A106: A | B106: Substituto na cobertura de Intervalo para repouso ou alimentação | C106: SIM | D106: =IF(C106="SIM",1*15.58*(D27+D29)/187) -> 197.12449 | E106: = 1 hora de repouso x qtde de dias no mês x (Salário base + Adic periculosidade) / Quantidade Horas Mês
A108: Quadro resumo módulo 4
A109: 4 | B109: Módulo 4 - Custo de Reposição do Profissional Ausente | D109: Valor (R$)
A110: 4.1 | B110: Substituto nas Ausências Legais | D110: =D102 -> 27.51
A111: 4.2 | B111: Substituto na Intrajornada | D111: =D106 -> 197.12449
A112: TOTAL | D112: =TRUNC(SUM(D110:D111),2) -> 224.63
A114: 5 | B114: Módulo 5 - Insumos diversos | C114: R$ | D114: Valor (R$)
A115: A | B115: Uniformes Valor anual: | C115: ='Insumos diversos'!G9 -> 1175.88 | D115: =C115/12 -> 97.99 | E115: = Valor total anual estimado / 12 meses
A116: B | B116: Insumos de uso compartilhado Valor anual: | C116: ='Insumos diversos'!G17 -> 0 | D116: =C116/12/2 -> 0 | E116: = Valor total anual estimado / 12 meses / Qtde de funcionários que compartilharão os insumos
...

Sheet Cond Amb_SAMU Folguista Noturno
A1: PLANILHA DE CUSTO E FORMAÇÃO DE PREÇO - IN 05/2017 (atualizada pela IN 07/2018)
A2: SERVIÇO DE URGÊNCIA E EMERGÊNCIA
A3: Nº do processo:
A4: Nº da Licitação:
A5: Data / hora:
A7: Discriminação dos serviços ( dados referentes à contratação)
A8: A | B8: Data de apresentação da proposta (dia/mês/ano)
A9: B | B9: Município/UF | D9: SÃOJOSÉ DO NORTE/RS
A10: C | B10: Ano do Acordo, Convenção ou Dissídio Coletivo
A11: D | B11: Nº de meses de execução contratual | D11: 12
A13: Identificação do Serviço
A14: Tipo de Serviço | C14: Unidade de Medida | D14: Qtde total a contratar (em função da unidade de medida)
A15: SERVIÇO DE URGÊNCIA E EMERGÊNCIA | C15: 1 | D15: 1
A17: MÓDULOS DE MÃO DE OBRA VINCULADA À EXECUÇÃO CONTRATUAL
A19: Dados para composição dos custos referentes à mão-de-obra
A20: 1 | B20: Tipo de serviço (mesmo serviço com características distintas) | D20: =RESUMO!B10 -> Condutor Ambulancia 12x36 noturno
A21: 2 | B21: Classificação Brasileira de Ocupações (CBO) | D21: =RESUMO!C10 -> 7823-20
A22: 3 | B22: Salário Nominativo da Categoria Profissional | D22: 1717.6
A23: 4 | B23: Categoria profissional (vinculada à execução contratual) | D23: Condutor de Ambulancia/SAMU
A24: 5 | B24: Data base da categoria (dia/mês/ano)
A26: 1 | B26: Módulo 1 - Composição da Remuneração | C26: % | D26: Valor (R$) | E26: SALÁRIO MÍNIMO NACIONAL
A27: A | B27: Salário Base | D27: =D22 -> 1717.6 | E27: 1621
A28: B | B28: Adicional de Periculosidade | D28: =C28*D27 -> 0 | E28: = Salario base x % de periculosidade
A29: C | B29: Adicional de Insalubridade | C29: 0.4 | D29: =C29*E27 -> 648.4 | E29: = Salario minimo x % de insalubridade
A30: D | B30: Adicional Noturno (22h às 5h) Horas: | C30: 7 | D30: =IF(C30="",0,C30*15.2*((D27+D28)/220)*0.2) -> 166.13876 | E30: = Horas de adicional noturno x qtde de dias no mês x ((salario base + periculosidade)/220 horas) x 20% de adicional
A31: E | B31: Adicional de Hora Noturna Reduzida Horas: | C31: =IF(C30=8,"",IF(C30=7,1,"")) -> 1 | D31: =IF(C31<>1,0,1*15.2*(D27+D28)/220*0.2) -> 23.734109 | E31: = 1 hora noturna reduzida x qtde de dias no mês x ((salario base + periculosidade)/220 horas) x 20% de adicional (Somente se for considerado 7 horas de adicional noturno)
A32: F | B32: Gratificaçã de Função (RT) | D32: 0
A33: Total da Remuneração | D33: =TRUNC(SUM(D27:D32),2) -> 2555.87
A34: Nota 1: O Módulo 1 refere-se ao valor mensal devido ao empregado pela prestação do serviço no período de 12 meses.
A36: Módulo 2: Encargos e Benefícios Anuais, Mensais e Diários
A38: 2.1 | B38: 13º Salário, Férias e Adicional de Férias | C38: % | D38: Valor (R$)
A39: A | B39: 13 (Décimo-terceiro) salário | C39: =1/12 -> 0.083333333 | D39: =$D$33*C39 -> 212.98917 | E39: [(1/12) x 100] = 1 Remuneração/12
A40: B | B40: Adicional de Férias | C40: =(5/55)/3 -> 0.03030303 | D40: =$D$33*C40 -> 77.450606
A41: Subtotal | D41: =SUM(D39:D40) -> 290.43977
A42: C | B42: Incidência dos encargos previstos no submódulo 2.2 sobre o item 2.1 | C42: =C58 -> 0.408 | D42: =D41*C42 -> 118.49943 | E42: = Percentual total do submódulo 2.2
A43: Total | D43: =TRUNC(SUM(D41:D42),2) -> 408.93
A44: Nota 1: Como a planilha de custos e formação de preços é calculada mensalmente, provisiona-se proporcionalmente 1/12 (um doze avos) dos valores referentes a gratificação natalina, férias e adicional de férias. (Redação dada pela Instrução Normativa nº 7, de 2018)
A45: Nota 2: O adicional de férias contido no Submódulo 2.1 corresponde a 1/3 (um terço) da remuneração que por sua vez é divido por 12 (doze) conforme Nota 1 acima.
A46: Nota 3: Levando em consideração a vigência contratual prevista no art. 57 da Lei nº 8.666, de 23 de junho de 1993, a rubrica férias tem como objetivo principal suprir a necessidade do pagamento das férias remuneradas ao final do contrato de 12 meses. Esta rubrica, quando da prorrogação contratual, torna-se custo não renovável. (Incluído pela Instrução Normativa nº 7, de 2018)
A48: 2.2 | B48: Encargos Previdenciário (GPS), Fundo de garantia por tempo de Serviço ( FGTS) e outras Contribuições | C48: % | D48: Valor (R$)
A49: A | B49: INSS | C49: 0.2 | D49: =$D$33*C49 -> 511.174
A50: B | B50: Salário Educação | C50: 0.025 | D50: =$D$33*C50 -> 63.89675
A51: C | B51: GILL/RAT (Rat Ajustado) - (RAT 3% x FAP 2) | C51: 0.06 | D51: =$D$33*C51 -> 153.3522
A52: D | B52: SESC ou SESI | C52: 0.015 | D52: =$D$33*C52 -> 38.33805
A53: E | B53: SENAI - SENAC | C53: 0.01 | D53: =$D$33*C53 -> 25.5587
A54: F | B54: SEBRAE | C54: 0.006 | D54: =$D$33*C54 -> 15.33522
A55: G | B55: INCRA | C55: 0.002 | D55: =$D$33*C55 -> 5.11174
A56: H | B56: FGTS | C56: 0.08 | D56: =$D$33*C56 -> 204.4696
A57: I | B57: PIS | C57: 0.01 | D57: =$D$33*C57 -> 25.5587
A58: Total | C58: =SUM(C49:C57) -> 0.408 | D58: =TRUNC(SUM(D49:D57),2) -> 1042.79
A59: Nota 1: Os percentuais dos encargos previdenciaários, do FGTS e demais contribuições são aqueles estabelecidos pela legislação vigente.
A60: Nota 2: O SAT a depender do grau de risco do serviço irá variar entre 1%, para risco leve, de 2%, para risco médio, e de 3% de risco grave.
A61: Nota 3: Esses percentuais incidem sobre o Módulo 1, o Submódulo 2.1.
A63: 2.3 | B63: Benefícios Mensais e Diários | C63: R$ | D63: Valor (R$)
A64: A | B64: Transporte | C64: 6.5 | D64: =IF((C64*2*23)-(0.06*D27)<0,0,(C64*2*23)-(0.06*D27)) -> 195.944 | E64: = (Valor do vale x qtde recebida por dia x qtde. de dias no mês) - (6% x Salário base)
A65: B | B65: Auxílio-Refeição/Alimentação | C65: 13.043478 | D65: =C65*23*(100%-0%) -> 300 | E65: = Valor do VA x qtde de dias no mês x % por conta da empresa
A66: D | B66: PBSF - Plano de Benefício Social Familiar
A67: Total | D67: =TRUNC(SUM(D64:D66),2) -> 495.94
A68: Nota 1: O valor informado deverá ser o custo real do benefício (descontado o valor eventualmente pago pelo empregado).
A69: Nota 2: Observar a previsão dos benefícios contidos em Acordos, Convenções e Dissídios Coletivos de Trabalho e atentar-se ao disposto no art. 6º desta Instrução Normativa.
A71: 2.4 | B71: Intervalo Intrajornada Indenizada do Titular do Posto | C71: SIM/NÃO | D71: Valor (R$)
A72: A | B72: Provisão de intrajornada indenizada ao titular do posto | C72: SIM | D72: =IF(C72="SIM",(0.5*15.58*(D27+D28+D30+D31)/187)*1.5,0) -> 119.19155 | E72: = (Meia hora x Qtde de dias no mês x (Salário base + adic. De periculosidade + Adic noturno)/quandidade de horas mês) x valor da hora acrescida de 50%)
A74: Quadro resumo módulo 2
A75: 2 | B75: Módulo 2 - Encargos, Benefícios Anuais, Mensais e Diários | D75: Valor (R$)
A76: 2.1 | B76: 13º Salário, Férias e Adicional de Férias | D76: =D43 -> 408.93
A77: 2.2 | B77: GPS, FGTS e Outras Contribuições | D77: =D58 -> 1042.79
A78: 2.3 | B78: Benefícios Mensais e Diários | D78: =D67 -> 495.94
A79: 2.4 | B79: Intervalo Intrajornada Indenizada do Titular do Posto | D79: =D72 -> 119.19155
A80: TOTAL | D80: =TRUNC(SUM(D76:D79),2) -> 2066.85
A82: 3 | B82: Módulo 3 - Provisão para rescisão | C82: % | D82: Valor (R$)
A83: A | B83: Aviso Prévio Indenizado | C83: =((1+12.1%+8.33%)/12)*5% -> 0.0050179167 | D83: =$D$33*C83 -> 12.825143 | E83: = ((1 remuneração + Férias e adicional de férias + 13º salário)/ 12 meses) x probabilidade de ocorrência
A84: B | B84: Incidência do FGTS sobre Aviso Prévio Indenizado | C84: =8%*C83 -> 0.00040143333 | D84: =$D$33*C84 -> 1.0260114 | E84: = 8% de FGTS x Aviso prédio indenizado
A85: C | B85: Multa do FGTS (e contribuições sociais) sobre o Aviso Prévio Indenizado | C85: =40%*C84 -> 0.00016057333 | D85: =$D$33*C85 -> 0.41040457 | E85: = 40% de multa do FGTS sobre aviso prévio indenizado
A86: D | B86: Aviso Prévio Trabalhado | C86: =(7/360) -> 0.019444444 | D86: =$D$33*C86 -> 49.697472 | E86: = 7 dias de aviso / qtde de dias no ano
A87: E | B87: Incidência de GPS, FGTS e outras contribuições sobre o Aviso Prévio Trabalhado | C87: =C86*C58 -> 0.0079333333 | D87: =$D$33*C87 -> 20.276569 | E87: = % total do submódulo 2.2 x Aviso prévio trabalhado
A88: F | B88: Multa do FGTS (e contribuições sociais) sobre o Aviso Prévio Trabalhado | C88: =4%-C85 -> 0.039839427 | D88: =$D$33*C88 -> 101.8244 | E88: = O que falta para dar 4% após o cálculo do % da multa do FGTS sobre Aviso prévio indenizado
A89: Total | D89: =TRUNC(SUM(D83:D88),2) -> 186.05
A90: OBS.: A contribuição social foi extinta pela Lei 13.932/2019.
A92: Módulo 4 - Custo de reposição do profissional ausente
A93: 4.1 | B93: Substituto nas Ausências Legais | C93: % | D93: Valor (R$)
A94: A | B94: Substituto na cobertura de Férias | C94: 0 | D94: =$D$33*C94 -> 0 | E94: =[(5/55) x 100] = 9,09% - art. 18, §§ 1º, I, e 4º c/c os itens 1.2, “a”, do Anexo VII-B e 14 do Anexo XII, da IN Seges/MP 5/2017, e o item 2.4.1 do Caderno de Logística da Conta Vinculada-Seges/MP
A95: B | B95: Substituto na cobertura de Ausências Legais | C95: =(2.96/30)/12 -> 0.0082222222 | D95: =$D$33*C95 -> 21.014931 | E95: = Cálculo: [(2,96/30)/12]*100=0,82 - Acórdão 1753/2008 – Plenário TCU
A96: C | B96: Substituto na cobertura de Licença Paternidade | C96: =((20/30)/12)*1.57%*99% -> 0.0008635 | D96: =$D$33*C96 -> 2.2069937 | E96: [(20/30)/12] x taxa bruta de natalidade x % de participação masculina no serviço
A97: D | B97: Substituto na cobertura de Ausência por Acidente de Trabalho | C97: =(0.91/30)/12 -> 0.0025277778 | D97: =$D$33*C97 -> 6.4606714 | E97: =[(0,91/30)/12]*100=0,25%
A98: E | B98: Substituto na cobertura de Afastamento Maternidade | C98: =((108/30)/12)*1.57%*1%*36.8% -> 1.73328e-05 | D98: =$D$33*C98 -> 0.044300384 | E98: = [(180/30)/12] x 1,25% x 84,6% x 36,80%=0,12%
A99: F | B99: Substituto outras ausências (especificar) | D99: =$D$33*C99 -> 0
A100: Subtotal | D100: =TRUNC(SUM(D94:D99),2) -> 29.72
A101: G | B101: Incidência dos encargos previstos no submódulo 2.2 sobre o item 4.1 | D101: =D100*C101 -> 0
A102: Total | D102: =TRUNC(SUM(D100:D101),2) -> 29.72
A103: Nota 1: Os itens que contemplam o módulo 4 se referem ao custo dos dias trabalhados pelo repositor/substituto, quando o empregado alocado na prestação de serviço estiver ausente, conforme as previsões estabelecidas na legislação.
A105: 4.2 | B105: Substituto no Intervalo Intrajornada | C105: SIM/NÃO | D105: Valor (R$)
A106: A | B106: Substituto na cobertura de Intervalo para repouso ou alimentação | C106: Não | D106: =IF(C106="SIM",1*15.58*(D27+D29)/187) -> 0 | E106: = 1 hora de repouso x qtde de dias no mês x (Salário base + Adic periculosidade) / Quantidade Horas Mês
A108: Quadro resumo módulo 4
A109: 4 | B109: Módulo 4 - Custo de Reposição do Profissional Ausente | D109: Valor (R$)
A110: 4.1 | B110: Substituto nas Ausências Legais | D110: =D102 -> 29.72
A111: 4.2 | B111: Substituto na Intrajornada | D111: =D106 -> 0
A112: TOTAL | D112: =TRUNC(SUM(D110:D111),2) -> 29.72 | F112: 7.02
A114: 5 | B114: Módulo 5 - Insumos diversos | C114: R$ | D114: Valor (R$)
A115: A | B115: Uniformes Valor anual: | C115: ='Insumos diversos'!G9 -> 1175.88 | D115: =C115/12 -> 97.99 | E115: = Valor total anual estimado / 12 meses
A116: B | B116: Insumos de uso compartilhado Valor anual: | C116: ='Insumos diversos'!G17 -> 0 | D116: =C116/12/2 -> 0 | E116: = Valor total anual estimado / 12 meses / Qtde de funcionários que compartilharão os insumos
...

Sheet Mestre 12x36 Noturno
A1: PLANILHA DE CUSTO E FORMAÇÃO DE PREÇO - IN 05/2017 (atualizada pela IN 07/2018)
A2: SERVIÇO DE URGÊNCIA E EMERGÊNCIA
A3: Nº do processo:
A4: Nº da Licitação:
A5: Data / hora:
A7: Discriminação dos serviços ( dados referentes à contratação)
A8: A | B8: Data de apresentação da proposta (dia/mês/ano)
A9: B | B9: Município/UF | D9: SÃO JOSÉ DO NORTE/RS
A10: C | B10: Ano do Acordo, Convenção ou Dissídio Coletivo | D10: 2026/2027
A11: D | B11: Nº de meses de execução contratual | D11: 12
A13: Identificação do Serviço
A14: Tipo de Serviço | C14: Unidade de Medida | D14: Qtde total a contratar (em função da unidade de medida)
A15: SERVIÇO DE URGÊNCIA E EMERGÊNCIA | C15: 1 | D15: 1
A17: MÓDULOS DE MÃO DE OBRA VINCULADA À EXECUÇÃO CONTRATUAL
A19: Dados para composição dos custos referentes à mão-de-obra
A20: 1 | B20: Tipo de serviço (mesmo serviço com características distintas) | D20: =RESUMO!B16 -> Mestre Ambulancha 12x36 noturno
A21: 2 | B21: Classificação Brasileira de Ocupações (CBO) | D21: =RESUMO!C16 -> 3412-10
A22: 3 | B22: Salário Nominativo da Categoria Profissional | D22: 2972.48
A23: 4 | B23: Categoria profissional (vinculada à execução contratual) | D23: Mestre de Cabotagem
A24: 5 | B24: Data base da categoria (dia/mês/ano) | D24: 2026/2027
A26: 1 | B26: Módulo 1 - Composição da Remuneração | C26: % | D26: Valor (R$) | E26: SALÁRIO MÍNIMO NACIONAL
A27: A | B27: Salário Base | D27: =D22 -> 2972.48 | E27: 1621
A28: B | B28: Adicional de Periculosidade | D28: =C28*D27 -> 0 | E28: = Salario base x % de periculosidade
A29: C | B29: Adicional de Insalubridade | C29: 0.3 | D29: =C29*E27 -> 486.3 | E29: = Salario minimo x % de insalubridade
A30: D | B30: Adicional Noturno (22h às 5h) Horas: | C30: 7 | D30: =IF(C30="",0,C30*15.2*((D27+D28)/220)*0.2) -> 287.51988 | E30: = Horas de adicional noturno x qtde de dias no mês x ((salario base + periculosidade)/220 horas) x 20% de adicional
A31: E | B31: Adicional de Hora Noturna Reduzida Horas: | C31: =IF(C30=8,"",IF(C30=7,1,"")) -> 1 | D31: =IF(C31<>1,0,1*15.2*(D27+D28)/220*0.2) -> 41.074269 | E31: = 1 hora noturna reduzida x qtde de dias no mês x ((salario base + periculosidade)/220 horas) x 20% de adicional (Somente se for considerado 7 horas de adicional noturno)
A32: F | B32: Gratificaçã de Função (RT) | D32: 0
A33: Total da Remuneração | D33: =TRUNC(SUM(D27:D32),2) -> 3787.37
A34: Nota 1: O Módulo 1 refere-se ao valor mensal devido ao empregado pela prestação do serviço no período de 12 meses.
A36: Módulo 2: Encargos e Benefícios Anuais, Mensais e Diários
A38: 2.1 | B38: 13º Salário, Férias e Adicional de Férias | C38: % | D38: Valor (R$)
A39: A | B39: 13 (Décimo-terceiro) salário | C39: =1/12 -> 0.083333333 | D39: =$D$33*C39 -> 315.61417 | E39: [(1/12) x 100] = 1 Remuneração/12
A40: B | B40: Adicional de Férias | C40: =(5/55)/3 -> 0.03030303 | D40: =$D$33*C40 -> 114.76879
A41: Subtotal | D41: =SUM(D39:D40) -> 430.38295
A42: C | B42: Incidência dos encargos previstos no submódulo 2.2 sobre o item 2.1 | C42: =C58 -> 0.408 | D42: =D41*C42 -> 175.59625 | E42: = Percentual total do submódulo 2.2
A43: Total | D43: =TRUNC(SUM(D41:D42),2) -> 605.97
A44: Nota 1: Como a planilha de custos e formação de preços é calculada mensalmente, provisiona-se proporcionalmente 1/12 (um doze avos) dos valores referentes a gratificação natalina, férias e adicional de férias. (Redação dada pela Instrução Normativa nº 7, de 2018)
A45: Nota 2: O adicional de férias contido no Submódulo 2.1 corresponde a 1/3 (um terço) da remuneração que por sua vez é divido por 12 (doze) conforme Nota 1 acima.
A46: Nota 3: Levando em consideração a vigência contratual prevista no art. 57 da Lei nº 8.666, de 23 de junho de 1993, a rubrica férias tem como objetivo principal suprir a necessidade do pagamento das férias remuneradas ao final do contrato de 12 meses. Esta rubrica, quando da prorrogação contratual, torna-se custo não renovável. (Incluído pela Instrução Normativa nº 7, de 2018)
A48: 2.2 | B48: Encargos Previdenciário (GPS), Fundo de garantia por tempo de Serviço ( FGTS) e outras Contribuições | C48: % | D48: Valor (R$)
A49: A | B49: INSS | C49: 0.2 | D49: =$D$33*C49 -> 757.474
A50: B | B50: Salário Educação | C50: 0.025 | D50: =$D$33*C50 -> 94.68425
A51: C | B51: GILL/RAT (Rat Ajustado) - (RAT 3% x FAP 2) | C51: 0.06 | D51: =$D$33*C51 -> 227.2422
A52: D | B52: SESC ou SESI | C52: 0.015 | D52: =$D$33*C52 -> 56.81055
A53: E | B53: SENAI - SENAC | C53: 0.01 | D53: =$D$33*C53 -> 37.8737
A54: F | B54: SEBRAE | C54: 0.006 | D54: =$D$33*C54 -> 22.72422
A55: G | B55: INCRA | C55: 0.002 | D55: =$D$33*C55 -> 7.57474
A56: H | B56: FGTS | C56: 0.08 | D56: =$D$33*C56 -> 302.9896
A57: I | B57: PIS | C57: 0.01 | D57: =$D$33*C57 -> 37.8737
A58: Total | C58: =SUM(C49:C57) -> 0.408 | D58: =TRUNC(SUM(D49:D57),2) -> 1545.24
A59: Nota 1: Os percentuais dos encargos previdenciaários, do FGTS e demais contribuições são aqueles estabelecidos pela legislação vigente.
A60: Nota 2: O SAT a depender do grau de risco do serviço irá variar entre 1%, para risco leve, de 2%, para risco médio, e de 3% de risco grave.
A61: Nota 3: Esses percentuais incidem sobre o Módulo 1, o Submódulo 2.1.
A63: 2.3 | B63: Benefícios Mensais e Diários | C63: R$ | D63: Valor (R$)
A64: A | B64: Transporte | C64: 6.5 | D64: =IF((C64*2*23)-(0.06*D27)<0,0,(C64*2*23)-(0.06*D27)) -> 120.6512 | E64: = (Valor do vale x qtde recebida por dia x qtde. de dias no mês) - (6% x Salário base)
A65: B | B65: Auxílio-Refeição/Alimentação | C65: =(1351)/15.58 -> 86.713736 | D65: =(C65*15.58)-1 -> 1350 | E65: = Valor do VA x qtde de dias no mês x % por conta da empresa
A66: D | B66: PBSF - Plano de Benefício Social Familiar
A67: Total | D67: =TRUNC(SUM(D64:D66),2) -> 1470.65
A68: Nota 1: O valor informado deverá ser o custo real do benefício (descontado o valor eventualmente pago pelo empregado).
A69: Nota 2: Observar a previsão dos benefícios contidos em Acordos, Convenções e Dissídios Coletivos de Trabalho e atentar-se ao disposto no art. 6º desta Instrução Normativa.
A71: 2.4 | B71: Intervalo Intrajornada Indenizada do Titular do Posto | C71: SIM/NÃO | D71: Valor (R$)
A72: A | B72: Provisão de intrajornada indenizada ao titular do posto | C72: Sim | D72: =IF(C72="SIM",(0.5*15.58*(D27+D28+D30+D31)/187)*1.5,0) -> 206.273 | E72: = (Meia hora x Qtde de dias no mês x (Salário base + adic. De periculosidade + Adic noturno)/quandidade de horas mês) x valor da hora acrescida de 50%)
A74: Quadro resumo módulo 2
A75: 2 | B75: Módulo 2 - Encargos, Benefícios Anuais, Mensais e Diários | D75: Valor (R$)
A76: 2.1 | B76: 13º Salário, Férias e Adicional de Férias | D76: =D43 -> 605.97
A77: 2.2 | B77: GPS, FGTS e Outras Contribuições | D77: =D58 -> 1545.24
A78: 2.3 | B78: Benefícios Mensais e Diários | D78: =D67 -> 1470.65
A79: 2.4 | B79: Intervalo Intrajornada Indenizada do Titular do Posto | D79: =D72 -> 206.273
A80: TOTAL | D80: =TRUNC(SUM(D76:D79),2) -> 3828.13
A82: 3 | B82: Módulo 3 - Provisão para rescisão | C82: % | D82: Valor (R$)
A83: A | B83: Aviso Prévio Indenizado | C83: =((1+12.1%+8.33%)/12)*5% -> 0.0050179167 | D83: =$D$33*C83 -> 19.004707 | E83: = ((1 remuneração + Férias e adicional de férias + 13º salário)/ 12 meses) x probabilidade de ocorrência
A84: B | B84: Incidência do FGTS sobre Aviso Prévio Indenizado | C84: =8%*C83 -> 0.00040143333 | D84: =$D$33*C84 -> 1.5203766 | E84: = 8% de FGTS x Aviso prédio indenizado
A85: C | B85: Multa do FGTS (e contribuições sociais) sobre o Aviso Prévio Indenizado | C85: =40%*C84 -> 0.00016057333 | D85: =$D$33*C85 -> 0.60815063 | E85: = 40% de multa do FGTS sobre aviso prévio indenizado
A86: D | B86: Aviso Prévio Trabalhado | C86: =(7/360) -> 0.019444444 | D86: =$D$33*C86 -> 73.643306 | E86: = 7 dias de aviso / qtde de dias no ano
A87: E | B87: Incidência de GPS, FGTS e outras contribuições sobre o Aviso Prévio Trabalhado | C87: =C86*C58 -> 0.0079333333 | D87: =$D$33*C87 -> 30.046469 | E87: = % total do submódulo 2.2 x Aviso prévio trabalhado
A88: F | B88: Multa do FGTS (e contribuições sociais) sobre o Aviso Prévio Trabalhado | C88: =4%-C85 -> 0.039839427 | D88: =$D$33*C88 -> 150.88665 | E88: = O que falta para dar 4% após o cálculo do % da multa do FGTS sobre Aviso prévio indenizado
A89: Total | D89: =TRUNC(SUM(D83:D88),2) -> 275.7
A90: OBS.: A contribuição social foi extinta pela Lei 13.932/2019.
A92: Módulo 4 - Custo de reposição do profissional ausente
A93: 4.1 | B93: Substituto nas Ausências Legais | C93: % | D93: Valor (R$)
A94: A | B94: Substituto na cobertura de Férias | C94: 0 | D94: =$D$33*C94 -> 0 | E94: =[(5/55) x 100] = 9,09% - art. 18, §§ 1º, I, e 4º c/c os itens 1.2, “a”, do Anexo VII-B e 14 do Anexo XII, da IN Seges/MP 5/2017, e o item 2.4.1 do Caderno de Logística da Conta Vinculada-Seges/MP
A95: B | B95: Substituto na cobertura de Ausências Legais | C95: =(2.96/30)/12 -> 0.0082222222 | D95: =$D$33*C95 -> 31.140598 | E95: = Cálculo: [(2,96/30)/12]*100=0,82 - Acórdão 1753/2008 – Plenário TCU
A96: C | B96: Substituto na cobertura de Licença Paternidade | C96: =((20/30)/12)*1.57%*100% -> 0.00087222222 | D96: =$D$33*C96 -> 3.3034283 | E96: [(20/30)/12] x taxa bruta de natalidade x % de participação masculina no serviço
A97: D | B97: Substituto na cobertura de Ausência por Acidente de Trabalho | C97: =(0.91/30)/12 -> 0.0025277778 | D97: =$D$33*C97 -> 9.5736297 | E97: =[(0,91/30)/12]*100=0,25%
A98: E | B98: Substituto na cobertura de Afastamento Maternidade | C98: =((108/30)/12)*1.57%*0%*36.8% -> 0 | D98: =$D$33*C98 -> 0 | E98: = [(180/30)/12] x taxa bruta de natalidade x % de mulheres x 36,80%
A99: F | B99: Substituto outras ausências (especificar) | D99: =$D$33*C99 -> 0
A100: Subtotal | D100: =TRUNC(SUM(D94:D99),2) -> 44.01
A101: G | B101: Incidência dos encargos previstos no submódulo 2.2 sobre o item 4.1 | D101: =D100*C101 -> 0
A102: Total | D102: =TRUNC(SUM(D100:D101),2) -> 44.01
A103: Nota 1: Os itens que contemplam o módulo 4 se referem ao custo dos dias trabalhados pelo repositor/substituto, quando o empregado alocado na prestação de serviço estiver ausente, conforme as previsões estabelecidas na legislação.
A105: 4.2 | B105: Substituto no Intervalo Intrajornada | C105: SIM/NÃO | D105: Valor (R$)
A106: A | B106: Substituto na cobertura de Intervalo para repouso ou alimentação | C106: Não | D106: =IF(C106="SIM",1*15.58*(D27+D29)/187) -> 0 | E106: = 1 hora de repouso x qtde de dias no mês x (Salário base + Adic periculosidade) / Quantidade Horas Mês
A108: Quadro resumo módulo 4
A109: 4 | B109: Módulo 4 - Custo de Reposição do Profissional Ausente | D109: Valor (R$)
A110: 4.1 | B110: Substituto nas Ausências Legais | D110: =D102 -> 44.01
A111: 4.2 | B111: Substituto na Intrajornada | D111: =D106 -> 0
A112: TOTAL | D112: =TRUNC(SUM(D110:D111),2) -> 44.01
A114: 5 | B114: Módulo 5 - Insumos diversos | C114: R$ | D114: Valor (R$)
A115: A | B115: Uniformes Valor anual: | C115: ='Insumos diversos'!G9 -> 1175.88 | D115: =C115/12 -> 97.99 | E115: = Valor total anual estimado / 12 meses
A116: B | B116: Insumos de uso compartilhado Valor anual: | C116: ='Insumos diversos'!G17 -> 0 | D116: =C116/12/2 -> 0 | E116: = Valor total anual estimado / 12 meses / Qtde de funcionários que compartilharão os insumos
...

Sheet Mestre Noturno Folguista
A1: PLANILHA DE CUSTO E FORMAÇÃO DE PREÇO - IN 05/2017 (atualizada pela IN 07/2018)
A2: SERVIÇO DE URGÊNCIA E EMERGÊNCIA
A3: Nº do processo:
A4: Nº da Licitação:
A5: Data / hora:
A7: Discriminação dos serviços ( dados referentes à contratação)
A8: A | B8: Data de apresentação da proposta (dia/mês/ano)
A9: B | B9: Município/UF | D9: SÃOJOSÉ DO NORTE/RS
A10: C | B10: Ano do Acordo, Convenção ou Dissídio Coletivo | D10: 2026/2027
A11: D | B11: Nº de meses de execução contratual | D11: 12
A13: Identificação do Serviço
A14: Tipo de Serviço | C14: Unidade de Medida | D14: Qtde total a contratar (em função da unidade de medida)
A15: SERVIÇO DE URGÊNCIA E EMERGÊNCIA | C15: 1 | D15: 1
A17: MÓDULOS DE MÃO DE OBRA VINCULADA À EXECUÇÃO CONTRATUAL
A19: Dados para composição dos custos referentes à mão-de-obra
A20: 1 | B20: Tipo de serviço (mesmo serviço com características distintas) | D20: =RESUMO!B16 -> Mestre Ambulancha 12x36 noturno
A21: 2 | B21: Classificação Brasileira de Ocupações (CBO) | D21: =RESUMO!C16 -> 3412-10
A22: 3 | B22: Salário Nominativo da Categoria Profissional | D22: 2972.48
A23: 4 | B23: Categoria profissional (vinculada à execução contratual) | D23: Mestre de Cabotagem
A24: 5 | B24: Data base da categoria (dia/mês/ano) | D24: 2026/2027
A26: 1 | B26: Módulo 1 - Composição da Remuneração | C26: % | D26: Valor (R$) | E26: SALÁRIO MÍNIMO NACIONAL
A27: A | B27: Salário Base | D27: =D22 -> 2972.48 | E27: 1621
A28: B | B28: Adicional de Periculosidade | D28: =C28*D27 -> 0 | E28: = Salario base x % de periculosidade
A29: C | B29: Adicional de Insalubridade | C29: 0.3 | D29: =C29*E27 -> 486.3 | E29: = Salario minimo x % de insalubridade
A30: D | B30: Adicional Noturno (22h às 5h) Horas: | C30: 7 | D30: =IF(C30="",0,C30*15.2*((D27+D28)/220)*0.2) -> 287.51988 | E30: = Horas de adicional noturno x qtde de dias no mês x ((salario base + periculosidade)/220 horas) x 20% de adicional
A31: E | B31: Adicional de Hora Noturna Reduzida Horas: | C31: =IF(C30=8,"",IF(C30=7,1,"")) -> 1 | D31: =IF(C31<>1,0,1*15.2*(D27+D28)/220*0.2) -> 41.074269 | E31: = 1 hora noturna reduzida x qtde de dias no mês x ((salario base + periculosidade)/220 horas) x 20% de adicional (Somente se for considerado 7 horas de adicional noturno)
A32: F | B32: Gratificaçã de Função (RT) | D32: 0
A33: Total da Remuneração | D33: =TRUNC(SUM(D27:D32),2) -> 3787.37
A34: Nota 1: O Módulo 1 refere-se ao valor mensal devido ao empregado pela prestação do serviço no período de 12 meses.
A36: Módulo 2: Encargos e Benefícios Anuais, Mensais e Diários
A38: 2.1 | B38: 13º Salário, Férias e Adicional de Férias | C38: % | D38: Valor (R$)
A39: A | B39: 13 (Décimo-terceiro) salário | C39: =1/12 -> 0.083333333 | D39: =$D$33*C39 -> 315.61417 | E39: [(1/12) x 100] = 1 Remuneração/12
A40: B | B40: Adicional de Férias | C40: =(5/55)/3 -> 0.03030303 | D40: =$D$33*C40 -> 114.76879
A41: Subtotal | D41: =SUM(D39:D40) -> 430.38295
A42: C | B42: Incidência dos encargos previstos no submódulo 2.2 sobre o item 2.1 | C42: =C58 -> 0.408 | D42: =D41*C42 -> 175.59625 | E42: = Percentual total do submódulo 2.2
A43: Total | D43: =TRUNC(SUM(D41:D42),2) -> 605.97
A44: Nota 1: Como a planilha de custos e formação de preços é calculada mensalmente, provisiona-se proporcionalmente 1/12 (um doze avos) dos valores referentes a gratificação natalina, férias e adicional de férias. (Redação dada pela Instrução Normativa nº 7, de 2018)
A45: Nota 2: O adicional de férias contido no Submódulo 2.1 corresponde a 1/3 (um terço) da remuneração que por sua vez é divido por 12 (doze) conforme Nota 1 acima.
A46: Nota 3: Levando em consideração a vigência contratual prevista no art. 57 da Lei nº 8.666, de 23 de junho de 1993, a rubrica férias tem como objetivo principal suprir a necessidade do pagamento das férias remuneradas ao final do contrato de 12 meses. Esta rubrica, quando da prorrogação contratual, torna-se custo não renovável. (Incluído pela Instrução Normativa nº 7, de 2018)
A48: 2.2 | B48: Encargos Previdenciário (GPS), Fundo de garantia por tempo de Serviço ( FGTS) e outras Contribuições | C48: % | D48: Valor (R$)
A49: A | B49: INSS | C49: 0.2 | D49: =$D$33*C49 -> 757.474
A50: B | B50: Salário Educação | C50: 0.025 | D50: =$D$33*C50 -> 94.68425
A51: C | B51: GILL/RAT (Rat Ajustado) - (RAT 3% x FAP 2) | C51: 0.06 | D51: =$D$33*C51 -> 227.2422
A52: D | B52: SESC ou SESI | C52: 0.015 | D52: =$D$33*C52 -> 56.81055
A53: E | B53: SENAI - SENAC | C53: 0.01 | D53: =$D$33*C53 -> 37.8737
A54: F | B54: SEBRAE | C54: 0.006 | D54: =$D$33*C54 -> 22.72422
A55: G | B55: INCRA | C55: 0.002 | D55: =$D$33*C55 -> 7.57474
A56: H | B56: FGTS | C56: 0.08 | D56: =$D$33*C56 -> 302.9896
A57: I | B57: PIS | C57: 0.01 | D57: =$D$33*C57 -> 37.8737
A58: Total | C58: =SUM(C49:C57) -> 0.408 | D58: =TRUNC(SUM(D49:D57),2) -> 1545.24
A59: Nota 1: Os percentuais dos encargos previdenciaários, do FGTS e demais contribuições são aqueles estabelecidos pela legislação vigente.
A60: Nota 2: O SAT a depender do grau de risco do serviço irá variar entre 1%, para risco leve, de 2%, para risco médio, e de 3% de risco grave.
A61: Nota 3: Esses percentuais incidem sobre o Módulo 1, o Submódulo 2.1.
A63: 2.3 | B63: Benefícios Mensais e Diários | C63: R$ | D63: Valor (R$)
A64: A | B64: Transporte | C64: 6.5 | D64: =IF((C64*2*23)-(0.06*D27)<0,0,(C64*2*23)-(0.06*D27)) -> 120.6512 | E64: = (Valor do vale x qtde recebida por dia x qtde. de dias no mês) - (6% x Salário base)
A65: B | B65: Auxílio-Refeição/Alimentação | C65: =(1351)/15.58 -> 86.713736 | D65: =(C65*15.58)-1 -> 1350 | E65: = Valor do VA x qtde de dias no mês x % por conta da empresa
A66: D | B66: PBSF - Plano de Benefício Social Familiar
A67: Total | D67: =TRUNC(SUM(D64:D66),2) -> 1470.65
A68: Nota 1: O valor informado deverá ser o custo real do benefício (descontado o valor eventualmente pago pelo empregado).
A69: Nota 2: Observar a previsão dos benefícios contidos em Acordos, Convenções e Dissídios Coletivos de Trabalho e atentar-se ao disposto no art. 6º desta Instrução Normativa.
A71: 2.4 | B71: Intervalo Intrajornada Indenizada do Titular do Posto | C71: SIM/NÃO | D71: Valor (R$)
A72: A | B72: Provisão de intrajornada indenizada ao titular do posto | C72: Sim | D72: =IF(C72="SIM",(0.5*15.58*(D27+D28+D30+D31)/187)*1.5,0) -> 206.273 | E72: = (Meia hora x Qtde de dias no mês x (Salário base + adic. De periculosidade + Adic noturno)/quandidade de horas mês) x valor da hora acrescida de 50%)
A74: Quadro resumo módulo 2
A75: 2 | B75: Módulo 2 - Encargos, Benefícios Anuais, Mensais e Diários | D75: Valor (R$)
A76: 2.1 | B76: 13º Salário, Férias e Adicional de Férias | D76: =D43 -> 605.97
A77: 2.2 | B77: GPS, FGTS e Outras Contribuições | D77: =D58 -> 1545.24
A78: 2.3 | B78: Benefícios Mensais e Diários | D78: =D67 -> 1470.65
A79: 2.4 | B79: Intervalo Intrajornada Indenizada do Titular do Posto | D79: =D72 -> 206.273
A80: TOTAL | D80: =TRUNC(SUM(D76:D79),2) -> 3828.13
A82: 3 | B82: Módulo 3 - Provisão para rescisão | C82: % | D82: Valor (R$)
A83: A | B83: Aviso Prévio Indenizado | C83: =((1+12.1%+8.33%)/12)*5% -> 0.0050179167 | D83: =$D$33*C83 -> 19.004707 | E83: = ((1 remuneração + Férias e adicional de férias + 13º salário)/ 12 meses) x probabilidade de ocorrência
A84: B | B84: Incidência do FGTS sobre Aviso Prévio Indenizado | C84: =8%*C83 -> 0.00040143333 | D84: =$D$33*C84 -> 1.5203766 | E84: = 8% de FGTS x Aviso prédio indenizado
A85: C | B85: Multa do FGTS (e contribuições sociais) sobre o Aviso Prévio Indenizado | C85: =40%*C84 -> 0.00016057333 | D85: =$D$33*C85 -> 0.60815063 | E85: = 40% de multa do FGTS sobre aviso prévio indenizado
A86: D | B86: Aviso Prévio Trabalhado | C86: =(7/360) -> 0.019444444 | D86: =$D$33*C86 -> 73.643306 | E86: = 7 dias de aviso / qtde de dias no ano
A87: E | B87: Incidência de GPS, FGTS e outras contribuições sobre o Aviso Prévio Trabalhado | C87: =C86*C58 -> 0.0079333333 | D87: =$D$33*C87 -> 30.046469 | E87: = % total do submódulo 2.2 x Aviso prévio trabalhado
A88: F | B88: Multa do FGTS (e contribuições sociais) sobre o Aviso Prévio Trabalhado | C88: =4%-C85 -> 0.039839427 | D88: =$D$33*C88 -> 150.88665 | E88: = O que falta para dar 4% após o cálculo do % da multa do FGTS sobre Aviso prévio indenizado
A89: Total | D89: =TRUNC(SUM(D83:D88),2) -> 275.7
A90: OBS.: A contribuição social foi extinta pela Lei 13.932/2019.
A92: Módulo 4 - Custo de reposição do profissional ausente
A93: 4.1 | B93: Substituto nas Ausências Legais | C93: % | D93: Valor (R$)
A94: A | B94: Substituto na cobertura de Férias | C94: 0 | D94: =$D$33*C94 -> 0 | E94: =[(5/55) x 100] = 9,09% - art. 18, §§ 1º, I, e 4º c/c os itens 1.2, “a”, do Anexo VII-B e 14 do Anexo XII, da IN Seges/MP 5/2017, e o item 2.4.1 do Caderno de Logística da Conta Vinculada-Seges/MP
A95: B | B95: Substituto na cobertura de Ausências Legais | C95: =(2.96/30)/12 -> 0.0082222222 | D95: =$D$33*C95 -> 31.140598 | E95: = Cálculo: [(2,96/30)/12]*100=0,82 - Acórdão 1753/2008 – Plenário TCU
A96: C | B96: Substituto na cobertura de Licença Paternidade | C96: =((20/30)/12)*1.57%*100% -> 0.00087222222 | D96: =$D$33*C96 -> 3.3034283 | E96: [(20/30)/12] x taxa bruta de natalidade x % de participação masculina no serviço
A97: D | B97: Substituto na cobertura de Ausência por Acidente de Trabalho | C97: =(0.91/30)/12 -> 0.0025277778 | D97: =$D$33*C97 -> 9.5736297 | E97: =[(0,91/30)/12]*100=0,25%
A98: E | B98: Substituto na cobertura de Afastamento Maternidade | C98: =((108/30)/12)*1.57%*0%*36.8% -> 0 | D98: =$D$33*C98 -> 0 | E98: = [(180/30)/12] x taxa bruta de natalidade x % de mulheres x 36,80%
A99: F | B99: Substituto outras ausências (especificar) | D99: =$D$33*C99 -> 0
A100: Subtotal | D100: =TRUNC(SUM(D94:D99),2) -> 44.01
A101: G | B101: Incidência dos encargos previstos no submódulo 2.2 sobre o item 4.1 | D101: =D100*C101 -> 0
A102: Total | D102: =TRUNC(SUM(D100:D101),2) -> 44.01
A103: Nota 1: Os itens que contemplam o módulo 4 se referem ao custo dos dias trabalhados pelo repositor/substituto, quando o empregado alocado na prestação de serviço estiver ausente, conforme as previsões estabelecidas na legislação.
A105: 4.2 | B105: Substituto no Intervalo Intrajornada | C105: SIM/NÃO | D105: Valor (R$)
A106: A | B106: Substituto na cobertura de Intervalo para repouso ou alimentação | C106: Não | D106: =IF(C106="SIM",1*15.58*(D27+D29)/187) -> 0 | E106: = 1 hora de repouso x qtde de dias no mês x (Salário base + Adic periculosidade) / Quantidade Horas Mês
A108: Quadro resumo módulo 4
A109: 4 | B109: Módulo 4 - Custo de Reposição do Profissional Ausente | D109: Valor (R$)
A110: 4.1 | B110: Substituto nas Ausências Legais | D110: =D102 -> 44.01
A111: 4.2 | B111: Substituto na Intrajornada | D111: =D106 -> 0
A112: TOTAL | D112: =TRUNC(SUM(D110:D111),2) -> 44.01
A114: 5 | B114: Módulo 5 - Insumos diversos | C114: R$ | D114: Valor (R$)
A115: A | B115: Uniformes Valor anual: | C115: ='Insumos diversos'!G9 -> 1175.88 | D115: =C115/12 -> 97.99 | E115: = Valor total anual estimado / 12 meses
A116: B | B116: Insumos de uso compartilhado Valor anual: | C116: ='Insumos diversos'!G17 -> 0 | D116: =C116/12/2 -> 0 | E116: = Valor total anual estimado / 12 meses / Qtde de funcionários que compartilharão os insumos
...

Sheet Mestre 12x36 Diurno
A1: PLANILHA DE CUSTO E FORMAÇÃO DE PREÇO - IN 05/2017 (atualizada pela IN 07/2018)
A2: SERVIÇO DE URGÊNCIA E EMERGÊNCIA
A3: Nº do processo:
A4: Nº da Licitação:
A5: Data / hora:
A7: Discriminação dos serviços ( dados referentes à contratação)
A8: A | B8: Data de apresentação da proposta (dia/mês/ano)
A9: B | B9: Município/UF | D9: SÃOJOSÉ DO NORTE/RS
A10: C | B10: Ano do Acordo, Convenção ou Dissídio Coletivo | D10: 2026/2027
A11: D | B11: Nº de meses de execução contratual | D11: 12
A13: Identificação do Serviço
A14: Tipo de Serviço | C14: Unidade de Medida | D14: Qtde total a contratar (em função da unidade de medida)
A15: SERVIÇO DE URGÊNCIA E EMERGÊNCIA | C15: 1 | D15: 1
A17: MÓDULOS DE MÃO DE OBRA VINCULADA À EXECUÇÃO CONTRATUAL
A19: Dados para composição dos custos referentes à mão-de-obra
A20: 1 | B20: Tipo de serviço (mesmo serviço com características distintas) | D20: =RESUMO!B16 -> Mestre Ambulancha 12x36 noturno
A21: 2 | B21: Classificação Brasileira de Ocupações (CBO) | D21: =RESUMO!C16 -> 3412-10
A22: 3 | B22: Salário Nominativo da Categoria Profissional | D22: 2972.48
A23: 4 | B23: Categoria profissional (vinculada à execução contratual) | D23: Mestre de Cabotagem
A24: 5 | B24: Data base da categoria (dia/mês/ano) | D24: 2026/2027
A26: 1 | B26: Módulo 1 - Composição da Remuneração | C26: % | D26: Valor (R$) | E26: SALÁRIO MÍNIMO NACIONAL
A27: A | B27: Salário Base | D27: =D22 -> 2972.48 | E27: 1621
A28: B | B28: Adicional de Periculosidade | D28: =C28*D27 -> 0 | E28: = Salario base x % de periculosidade
A29: C | B29: Adicional de Insalubridade | C29: 0.3 | D29: =C29*E27 -> 486.3 | E29: = Salario minimo x % de insalubridade
A30: D | B30: Adicional Noturno (22h às 5h) Horas: | C30: 0 | D30: =IF(C30="",0,C30*15.2*((D27+D28)/220)*0.2) -> 0 | E30: = Horas de adicional noturno x qtde de dias no mês x ((salario base + periculosidade)/220 horas) x 20% de adicional
A31: E | B31: Adicional de Hora Noturna Reduzida Horas: | C31: =IF(C30=8,"",IF(C30=7,1,"")) | D31: =IF(C31<>1,0,1*15.2*(D27+D28)/220*0.2) -> 0 | E31: = 1 hora noturna reduzida x qtde de dias no mês x ((salario base + periculosidade)/220 horas) x 20% de adicional (Somente se for considerado 7 horas de adicional noturno)
A32: F | B32: Gratificaçã de Função (RT) | D32: 0
A33: Total da Remuneração | D33: =TRUNC(SUM(D27:D32),2) -> 3458.78
A34: Nota 1: O Módulo 1 refere-se ao valor mensal devido ao empregado pela prestação do serviço no período de 12 meses.
A36: Módulo 2: Encargos e Benefícios Anuais, Mensais e Diários
A38: 2.1 | B38: 13º Salário, Férias e Adicional de Férias | C38: % | D38: Valor (R$)
A39: A | B39: 13 (Décimo-terceiro) salário | C39: =1/12 -> 0.083333333 | D39: =$D$33*C39 -> 288.23167 | E39: [(1/12) x 100] = 1 Remuneração/12
A40: B | B40: Adicional de Férias | C40: =(5/55)/3 -> 0.03030303 | D40: =$D$33*C40 -> 104.81152
A41: Subtotal | D41: =SUM(D39:D40) -> 393.04318
A42: C | B42: Incidência dos encargos previstos no submódulo 2.2 sobre o item 2.1 | C42: =C58 -> 0.408 | D42: =D41*C42 -> 160.36162 | E42: = Percentual total do submódulo 2.2
A43: Total | D43: =TRUNC(SUM(D41:D42),2) -> 553.4
A44: Nota 1: Como a planilha de custos e formação de preços é calculada mensalmente, provisiona-se proporcionalmente 1/12 (um doze avos) dos valores referentes a gratificação natalina, férias e adicional de férias. (Redação dada pela Instrução Normativa nº 7, de 2018)
A45: Nota 2: O adicional de férias contido no Submódulo 2.1 corresponde a 1/3 (um terço) da remuneração que por sua vez é divido por 12 (doze) conforme Nota 1 acima.
A46: Nota 3: Levando em consideração a vigência contratual prevista no art. 57 da Lei nº 8.666, de 23 de junho de 1993, a rubrica férias tem como objetivo principal suprir a necessidade do pagamento das férias remuneradas ao final do contrato de 12 meses. Esta rubrica, quando da prorrogação contratual, torna-se custo não renovável. (Incluído pela Instrução Normativa nº 7, de 2018)
A48: 2.2 | B48: Encargos Previdenciário (GPS), Fundo de garantia por tempo de Serviço ( FGTS) e outras Contribuições | C48: % | D48: Valor (R$)
A49: A | B49: INSS | C49: 0.2 | D49: =$D$33*C49 -> 691.756
A50: B | B50: Salário Educação | C50: 0.025 | D50: =$D$33*C50 -> 86.4695
A51: C | B51: GILL/RAT (Rat Ajustado) - (RAT 3% x FAP 2) | C51: 0.06 | D51: =$D$33*C51 -> 207.5268
A52: D | B52: SESC ou SESI | C52: 0.015 | D52: =$D$33*C52 -> 51.8817
A53: E | B53: SENAI - SENAC | C53: 0.01 | D53: =$D$33*C53 -> 34.5878
A54: F | B54: SEBRAE | C54: 0.006 | D54: =$D$33*C54 -> 20.75268
A55: G | B55: INCRA | C55: 0.002 | D55: =$D$33*C55 -> 6.91756
A56: H | B56: FGTS | C56: 0.08 | D56: =$D$33*C56 -> 276.7024
A57: I | B57: PIS | C57: 0.01 | D57: =$D$33*C57 -> 34.5878
A58: Total | C58: =SUM(C49:C57) -> 0.408 | D58: =TRUNC(SUM(D49:D57),2) -> 1411.18
A59: Nota 1: Os percentuais dos encargos previdenciaários, do FGTS e demais contribuições são aqueles estabelecidos pela legislação vigente.
A60: Nota 2: O SAT a depender do grau de risco do serviço irá variar entre 1%, para risco leve, de 2%, para risco médio, e de 3% de risco grave.
A61: Nota 3: Esses percentuais incidem sobre o Módulo 1, o Submódulo 2.1.
A63: 2.3 | B63: Benefícios Mensais e Diários | C63: R$ | D63: Valor (R$)
A64: A | B64: Transporte | C64: 6.5 | D64: =IF((C64*2*23)-(0.06*D27)<0,0,(C64*2*23)-(0.06*D27)) -> 120.6512 | E64: = (Valor do vale x qtde recebida por dia x qtde. de dias no mês) - (6% x Salário base)
A65: B | B65: Auxílio-Refeição/Alimentação | C65: =(1351)/15.58 -> 86.713736 | D65: =(C65*15.58)-1 -> 1350 | E65: = Valor do VA x qtde de dias no mês x % por conta da empresa
A66: D | B66: PBSF - Plano de Benefício Social Familiar
A67: Total | D67: =TRUNC(SUM(D64:D66),2) -> 1470.65
A68: Nota 1: O valor informado deverá ser o custo real do benefício (descontado o valor eventualmente pago pelo empregado).
A69: Nota 2: Observar a previsão dos benefícios contidos em Acordos, Convenções e Dissídios Coletivos de Trabalho e atentar-se ao disposto no art. 6º desta Instrução Normativa.
A71: 2.4 | B71: Intervalo Intrajornada Indenizada do Titular do Posto | C71: SIM/NÃO | D71: Valor (R$)
A72: A | B72: Provisão de intrajornada indenizada ao titular do posto | C72: Sim | D72: =IF(C72="SIM",(0.5*15.58*(D27+D28+D30+D31)/187)*1.5,0) -> 185.74026 | E72: = (Meia hora x Qtde de dias no mês x (Salário base + adic. De periculosidade + Adic noturno)/quandidade de horas mês) x valor da hora acrescida de 50%)
A74: Quadro resumo módulo 2
A75: 2 | B75: Módulo 2 - Encargos, Benefícios Anuais, Mensais e Diários | D75: Valor (R$)
A76: 2.1 | B76: 13º Salário, Férias e Adicional de Férias | D76: =D43 -> 553.4
A77: 2.2 | B77: GPS, FGTS e Outras Contribuições | D77: =D58 -> 1411.18
A78: 2.3 | B78: Benefícios Mensais e Diários | D78: =D67 -> 1470.65
A79: 2.4 | B79: Intervalo Intrajornada Indenizada do Titular do Posto | D79: =D72 -> 185.74026
A80: TOTAL | D80: =TRUNC(SUM(D76:D79),2) -> 3620.97
A82: 3 | B82: Módulo 3 - Provisão para rescisão | C82: % | D82: Valor (R$)
A83: A | B83: Aviso Prévio Indenizado | C83: =((1+12.1%+8.33%)/12)*5% -> 0.0050179167 | D83: =$D$33*C83 -> 17.35587 | E83: = ((1 remuneração + Férias e adicional de férias + 13º salário)/ 12 meses) x probabilidade de ocorrência
A84: B | B84: Incidência do FGTS sobre Aviso Prévio Indenizado | C84: =8%*C83 -> 0.00040143333 | D84: =$D$33*C84 -> 1.3884696 | E84: = 8% de FGTS x Aviso prédio indenizado
A85: C | B85: Multa do FGTS (e contribuições sociais) sobre o Aviso Prévio Indenizado | C85: =40%*C84 -> 0.00016057333 | D85: =$D$33*C85 -> 0.55538783 | E85: = 40% de multa do FGTS sobre aviso prévio indenizado
A86: D | B86: Aviso Prévio Trabalhado | C86: =(7/360) -> 0.019444444 | D86: =$D$33*C86 -> 67.254056 | E86: = 7 dias de aviso / qtde de dias no ano
A87: E | B87: Incidência de GPS, FGTS e outras contribuições sobre o Aviso Prévio Trabalhado | C87: =C86*C58 -> 0.0079333333 | D87: =$D$33*C87 -> 27.439655 | E87: = % total do submódulo 2.2 x Aviso prévio trabalhado
A88: F | B88: Multa do FGTS (e contribuições sociais) sobre o Aviso Prévio Trabalhado | C88: =4%-C85 -> 0.039839427 | D88: =$D$33*C88 -> 137.79581 | E88: = O que falta para dar 4% após o cálculo do % da multa do FGTS sobre Aviso prévio indenizado
A89: Total | D89: =TRUNC(SUM(D83:D88),2) -> 251.78
A90: OBS.: A contribuição social foi extinta pela Lei 13.932/2019.
A92: Módulo 4 - Custo de reposição do profissional ausente
A93: 4.1 | B93: Substituto nas Ausências Legais | C93: % | D93: Valor (R$)
A94: A | B94: Substituto na cobertura de Férias | C94: 0 | D94: =$D$33*C94 -> 0 | E94: =[(5/55) x 100] = 9,09% - art. 18, §§ 1º, I, e 4º c/c os itens 1.2, “a”, do Anexo VII-B e 14 do Anexo XII, da IN Seges/MP 5/2017, e o item 2.4.1 do Caderno de Logística da Conta Vinculada-Seges/MP
A95: B | B95: Substituto na cobertura de Ausências Legais | C95: =(2.96/30)/12 -> 0.0082222222 | D95: =$D$33*C95 -> 28.438858 | E95: = Cálculo: [(2,96/30)/12]*100=0,82 - Acórdão 1753/2008 – Plenário TCU
A96: C | B96: Substituto na cobertura de Licença Paternidade | C96: =((20/30)/12)*1.57%*100% -> 0.00087222222 | D96: =$D$33*C96 -> 3.0168248 | E96: [(20/30)/12] x taxa bruta de natalidade x % de participação masculina no serviço
A97: D | B97: Substituto na cobertura de Ausência por Acidente de Trabalho | C97: =(0.91/30)/12 -> 0.0025277778 | D97: =$D$33*C97 -> 8.7430272 | E97: =[(0,91/30)/12]*100=0,25%
A98: E | B98: Substituto na cobertura de Afastamento Maternidade | C98: =((108/30)/12)*1.57%*0%*36.8% -> 0 | D98: =$D$33*C98 -> 0 | E98: = [(180/30)/12] x taxa bruta de natalidade x % de mulheres x 36,80%
A99: F | B99: Substituto outras ausências (especificar) | D99: =$D$33*C99 -> 0
A100: Subtotal | D100: =TRUNC(SUM(D94:D99),2) -> 40.19
A101: G | B101: Incidência dos encargos previstos no submódulo 2.2 sobre o item 4.1 | D101: =D100*C101 -> 0
A102: Total | D102: =TRUNC(SUM(D100:D101),2) -> 40.19
A103: Nota 1: Os itens que contemplam o módulo 4 se referem ao custo dos dias trabalhados pelo repositor/substituto, quando o empregado alocado na prestação de serviço estiver ausente, conforme as previsões estabelecidas na legislação.
A105: 4.2 | B105: Substituto no Intervalo Intrajornada | C105: SIM/NÃO | D105: Valor (R$)
A106: A | B106: Substituto na cobertura de Intervalo para repouso ou alimentação | C106: SIM | D106: =IF(C106="SIM",1*15.58*(D27+D29)/187) -> 288.17001 | E106: = 1 hora de repouso x qtde de dias no mês x (Salário base + Adic periculosidade) / Quantidade Horas Mês
A108: Quadro resumo módulo 4
A109: 4 | B109: Módulo 4 - Custo de Reposição do Profissional Ausente | D109: Valor (R$)
A110: 4.1 | B110: Substituto nas Ausências Legais | D110: =D102 -> 40.19
A111: 4.2 | B111: Substituto na Intrajornada | D111: =D106 -> 288.17001
A112: TOTAL | D112: =TRUNC(SUM(D110:D111),2) -> 328.36
A114: 5 | B114: Módulo 5 - Insumos diversos | C114: R$ | D114: Valor (R$)
A115: A | B115: Uniformes Valor anual: | C115: ='Insumos diversos'!G9 -> 1175.88 | D115: =C115/12 -> 97.99 | E115: = Valor total anual estimado / 12 meses
A116: B | B116: Insumos de uso compartilhado Valor anual: | C116: ='Insumos diversos'!G17 -> 0 | D116: =C116/12/2 -> 0 | E116: = Valor total anual estimado / 12 meses / Qtde de funcionários que compartilharão os insumos
...

Sheet Moço de Convés 12x36 Noturno
A1: PLANILHA DE CUSTO E FORMAÇÃO DE PREÇO - IN 05/2017 (atualizada pela IN 07/2018)
A2: SERVIÇO DE URGÊNCIA E EMERGÊNCIA
A3: Nº do processo:
A4: Nº da Licitação:
A5: Data / hora:
A7: Discriminação dos serviços ( dados referentes à contratação)
A8: A | B8: Data de apresentação da proposta (dia/mês/ano)
A9: B | B9: Município/UF | D9: SÃOJOSÉ DO NORTE/RS
A10: C | B10: Ano do Acordo, Convenção ou Dissídio Coletivo | D10: 2026/2027
A11: D | B11: Nº de meses de execução contratual | D11: 12
A13: Identificação do Serviço
A14: Tipo de Serviço | C14: Unidade de Medida | D14: Qtde total a contratar (em função da unidade de medida)
A15: SERVIÇO DE URGÊNCIA E EMERGÊNCIA | C15: 1 | D15: 1
A17: MÓDULOS DE MÃO DE OBRA VINCULADA À EXECUÇÃO CONTRATUAL
A19: Dados para composição dos custos referentes à mão-de-obra
A20: 1 | B20: Tipo de serviço (mesmo serviço com características distintas) | D20: =RESUMO!B19 -> Moço de convés 12x36 noturno
A21: 2 | B21: Classificação Brasileira de Ocupações (CBO) | D21: =RESUMO!C19 -> 7827-15
A22: 3 | B22: Salário Nominativo da Categoria Profissional | D22: 2377.98
A23: 4 | B23: Categoria profissional (vinculada à execução contratual) | D23: Moço de convés
A24: 5 | B24: Data base da categoria (dia/mês/ano) | D24: 2026/2027
A26: 1 | B26: Módulo 1 - Composição da Remuneração | C26: % | D26: Valor (R$) | E26: SALÁRIO MÍNIMO NACIONAL
A27: A | B27: Salário Base | D27: =D22 -> 2377.98 | E27: 1621
A28: B | B28: Adicional de Periculosidade | D28: =C28*D27 -> 0 | E28: = Salario base x % de periculosidade
A29: C | B29: Adicional de Insalubridade | C29: 0.3 | D29: =C29*E27 -> 486.3 | E29: = Salario minimo x % de insalubridade
A30: D | B30: Adicional Noturno (22h às 5h) Horas: | C30: 7 | D30: =IF(C30="",0,C30*15.2*((D27+D28)/220)*0.2) -> 230.01552 | E30: = Horas de adicional noturno x qtde de dias no mês x ((salario base + periculosidade)/220 horas) x 20% de adicional
A31: E | B31: Adicional de Hora Noturna Reduzida Horas: | C31: =IF(C30=8,"",IF(C30=7,1,"")) -> 1 | D31: =IF(C31<>1,0,1*15.2*(D27+D28)/220*0.2) -> 32.85936 | E31: = 1 hora noturna reduzida x qtde de dias no mês x ((salario base + periculosidade)/220 horas) x 20% de adicional (Somente se for considerado 7 horas de adicional noturno)
A32: F | B32: Gratificaçã de Função (RT) | D32: 0
A33: Total da Remuneração | D33: =TRUNC(SUM(D27:D32),2) -> 3127.15
A34: Nota 1: O Módulo 1 refere-se ao valor mensal devido ao empregado pela prestação do serviço no período de 12 meses.
A36: Módulo 2: Encargos e Benefícios Anuais, Mensais e Diários
A38: 2.1 | B38: 13º Salário, Férias e Adicional de Férias | C38: % | D38: Valor (R$)
A39: A | B39: 13 (Décimo-terceiro) salário | C39: =1/12 -> 0.083333333 | D39: =$D$33*C39 -> 260.59583 | E39: [(1/12) x 100] = 1 Remuneração/12
A40: B | B40: Adicional de Férias | C40: =(5/55)/3 -> 0.03030303 | D40: =$D$33*C40 -> 94.762121
A41: Subtotal | D41: =SUM(D39:D40) -> 355.35795
A42: C | B42: Incidência dos encargos previstos no submódulo 2.2 sobre o item 2.1 | C42: =C58 -> 0.408 | D42: =D41*C42 -> 144.98605 | E42: = Percentual total do submódulo 2.2
A43: Total | D43: =TRUNC(SUM(D41:D42),2) -> 500.34
A44: Nota 1: Como a planilha de custos e formação de preços é calculada mensalmente, provisiona-se proporcionalmente 1/12 (um doze avos) dos valores referentes a gratificação natalina, férias e adicional de férias. (Redação dada pela Instrução Normativa nº 7, de 2018)
A45: Nota 2: O adicional de férias contido no Submódulo 2.1 corresponde a 1/3 (um terço) da remuneração que por sua vez é divido por 12 (doze) conforme Nota 1 acima.
A46: Nota 3: Levando em consideração a vigência contratual prevista no art. 57 da Lei nº 8.666, de 23 de junho de 1993, a rubrica férias tem como objetivo principal suprir a necessidade do pagamento das férias remuneradas ao final do contrato de 12 meses. Esta rubrica, quando da prorrogação contratual, torna-se custo não renovável. (Incluído pela Instrução Normativa nº 7, de 2018)
A48: 2.2 | B48: Encargos Previdenciário (GPS), Fundo de garantia por tempo de Serviço ( FGTS) e outras Contribuições | C48: % | D48: Valor (R$)
A49: A | B49: INSS | C49: 0.2 | D49: =$D$33*C49 -> 625.43
A50: B | B50: Salário Educação | C50: 0.025 | D50: =$D$33*C50 -> 78.17875
A51: C | B51: GILL/RAT (Rat Ajustado) - (RAT 3% x FAP 2) | C51: 0.06 | D51: =$D$33*C51 -> 187.629
A52: D | B52: SESC ou SESI | C52: 0.015 | D52: =$D$33*C52 -> 46.90725
A53: E | B53: SENAI - SENAC | C53: 0.01 | D53: =$D$33*C53 -> 31.2715
A54: F | B54: SEBRAE | C54: 0.006 | D54: =$D$33*C54 -> 18.7629
A55: G | B55: INCRA | C55: 0.002 | D55: =$D$33*C55 -> 6.2543
A56: H | B56: FGTS | C56: 0.08 | D56: =$D$33*C56 -> 250.172
A57: I | B57: PIS | C57: 0.01 | D57: =$D$33*C57 -> 31.2715
A58: Total | C58: =SUM(C49:C57) -> 0.408 | D58: =TRUNC(SUM(D49:D57),2) -> 1275.87
A59: Nota 1: Os percentuais dos encargos previdenciaários, do FGTS e demais contribuições são aqueles estabelecidos pela legislação vigente.
A60: Nota 2: O SAT a depender do grau de risco do serviço irá variar entre 1%, para risco leve, de 2%, para risco médio, e de 3% de risco grave.
A61: Nota 3: Esses percentuais incidem sobre o Módulo 1, o Submódulo 2.1.
A63: 2.3 | B63: Benefícios Mensais e Diários | C63: R$ | D63: Valor (R$)
A64: A | B64: Transporte | C64: 6.5 | D64: =IF((C64*2*23)-(0.06*D27)<0,0,(C64*2*23)-(0.06*D27)) -> 156.3212 | E64: = (Valor do vale x qtde recebida por dia x qtde. de dias no mês) - (6% x Salário base)
A65: B | B65: Auxílio-Refeição/Alimentação | C65: =(1351)/15.58 -> 86.713736 | D65: =(C65*15.58)-1 -> 1350 | E65: = Valor do VA x qtde de dias no mês x % por conta da empresa
A66: D | B66: PBSF - Plano de Benefício Social Familiar
A67: Total | D67: =TRUNC(SUM(D64:D66),2) -> 1506.32
A68: Nota 1: O valor informado deverá ser o custo real do benefício (descontado o valor eventualmente pago pelo empregado).
A69: Nota 2: Observar a previsão dos benefícios contidos em Acordos, Convenções e Dissídios Coletivos de Trabalho e atentar-se ao disposto no art. 6º desta Instrução Normativa.
A71: 2.4 | B71: Intervalo Intrajornada Indenizada do Titular do Posto | C71: SIM/NÃO | D71: Valor (R$)
A72: A | B72: Provisão de intrajornada indenizada ao titular do posto | C72: Sim | D72: =IF(C72="SIM",(0.5*15.58*(D27+D28+D30+D31)/187)*1.5,0) -> 165.01812 | E72: = (Meia hora x Qtde de dias no mês x (Salário base + adic. De periculosidade + Adic noturno)/quandidade de horas mês) x valor da hora acrescida de 50%)
A74: Quadro resumo módulo 2
A75: 2 | B75: Módulo 2 - Encargos, Benefícios Anuais, Mensais e Diários | D75: Valor (R$)
A76: 2.1 | B76: 13º Salário, Férias e Adicional de Férias | D76: =D43 -> 500.34
A77: 2.2 | B77: GPS, FGTS e Outras Contribuições | D77: =D58 -> 1275.87
A78: 2.3 | B78: Benefícios Mensais e Diários | D78: =D67 -> 1506.32
A79: 2.4 | B79: Intervalo Intrajornada Indenizada do Titular do Posto | D79: =D72 -> 165.01812
A80: TOTAL | D80: =TRUNC(SUM(D76:D79),2) -> 3447.54
A82: 3 | B82: Módulo 3 - Provisão para rescisão | C82: % | D82: Valor (R$)
A83: A | B83: Aviso Prévio Indenizado | C83: =((1+12.1%+8.33%)/12)*5% -> 0.0050179167 | D83: =$D$33*C83 -> 15.691778 | E83: = ((1 remuneração + Férias e adicional de férias + 13º salário)/ 12 meses) x probabilidade de ocorrência
A84: B | B84: Incidência do FGTS sobre Aviso Prévio Indenizado | C84: =8%*C83 -> 0.00040143333 | D84: =$D$33*C84 -> 1.2553422 | E84: = 8% de FGTS x Aviso prédio indenizado
A85: C | B85: Multa do FGTS (e contribuições sociais) sobre o Aviso Prévio Indenizado | C85: =40%*C84 -> 0.00016057333 | D85: =$D$33*C85 -> 0.5021369 | E85: = 40% de multa do FGTS sobre aviso prévio indenizado
A86: D | B86: Aviso Prévio Trabalhado | C86: =(7/360) -> 0.019444444 | D86: =$D$33*C86 -> 60.805694 | E86: = 7 dias de aviso / qtde de dias no ano
A87: E | B87: Incidência de GPS, FGTS e outras contribuições sobre o Aviso Prévio Trabalhado | C87: =C86*C58 -> 0.0079333333 | D87: =$D$33*C87 -> 24.808723 | E87: = % total do submódulo 2.2 x Aviso prévio trabalhado
A88: F | B88: Multa do FGTS (e contribuições sociais) sobre o Aviso Prévio Trabalhado | C88: =4%-C85 -> 0.039839427 | D88: =$D$33*C88 -> 124.58386 | E88: = O que falta para dar 4% após o cálculo do % da multa do FGTS sobre Aviso prévio indenizado
A89: Total | D89: =TRUNC(SUM(D83:D88),2) -> 227.64
A90: OBS.: A contribuição social foi extinta pela Lei 13.932/2019.
A92: Módulo 4 - Custo de reposição do profissional ausente
A93: 4.1 | B93: Substituto nas Ausências Legais | C93: % | D93: Valor (R$)
A94: A | B94: Substituto na cobertura de Férias | C94: 0 | D94: =$D$33*C94 -> 0 | E94: =[(5/55) x 100] = 9,09% - art. 18, §§ 1º, I, e 4º c/c os itens 1.2, “a”, do Anexo VII-B e 14 do Anexo XII, da IN Seges/MP 5/2017, e o item 2.4.1 do Caderno de Logística da Conta Vinculada-Seges/MP
A95: B | B95: Substituto na cobertura de Ausências Legais | C95: =(2.96/30)/12 -> 0.0082222222 | D95: =$D$33*C95 -> 25.712122 | E95: = Cálculo: [(2,96/30)/12]*100=0,82 - Acórdão 1753/2008 – Plenário TCU
A96: C | B96: Substituto na cobertura de Licença Paternidade | C96: =((20/30)/12)*1.57%*94% -> 0.00081988889 | D96: =$D$33*C96 -> 2.5639155 | E96: [(20/30)/12] x taxa bruta de natalidade x % de participação masculina no serviço
A97: D | B97: Substituto na cobertura de Ausência por Acidente de Trabalho | C97: =(0.91/30)/12 -> 0.0025277778 | D97: =$D$33*C97 -> 7.9047403 | E97: =[(0,91/30)/12]*100=0,25%
A98: E | B98: Substituto na cobertura de Afastamento Maternidade | C98: =((108/30)/12)*1.57%*6%*36.8% -> 0.0001039968 | D98: =$D$33*C98 -> 0.32521359 | E98: = [(180/30)/12] x taxa bruta de natalidade x % de mulheres x 36,80%
A99: F | B99: Substituto outras ausências (especificar) | D99: =$D$33*C99 -> 0
A100: Subtotal | D100: =TRUNC(SUM(D94:D99),2) -> 36.5
A101: G | B101: Incidência dos encargos previstos no submódulo 2.2 sobre o item 4.1 | D101: =D100*C101 -> 0
A102: Total | D102: =TRUNC(SUM(D100:D101),2) -> 36.5
A103: Nota 1: Os itens que contemplam o módulo 4 se referem ao custo dos dias trabalhados pelo repositor/substituto, quando o empregado alocado na prestação de serviço estiver ausente, conforme as previsões estabelecidas na legislação.
A105: 4.2 | B105: Substituto no Intervalo Intrajornada | C105: SIM/NÃO | D105: Valor (R$)
A106: A | B106: Substituto na cobertura de Intervalo para repouso ou alimentação | C106: Não | D106: =IF(C106="SIM",1*15.58*(D27+D29)/187) -> 0 | E106: = 1 hora de repouso x qtde de dias no mês x (Salário base + Adic periculosidade) / Quantidade Horas Mês
A108: Quadro resumo módulo 4
A109: 4 | B109: Módulo 4 - Custo de Reposição do Profissional Ausente | D109: Valor (R$)
A110: 4.1 | B110: Substituto nas Ausências Legais | D110: =D102 -> 36.5
A111: 4.2 | B111: Substituto na Intrajornada | D111: =D106 -> 0
A112: TOTAL | D112: =TRUNC(SUM(D110:D111),2) -> 36.5
A114: 5 | B114: Módulo 5 - Insumos diversos | C114: R$ | D114: Valor (R$)
A115: A | B115: Uniformes Valor anual: | C115: ='Insumos diversos'!G9 -> 1175.88 | D115: =C115/12 -> 97.99 | E115: = Valor total anual estimado / 12 meses
A116: B | B116: Insumos de uso compartilhado Valor anual: | C116: ='Insumos diversos'!G17 -> 0 | D116: =C116/12/2 -> 0 | E116: = Valor total anual estimado / 12 meses / Qtde de funcionários que compartilharão os insumos
...

Sheet Moço de Convés 12x36 Diurno
A1: PLANILHA DE CUSTO E FORMAÇÃO DE PREÇO - IN 05/2017 (atualizada pela IN 07/2018)
A2: SERVIÇO DE URGÊNCIA E EMERGÊNCIA
A3: Nº do processo:
A4: Nº da Licitação:
A5: Data / hora:
A7: Discriminação dos serviços ( dados referentes à contratação)
A8: A | B8: Data de apresentação da proposta (dia/mês/ano)
A9: B | B9: Município/UF | D9: SÃOJOSÉ DO NORTE/RS
A10: C | B10: Ano do Acordo, Convenção ou Dissídio Coletivo | D10: 2026/2027
A11: D | B11: Nº de meses de execução contratual | D11: 12
A13: Identificação do Serviço
A14: Tipo de Serviço | C14: Unidade de Medida | D14: Qtde total a contratar (em função da unidade de medida)
A15: SERVIÇO DE URGÊNCIA E EMERGÊNCIA | C15: 1 | D15: 1
A17: MÓDULOS DE MÃO DE OBRA VINCULADA À EXECUÇÃO CONTRATUAL
A19: Dados para composição dos custos referentes à mão-de-obra
A20: 1 | B20: Tipo de serviço (mesmo serviço com características distintas) | D20: =RESUMO!B19 -> Moço de convés 12x36 noturno
A21: 2 | B21: Classificação Brasileira de Ocupações (CBO) | D21: =RESUMO!C19 -> 7827-15
A22: 3 | B22: Salário Nominativo da Categoria Profissional | D22: 2377.98
A23: 4 | B23: Categoria profissional (vinculada à execução contratual) | D23: Moço de convés
A24: 5 | B24: Data base da categoria (dia/mês/ano) | D24: 2026/2027
A26: 1 | B26: Módulo 1 - Composição da Remuneração | C26: % | D26: Valor (R$) | E26: SALÁRIO MÍNIMO NACIONAL
A27: A | B27: Salário Base | D27: =D22 -> 2377.98 | E27: 1621
A28: B | B28: Adicional de Periculosidade | D28: =C28*D27 -> 0 | E28: = Salario base x % de periculosidade
A29: C | B29: Adicional de Insalubridade | C29: 0.3 | D29: =C29*E27 -> 486.3 | E29: = Salario minimo x % de insalubridade
A30: D | B30: Adicional Noturno (22h às 5h) Horas: | C30: 0 | D30: =IF(C30="",0,C30*15.2*((D27+D28)/220)*0.2) -> 0 | E30: = Horas de adicional noturno x qtde de dias no mês x ((salario base + periculosidade)/220 horas) x 20% de adicional
A31: E | B31: Adicional de Hora Noturna Reduzida Horas: | C31: =IF(C30=8,"",IF(C30=7,1,"")) | D31: =IF(C31<>1,0,1*15.2*(D27+D28)/220*0.2) -> 0 | E31: = 1 hora noturna reduzida x qtde de dias no mês x ((salario base + periculosidade)/220 horas) x 20% de adicional (Somente se for considerado 7 horas de adicional noturno)
A32: F | B32: Gratificaçã de Função (RT) | D32: 0
A33: Total da Remuneração | D33: =TRUNC(SUM(D27:D32),2) -> 2864.28
A34: Nota 1: O Módulo 1 refere-se ao valor mensal devido ao empregado pela prestação do serviço no período de 12 meses.
A36: Módulo 2: Encargos e Benefícios Anuais, Mensais e Diários
A38: 2.1 | B38: 13º Salário, Férias e Adicional de Férias | C38: % | D38: Valor (R$)
A39: A | B39: 13 (Décimo-terceiro) salário | C39: =1/12 -> 0.083333333 | D39: =$D$33*C39 -> 238.69 | E39: [(1/12) x 100] = 1 Remuneração/12
A40: B | B40: Adicional de Férias | C40: =(5/55)/3 -> 0.03030303 | D40: =$D$33*C40 -> 86.796364
A41: Subtotal | D41: =SUM(D39:D40) -> 325.48636
A42: C | B42: Incidência dos encargos previstos no submódulo 2.2 sobre o item 2.1 | C42: =C58 -> 0.408 | D42: =D41*C42 -> 132.79844 | E42: = Percentual total do submódulo 2.2
A43: Total | D43: =TRUNC(SUM(D41:D42),2) -> 458.28
A44: Nota 1: Como a planilha de custos e formação de preços é calculada mensalmente, provisiona-se proporcionalmente 1/12 (um doze avos) dos valores referentes a gratificação natalina, férias e adicional de férias. (Redação dada pela Instrução Normativa nº 7, de 2018)
A45: Nota 2: O adicional de férias contido no Submódulo 2.1 corresponde a 1/3 (um terço) da remuneração que por sua vez é divido por 12 (doze) conforme Nota 1 acima.
A46: Nota 3: Levando em consideração a vigência contratual prevista no art. 57 da Lei nº 8.666, de 23 de junho de 1993, a rubrica férias tem como objetivo principal suprir a necessidade do pagamento das férias remuneradas ao final do contrato de 12 meses. Esta rubrica, quando da prorrogação contratual, torna-se custo não renovável. (Incluído pela Instrução Normativa nº 7, de 2018)
A48: 2.2 | B48: Encargos Previdenciário (GPS), Fundo de garantia por tempo de Serviço ( FGTS) e outras Contribuições | C48: % | D48: Valor (R$)
A49: A | B49: INSS | C49: 0.2 | D49: =$D$33*C49 -> 572.856
A50: B | B50: Salário Educação | C50: 0.025 | D50: =$D$33*C50 -> 71.607
A51: C | B51: GILL/RAT (Rat Ajustado) - (RAT 3% x FAP 2) | C51: 0.06 | D51: =$D$33*C51 -> 171.8568
A52: D | B52: SESC ou SESI | C52: 0.015 | D52: =$D$33*C52 -> 42.9642
A53: E | B53: SENAI - SENAC | C53: 0.01 | D53: =$D$33*C53 -> 28.6428
A54: F | B54: SEBRAE | C54: 0.006 | D54: =$D$33*C54 -> 17.18568
A55: G | B55: INCRA | C55: 0.002 | D55: =$D$33*C55 -> 5.72856
A56: H | B56: FGTS | C56: 0.08 | D56: =$D$33*C56 -> 229.1424
A57: I | B57: PIS | C57: 0.01 | D57: =$D$33*C57 -> 28.6428
A58: Total | C58: =SUM(C49:C57) -> 0.408 | D58: =TRUNC(SUM(D49:D57),2) -> 1168.62
A59: Nota 1: Os percentuais dos encargos previdenciaários, do FGTS e demais contribuições são aqueles estabelecidos pela legislação vigente.
A60: Nota 2: O SAT a depender do grau de risco do serviço irá variar entre 1%, para risco leve, de 2%, para risco médio, e de 3% de risco grave.
A61: Nota 3: Esses percentuais incidem sobre o Módulo 1, o Submódulo 2.1.
A63: 2.3 | B63: Benefícios Mensais e Diários | C63: R$ | D63: Valor (R$)
A64: A | B64: Transporte | C64: 6.5 | D64: =IF((C64*2*23)-(0.06*D27)<0,0,(C64*2*23)-(0.06*D27)) -> 156.3212 | E64: = (Valor do vale x qtde recebida por dia x qtde. de dias no mês) - (6% x Salário base)
A65: B | B65: Auxílio-Refeição/Alimentação | C65: =(1351)/15.58 -> 86.713736 | D65: =(C65*15.58)-1 -> 1350 | E65: = Valor do VA x qtde de dias no mês x % por conta da empresa
A66: D | B66: PBSF - Plano de Benefício Social Familiar
A67: Total | D67: =TRUNC(SUM(D64:D66),2) -> 1506.32
A68: Nota 1: O valor informado deverá ser o custo real do benefício (descontado o valor eventualmente pago pelo empregado).
A69: Nota 2: Observar a previsão dos benefícios contidos em Acordos, Convenções e Dissídios Coletivos de Trabalho e atentar-se ao disposto no art. 6º desta Instrução Normativa.
A71: 2.4 | B71: Intervalo Intrajornada Indenizada do Titular do Posto | C71: SIM/NÃO | D71: Valor (R$)
A72: A | B72: Provisão de intrajornada indenizada ao titular do posto | D72: =IF(C72="SIM",(0.5*15.58*(D27+D28+D30+D31)/187)*1.5,0) -> 0 | E72: = (Meia hora x Qtde de dias no mês x (Salário base + adic. De periculosidade + Adic noturno)/quandidade de horas mês) x valor da hora acrescida de 50%)
A74: Quadro resumo módulo 2
A75: 2 | B75: Módulo 2 - Encargos, Benefícios Anuais, Mensais e Diários | D75: Valor (R$)
A76: 2.1 | B76: 13º Salário, Férias e Adicional de Férias | D76: =D43 -> 458.28
A77: 2.2 | B77: GPS, FGTS e Outras Contribuições | D77: =D58 -> 1168.62
A78: 2.3 | B78: Benefícios Mensais e Diários | D78: =D67 -> 1506.32
A79: 2.4 | B79: Intervalo Intrajornada Indenizada do Titular do Posto | D79: =D72 -> 0
A80: TOTAL | D80: =TRUNC(SUM(D76:D79),2) -> 3133.22
A82: 3 | B82: Módulo 3 - Provisão para rescisão | C82: % | D82: Valor (R$)
A83: A | B83: Aviso Prévio Indenizado | C83: =((1+12.1%+8.33%)/12)*5% -> 0.0050179167 | D83: =$D$33*C83 -> 14.372718 | E83: = ((1 remuneração + Férias e adicional de férias + 13º salário)/ 12 meses) x probabilidade de ocorrência
A84: B | B84: Incidência do FGTS sobre Aviso Prévio Indenizado | C84: =8%*C83 -> 0.00040143333 | D84: =$D$33*C84 -> 1.1498175 | E84: = 8% de FGTS x Aviso prédio indenizado
A85: C | B85: Multa do FGTS (e contribuições sociais) sobre o Aviso Prévio Indenizado | C85: =40%*C84 -> 0.00016057333 | D85: =$D$33*C85 -> 0.45992699 | E85: = 40% de multa do FGTS sobre aviso prévio indenizado
A86: D | B86: Aviso Prévio Trabalhado | C86: =(7/360) -> 0.019444444 | D86: =$D$33*C86 -> 55.694333 | E86: = 7 dias de aviso / qtde de dias no ano
A87: E | B87: Incidência de GPS, FGTS e outras contribuições sobre o Aviso Prévio Trabalhado | C87: =C86*C58 -> 0.0079333333 | D87: =$D$33*C87 -> 22.723288 | E87: = % total do submódulo 2.2 x Aviso prévio trabalhado
A88: F | B88: Multa do FGTS (e contribuições sociais) sobre o Aviso Prévio Trabalhado | C88: =4%-C85 -> 0.039839427 | D88: =$D$33*C88 -> 114.11127 | E88: = O que falta para dar 4% após o cálculo do % da multa do FGTS sobre Aviso prévio indenizado
A89: Total | D89: =TRUNC(SUM(D83:D88),2) -> 208.51
A90: OBS.: A contribuição social foi extinta pela Lei 13.932/2019.
A92: Módulo 4 - Custo de reposição do profissional ausente
A93: 4.1 | B93: Substituto nas Ausências Legais | C93: % | D93: Valor (R$)
A94: A | B94: Substituto na cobertura de Férias | C94: 0 | D94: =$D$33*C94 -> 0 | E94: =[(5/55) x 100] = 9,09% - art. 18, §§ 1º, I, e 4º c/c os itens 1.2, “a”, do Anexo VII-B e 14 do Anexo XII, da IN Seges/MP 5/2017, e o item 2.4.1 do Caderno de Logística da Conta Vinculada-Seges/MP
A95: B | B95: Substituto na cobertura de Ausências Legais | C95: =(2.96/30)/12 -> 0.0082222222 | D95: =$D$33*C95 -> 23.550747 | E95: = Cálculo: [(2,96/30)/12]*100=0,82 - Acórdão 1753/2008 – Plenário TCU
A96: C | B96: Substituto na cobertura de Licença Paternidade | C96: =((20/30)/12)*1.57%*94% -> 0.00081988889 | D96: =$D$33*C96 -> 2.3483913 | E96: [(20/30)/12] x taxa bruta de natalidade x % de participação masculina no serviço
A97: D | B97: Substituto na cobertura de Ausência por Acidente de Trabalho | C97: =(0.91/30)/12 -> 0.0025277778 | D97: =$D$33*C97 -> 7.2402633 | E97: =[(0,91/30)/12]*100=0,25%
A98: E | B98: Substituto na cobertura de Afastamento Maternidade | C98: =((108/30)/12)*1.57%*6%*36.8% -> 0.0001039968 | D98: =$D$33*C98 -> 0.29787595 | E98: = [(180/30)/12] x taxa bruta de natalidade x % de mulheres x 36,80%
A99: F | B99: Substituto outras ausências (especificar) | D99: =$D$33*C99 -> 0
A100: Subtotal | D100: =TRUNC(SUM(D94:D99),2) -> 33.43
A101: G | B101: Incidência dos encargos previstos no submódulo 2.2 sobre o item 4.1 | D101: =D100*C101 -> 0
A102: Total | D102: =TRUNC(SUM(D100:D101),2) -> 33.43
A103: Nota 1: Os itens que contemplam o módulo 4 se referem ao custo dos dias trabalhados pelo repositor/substituto, quando o empregado alocado na prestação de serviço estiver ausente, conforme as previsões estabelecidas na legislação.
A105: 4.2 | B105: Substituto no Intervalo Intrajornada | C105: SIM/NÃO | D105: Valor (R$)
A106: A | B106: Substituto na cobertura de Intervalo para repouso ou alimentação | C106: SIM | D106: =IF(C106="SIM",1*15.58*(D27+D29)/187) -> 238.63894 | E106: = 1 hora de repouso x qtde de dias no mês x (Salário base + Adic periculosidade) / Quantidade Horas Mês
A108: Quadro resumo módulo 4
A109: 4 | B109: Módulo 4 - Custo de Reposição do Profissional Ausente | D109: Valor (R$)
A110: 4.1 | B110: Substituto nas Ausências Legais | D110: =D102 -> 33.43
A111: 4.2 | B111: Substituto na Intrajornada | D111: =D106 -> 238.63894
A112: TOTAL | D112: =TRUNC(SUM(D110:D111),2) -> 272.06
A114: 5 | B114: Módulo 5 - Insumos diversos | C114: R$ | D114: Valor (R$)
A115: A | B115: Uniformes Valor anual: | C115: ='Insumos diversos'!G9 -> 1175.88 | D115: =C115/12 -> 97.99 | E115: = Valor total anual estimado / 12 meses
A116: B | B116: Insumos de uso compartilhado Valor anual: | C116: ='Insumos diversos'!G17 -> 0 | D116: =C116/12/2 -> 0 | E116: = Valor total anual estimado / 12 meses / Qtde de funcionários que compartilharão os insumos
...

Sheet Moço Convés Folguista Noturno
A1: PLANILHA DE CUSTO E FORMAÇÃO DE PREÇO - IN 05/2017 (atualizada pela IN 07/2018)
A2: SERVIÇO DE URGÊNCIA E EMERGÊNCIA
A3: Nº do processo:
A4: Nº da Licitação:
A5: Data / hora:
A7: Discriminação dos serviços ( dados referentes à contratação)
A8: A | B8: Data de apresentação da proposta (dia/mês/ano)
A9: B | B9: Município/UF | D9: SÃOJOSÉ DO NORTE/RS
A10: C | B10: Ano do Acordo, Convenção ou Dissídio Coletivo | D10: 2026/2027
A11: D | B11: Nº de meses de execução contratual | D11: 12
A13: Identificação do Serviço
A14: Tipo de Serviço | C14: Unidade de Medida | D14: Qtde total a contratar (em função da unidade de medida)
A15: SERVIÇO DE URGÊNCIA E EMERGÊNCIA | C15: 1 | D15: 1
A17: MÓDULOS DE MÃO DE OBRA VINCULADA À EXECUÇÃO CONTRATUAL
A19: Dados para composição dos custos referentes à mão-de-obra
A20: 1 | B20: Tipo de serviço (mesmo serviço com características distintas) | D20: =RESUMO!B19 -> Moço de convés 12x36 noturno
A21: 2 | B21: Classificação Brasileira de Ocupações (CBO) | D21: =RESUMO!C19 -> 7827-15
A22: 3 | B22: Salário Nominativo da Categoria Profissional | D22: 2377.98
A23: 4 | B23: Categoria profissional (vinculada à execução contratual) | D23: Moço de convés
A24: 5 | B24: Data base da categoria (dia/mês/ano) | D24: 2026/2027
A26: 1 | B26: Módulo 1 - Composição da Remuneração | C26: % | D26: Valor (R$) | E26: SALÁRIO MÍNIMO NACIONAL
A27: A | B27: Salário Base | D27: =D22 -> 2377.98 | E27: 1621
A28: B | B28: Adicional de Periculosidade | D28: =C28*D27 -> 0 | E28: = Salario base x % de periculosidade
A29: C | B29: Adicional de Insalubridade | C29: 0.3 | D29: =C29*E27 -> 486.3 | E29: = Salario minimo x % de insalubridade
A30: D | B30: Adicional Noturno (22h às 5h) Horas: | C30: 7 | D30: =IF(C30="",0,C30*15.2*((D27+D28)/220)*0.2) -> 230.01552 | E30: = Horas de adicional noturno x qtde de dias no mês x ((salario base + periculosidade)/220 horas) x 20% de adicional
A31: E | B31: Adicional de Hora Noturna Reduzida Horas: | C31: =IF(C30=8,"",IF(C30=7,1,"")) -> 1 | D31: =IF(C31<>1,0,1*15.2*(D27+D28)/220*0.2) -> 32.85936 | E31: = 1 hora noturna reduzida x qtde de dias no mês x ((salario base + periculosidade)/220 horas) x 20% de adicional (Somente se for considerado 7 horas de adicional noturno)
A32: F | B32: Gratificaçã de Função (RT) | D32: 0
A33: Total da Remuneração | D33: =TRUNC(SUM(D27:D32),2) -> 3127.15
A34: Nota 1: O Módulo 1 refere-se ao valor mensal devido ao empregado pela prestação do serviço no período de 12 meses.
A36: Módulo 2: Encargos e Benefícios Anuais, Mensais e Diários
A38: 2.1 | B38: 13º Salário, Férias e Adicional de Férias | C38: % | D38: Valor (R$)
A39: A | B39: 13 (Décimo-terceiro) salário | C39: =1/12 -> 0.083333333 | D39: =$D$33*C39 -> 260.59583 | E39: [(1/12) x 100] = 1 Remuneração/12
A40: B | B40: Adicional de Férias | C40: =(5/55)/3 -> 0.03030303 | D40: =$D$33*C40 -> 94.762121
A41: Subtotal | D41: =SUM(D39:D40) -> 355.35795
A42: C | B42: Incidência dos encargos previstos no submódulo 2.2 sobre o item 2.1 | C42: =C58 -> 0.408 | D42: =D41*C42 -> 144.98605 | E42: = Percentual total do submódulo 2.2
A43: Total | D43: =TRUNC(SUM(D41:D42),2) -> 500.34
A44: Nota 1: Como a planilha de custos e formação de preços é calculada mensalmente, provisiona-se proporcionalmente 1/12 (um doze avos) dos valores referentes a gratificação natalina, férias e adicional de férias. (Redação dada pela Instrução Normativa nº 7, de 2018)
A45: Nota 2: O adicional de férias contido no Submódulo 2.1 corresponde a 1/3 (um terço) da remuneração que por sua vez é divido por 12 (doze) conforme Nota 1 acima.
A46: Nota 3: Levando em consideração a vigência contratual prevista no art. 57 da Lei nº 8.666, de 23 de junho de 1993, a rubrica férias tem como objetivo principal suprir a necessidade do pagamento das férias remuneradas ao final do contrato de 12 meses. Esta rubrica, quando da prorrogação contratual, torna-se custo não renovável. (Incluído pela Instrução Normativa nº 7, de 2018)
A48: 2.2 | B48: Encargos Previdenciário (GPS), Fundo de garantia por tempo de Serviço ( FGTS) e outras Contribuições | C48: % | D48: Valor (R$)
A49: A | B49: INSS | C49: 0.2 | D49: =$D$33*C49 -> 625.43
A50: B | B50: Salário Educação | C50: 0.025 | D50: =$D$33*C50 -> 78.17875
A51: C | B51: GILL/RAT (Rat Ajustado) - (RAT 3% x FAP 2) | C51: 0.06 | D51: =$D$33*C51 -> 187.629
A52: D | B52: SESC ou SESI | C52: 0.015 | D52: =$D$33*C52 -> 46.90725
A53: E | B53: SENAI - SENAC | C53: 0.01 | D53: =$D$33*C53 -> 31.2715
A54: F | B54: SEBRAE | C54: 0.006 | D54: =$D$33*C54 -> 18.7629
A55: G | B55: INCRA | C55: 0.002 | D55: =$D$33*C55 -> 6.2543
A56: H | B56: FGTS | C56: 0.08 | D56: =$D$33*C56 -> 250.172
A57: I | B57: PIS | C57: 0.01 | D57: =$D$33*C57 -> 31.2715
A58: Total | C58: =SUM(C49:C57) -> 0.408 | D58: =TRUNC(SUM(D49:D57),2) -> 1275.87
A59: Nota 1: Os percentuais dos encargos previdenciaários, do FGTS e demais contribuições são aqueles estabelecidos pela legislação vigente.
A60: Nota 2: O SAT a depender do grau de risco do serviço irá variar entre 1%, para risco leve, de 2%, para risco médio, e de 3% de risco grave.
A61: Nota 3: Esses percentuais incidem sobre o Módulo 1, o Submódulo 2.1.
A63: 2.3 | B63: Benefícios Mensais e Diários | C63: R$ | D63: Valor (R$)
A64: A | B64: Transporte | C64: 6.5 | D64: =IF((C64*2*23)-(0.06*D27)<0,0,(C64*2*23)-(0.06*D27)) -> 156.3212 | E64: = (Valor do vale x qtde recebida por dia x qtde. de dias no mês) - (6% x Salário base)
A65: B | B65: Auxílio-Refeição/Alimentação | C65: =(1351)/15.58 -> 86.713736 | D65: =(C65*15.58)-1 -> 1350 | E65: = Valor do VA x qtde de dias no mês x % por conta da empresa
A66: D | B66: PBSF - Plano de Benefício Social Familiar
A67: Total | D67: =TRUNC(SUM(D64:D66),2) -> 1506.32
A68: Nota 1: O valor informado deverá ser o custo real do benefício (descontado o valor eventualmente pago pelo empregado).
A69: Nota 2: Observar a previsão dos benefícios contidos em Acordos, Convenções e Dissídios Coletivos de Trabalho e atentar-se ao disposto no art. 6º desta Instrução Normativa.
A71: 2.4 | B71: Intervalo Intrajornada Indenizada do Titular do Posto | C71: SIM/NÃO | D71: Valor (R$)
A72: A | B72: Provisão de intrajornada indenizada ao titular do posto | C72: Sim | D72: =IF(C72="SIM",(0.5*15.58*(D27+D28+D30+D31)/187)*1.5,0) -> 165.01812 | E72: = (Meia hora x Qtde de dias no mês x (Salário base + adic. De periculosidade + Adic noturno)/quandidade de horas mês) x valor da hora acrescida de 50%)
A74: Quadro resumo módulo 2
A75: 2 | B75: Módulo 2 - Encargos, Benefícios Anuais, Mensais e Diários | D75: Valor (R$)
A76: 2.1 | B76: 13º Salário, Férias e Adicional de Férias | D76: =D43 -> 500.34
A77: 2.2 | B77: GPS, FGTS e Outras Contribuições | D77: =D58 -> 1275.87
A78: 2.3 | B78: Benefícios Mensais e Diários | D78: =D67 -> 1506.32
A79: 2.4 | B79: Intervalo Intrajornada Indenizada do Titular do Posto | D79: =D72 -> 165.01812
A80: TOTAL | D80: =TRUNC(SUM(D76:D79),2) -> 3447.54
A82: 3 | B82: Módulo 3 - Provisão para rescisão | C82: % | D82: Valor (R$)
A83: A | B83: Aviso Prévio Indenizado | C83: =((1+12.1%+8.33%)/12)*5% -> 0.0050179167 | D83: =$D$33*C83 -> 15.691778 | E83: = ((1 remuneração + Férias e adicional de férias + 13º salário)/ 12 meses) x probabilidade de ocorrência
A84: B | B84: Incidência do FGTS sobre Aviso Prévio Indenizado | C84: =8%*C83 -> 0.00040143333 | D84: =$D$33*C84 -> 1.2553422 | E84: = 8% de FGTS x Aviso prédio indenizado
A85: C | B85: Multa do FGTS (e contribuições sociais) sobre o Aviso Prévio Indenizado | C85: =40%*C84 -> 0.00016057333 | D85: =$D$33*C85 -> 0.5021369 | E85: = 40% de multa do FGTS sobre aviso prévio indenizado
A86: D | B86: Aviso Prévio Trabalhado | C86: =(7/360) -> 0.019444444 | D86: =$D$33*C86 -> 60.805694 | E86: = 7 dias de aviso / qtde de dias no ano
A87: E | B87: Incidência de GPS, FGTS e outras contribuições sobre o Aviso Prévio Trabalhado | C87: =C86*C58 -> 0.0079333333 | D87: =$D$33*C87 -> 24.808723 | E87: = % total do submódulo 2.2 x Aviso prévio trabalhado
A88: F | B88: Multa do FGTS (e contribuições sociais) sobre o Aviso Prévio Trabalhado | C88: =4%-C85 -> 0.039839427 | D88: =$D$33*C88 -> 124.58386 | E88: = O que falta para dar 4% após o cálculo do % da multa do FGTS sobre Aviso prévio indenizado
A89: Total | D89: =TRUNC(SUM(D83:D88),2) -> 227.64
A90: OBS.: A contribuição social foi extinta pela Lei 13.932/2019.
A92: Módulo 4 - Custo de reposição do profissional ausente
A93: 4.1 | B93: Substituto nas Ausências Legais | C93: % | D93: Valor (R$)
A94: A | B94: Substituto na cobertura de Férias | C94: 0 | D94: =$D$33*C94 -> 0 | E94: =[(5/55) x 100] = 9,09% - art. 18, §§ 1º, I, e 4º c/c os itens 1.2, “a”, do Anexo VII-B e 14 do Anexo XII, da IN Seges/MP 5/2017, e o item 2.4.1 do Caderno de Logística da Conta Vinculada-Seges/MP
A95: B | B95: Substituto na cobertura de Ausências Legais | C95: =(2.96/30)/12 -> 0.0082222222 | D95: =$D$33*C95 -> 25.712122 | E95: = Cálculo: [(2,96/30)/12]*100=0,82 - Acórdão 1753/2008 – Plenário TCU
A96: C | B96: Substituto na cobertura de Licença Paternidade | C96: =((20/30)/12)*1.57%*94% -> 0.00081988889 | D96: =$D$33*C96 -> 2.5639155 | E96: [(20/30)/12] x taxa bruta de natalidade x % de participação masculina no serviço
A97: D | B97: Substituto na cobertura de Ausência por Acidente de Trabalho | C97: =(0.91/30)/12 -> 0.0025277778 | D97: =$D$33*C97 -> 7.9047403 | E97: =[(0,91/30)/12]*100=0,25%
A98: E | B98: Substituto na cobertura de Afastamento Maternidade | C98: =((108/30)/12)*1.57%*6%*36.8% -> 0.0001039968 | D98: =$D$33*C98 -> 0.32521359 | E98: = [(180/30)/12] x taxa bruta de natalidade x % de mulheres x 36,80%
A99: F | B99: Substituto outras ausências (especificar) | D99: =$D$33*C99 -> 0
A100: Subtotal | D100: =TRUNC(SUM(D94:D99),2) -> 36.5
A101: G | B101: Incidência dos encargos previstos no submódulo 2.2 sobre o item 4.1 | D101: =D100*C101 -> 0
A102: Total | D102: =TRUNC(SUM(D100:D101),2) -> 36.5
A103: Nota 1: Os itens que contemplam o módulo 4 se referem ao custo dos dias trabalhados pelo repositor/substituto, quando o empregado alocado na prestação de serviço estiver ausente, conforme as previsões estabelecidas na legislação.
A105: 4.2 | B105: Substituto no Intervalo Intrajornada | C105: SIM/NÃO | D105: Valor (R$)
A106: A | B106: Substituto na cobertura de Intervalo para repouso ou alimentação | C106: Não | D106: =IF(C106="SIM",1*15.58*(D27+D29)/187) -> 0 | E106: = 1 hora de repouso x qtde de dias no mês x (Salário base + Adic periculosidade) / Quantidade Horas Mês
A108: Quadro resumo módulo 4
A109: 4 | B109: Módulo 4 - Custo de Reposição do Profissional Ausente | D109: Valor (R$)
A110: 4.1 | B110: Substituto nas Ausências Legais | D110: =D102 -> 36.5
A111: 4.2 | B111: Substituto na Intrajornada | D111: =D106 -> 0
A112: TOTAL | D112: =TRUNC(SUM(D110:D111),2) -> 36.5
A114: 5 | B114: Módulo 5 - Insumos diversos | C114: R$ | D114: Valor (R$)
A115: A | B115: Uniformes Valor anual: | C115: ='Insumos diversos'!G9 -> 1175.88 | D115: =C115/12 -> 97.99 | E115: = Valor total anual estimado / 12 meses
A116: B | B116: Insumos de uso compartilhado Valor anual: | C116: ='Insumos diversos'!G17 -> 0 | D116: =C116/12/2 -> 0 | E116: = Valor total anual estimado / 12 meses / Qtde de funcionários que compartilharão os insumos
...

Sheet Higienizador 8h
A1: PLANILHA DE CUSTO E FORMAÇÃO DE PREÇO - IN 05/2017 (atualizada pela IN 07/2018)
A2: SERVIÇO DE URGÊNCIA E EMERGÊNCIA
A3: Nº do processo:
A4: Nº da Licitação:
A5: Data / hora:
A7: Discriminação dos serviços ( dados referentes à contratação)
A8: A | B8: Data de apresentação da proposta (dia/mês/ano)
A9: B | B9: Município/UF | D9: SÃOJOSÉ DO NORTE/RS
A10: C | B10: Ano do Acordo, Convenção ou Dissídio Coletivo | D10: 2026
A11: D | B11: Nº de meses de execução contratual | D11: 12
A13: Identificação do Serviço
A14: Tipo de Serviço | C14: Unidade de Medida | D14: Qtde total a contratar (em função da unidade de medida)
A15: SERVIÇO DE URGÊNCIA E EMERGÊNCIA | C15: 1 | D15: 1
A17: MÓDULOS DE MÃO DE OBRA VINCULADA À EXECUÇÃO CONTRATUAL
A19: Dados para composição dos custos referentes à mão-de-obra
A20: 1 | B20: Tipo de serviço (mesmo serviço com características distintas) | D20: =RESUMO!B22 -> Higienizador 8h
A21: 2 | B21: Classificação Brasileira de Ocupações (CBO) | D21: =RESUMO!C22 -> 5143-20
A22: 3 | B22: Salário Nominativo da Categoria Profissional | D22: 1765.86
A23: 4 | B23: Categoria profissional (vinculada à execução contratual) | D23: Faxineiro
A24: 5 | B24: Data base da categoria (dia/mês/ano) | D24: 2026
A26: 1 | B26: Módulo 1 - Composição da Remuneração | C26: % | D26: Valor (R$) | E26: SALÁRIO MÍNIMO NACIONAL
A27: A | B27: Salário Base | D27: =D22 -> 1765.86 | E27: 1621
A28: B | B28: Adicional de Periculosidade | D28: =C28*D27 -> 0 | E28: = Salario base x % de periculosidade
A29: C | B29: Adicional de Insalubridade | C29: 0.4 | D29: =C29*E27 -> 648.4 | E29: = Salario minimo x % de insalubridade
A30: D | B30: Adicional Noturno (22h às 5h) Horas: | D30: =IF(C30="",0,C30*15.2*((D27+D28)/220)*0.2) -> 0 | E30: = Horas de adicional noturno x qtde de dias no mês x ((salario base + periculosidade)/220 horas) x 20% de adicional
A31: E | B31: Adicional de Hora Noturna Reduzida Horas: | C31: =IF(C30=8,"",IF(C30=7,1,"")) | D31: =IF(C31<>1,0,1*15.2*(D27+D28)/220*0.2) -> 0 | E31: = 1 hora noturna reduzida x qtde de dias no mês x ((salario base + periculosidade)/220 horas) x 20% de adicional (Somente se for considerado 7 horas de adicional noturno)
A32: F | B32: Gratificaçã de Função (RT) | D32: 0
A33: Total da Remuneração | D33: =TRUNC(SUM(D27:D32),2) -> 2414.26
A34: Nota 1: O Módulo 1 refere-se ao valor mensal devido ao empregado pela prestação do serviço no período de 12 meses.
A36: Módulo 2: Encargos e Benefícios Anuais, Mensais e Diários
A38: 2.1 | B38: 13º Salário, Férias e Adicional de Férias | C38: % | D38: Valor (R$)
A39: A | B39: 13 (Décimo-terceiro) salário | C39: =1/12 -> 0.083333333 | D39: =$D$33*C39 -> 201.18833 | E39: [(1/12) x 100] = 1 Remuneração/12
A40: B | B40: Adicional de Férias | C40: =(5/55)/3 -> 0.03030303 | D40: =$D$33*C40 -> 73.159394
A41: Subtotal | D41: =SUM(D39:D40) -> 274.34773
A42: C | B42: Incidência dos encargos previstos no submódulo 2.2 sobre o item 2.1 | C42: =C58 -> 0.408 | D42: =D41*C42 -> 111.93387 | E42: = Percentual total do submódulo 2.2
A43: Total | D43: =TRUNC(SUM(D41:D42),2) -> 386.28
A44: Nota 1: Como a planilha de custos e formação de preços é calculada mensalmente, provisiona-se proporcionalmente 1/12 (um doze avos) dos valores referentes a gratificação natalina, férias e adicional de férias. (Redação dada pela Instrução Normativa nº 7, de 2018)
A45: Nota 2: O adicional de férias contido no Submódulo 2.1 corresponde a 1/3 (um terço) da remuneração que por sua vez é divido por 12 (doze) conforme Nota 1 acima.
A46: Nota 3: Levando em consideração a vigência contratual prevista no art. 57 da Lei nº 8.666, de 23 de junho de 1993, a rubrica férias tem como objetivo principal suprir a necessidade do pagamento das férias remuneradas ao final do contrato de 12 meses. Esta rubrica, quando da prorrogação contratual, torna-se custo não renovável. (Incluído pela Instrução Normativa nº 7, de 2018)
A48: 2.2 | B48: Encargos Previdenciário (GPS), Fundo de garantia por tempo de Serviço ( FGTS) e outras Contribuições | C48: % | D48: Valor (R$)
A49: A | B49: INSS | C49: 0.2 | D49: =$D$33*C49 -> 482.852
A50: B | B50: Salário Educação | C50: 0.025 | D50: =$D$33*C50 -> 60.3565
A51: C | B51: GILL/RAT (Rat Ajustado) - (RAT 3% x FAP 2) | C51: 0.06 | D51: =$D$33*C51 -> 144.8556
A52: D | B52: SESC ou SESI | C52: 0.015 | D52: =$D$33*C52 -> 36.2139
A53: E | B53: SENAI - SENAC | C53: 0.01 | D53: =$D$33*C53 -> 24.1426
A54: F | B54: SEBRAE | C54: 0.006 | D54: =$D$33*C54 -> 14.48556
A55: G | B55: INCRA | C55: 0.002 | D55: =$D$33*C55 -> 4.82852
A56: H | B56: FGTS | C56: 0.08 | D56: =$D$33*C56 -> 193.1408
A57: I | B57: PIS | C57: 0.01 | D57: =$D$33*C57 -> 24.1426
A58: Total | C58: =SUM(C49:C57) -> 0.408 | D58: =TRUNC(SUM(D49:D57),2) -> 985.01
A59: Nota 1: Os percentuais dos encargos previdenciaários, do FGTS e demais contribuições são aqueles estabelecidos pela legislação vigente.
A60: Nota 2: O SAT a depender do grau de risco do serviço irá variar entre 1%, para risco leve, de 2%, para risco médio, e de 3% de risco grave.
A61: Nota 3: Esses percentuais incidem sobre o Módulo 1, o Submódulo 2.1.
A63: 2.3 | B63: Benefícios Mensais e Diários | C63: R$ | D63: Valor (R$)
A64: A | B64: Transporte | C64: 6.5 | D64: =IF((C64*2*23)-(0.06*D27)<0,0,(C64*2*23)-(0.06*D27)) -> 193.0484 | E64: = (Valor do vale x qtde recebida por dia x qtde. de dias no mês) - (6% x Salário base)
A65: B | B65: Auxílio-Refeição/Alimentação | C65: 27.15 | D65: =C65*23*(100%-19%) -> 505.8045 | E65: = Valor do VA x qtde de dias no mês x % por conta da empresa
A66: D | B66: PBSF - Plano de Benefício Social Familiar | D66: 25.52
A67: Total | D67: =TRUNC(SUM(D64:D66),2) -> 724.37
A68: Nota 1: O valor informado deverá ser o custo real do benefício (descontado o valor eventualmente pago pelo empregado).
A69: Nota 2: Observar a previsão dos benefícios contidos em Acordos, Convenções e Dissídios Coletivos de Trabalho e atentar-se ao disposto no art. 6º desta Instrução Normativa.
A71: 2.4 | B71: Intervalo Intrajornada Indenizada do Titular do Posto | C71: SIM/NÃO | D71: Valor (R$)
A72: A | B72: Provisão de intrajornada indenizada ao titular do posto | C72: Não | D72: =IF(C72="SIM",(0.5*26*(D27+D28+D30+D31)/220)*1.5,0) -> 0 | E72: = (Meia hora x Qtde de dias no mês x (Salário base + adic. De periculosidade + Adic noturno)/ 220 horas) x valor da hora acrescida de 50%)
A74: Quadro resumo módulo 2
A75: 2 | B75: Módulo 2 - Encargos, Benefícios Anuais, Mensais e Diários | D75: Valor (R$)
A76: 2.1 | B76: 13º Salário, Férias e Adicional de Férias | D76: =D43 -> 386.28
A77: 2.2 | B77: GPS, FGTS e Outras Contribuições | D77: =D58 -> 985.01
A78: 2.3 | B78: Benefícios Mensais e Diários | D78: =D67 -> 724.37
A79: 2.4 | B79: Intervalo Intrajornada Indenizada do Titular do Posto | D79: =D72 -> 0
A80: TOTAL | D80: =TRUNC(SUM(D76:D79),2) -> 2095.66
A82: 3 | B82: Módulo 3 - Provisão para rescisão | C82: % | D82: Valor (R$)
A83: A | B83: Aviso Prévio Indenizado | C83: =((1+12.1%+8.33%)/12)*5% -> 0.0050179167 | D83: =$D$33*C83 -> 12.114555 | E83: = ((1 remuneração + Férias e adicional de férias + 13º salário)/ 12 meses) x probabilidade de ocorrência
A84: B | B84: Incidência do FGTS sobre Aviso Prévio Indenizado | C84: =8%*C83 -> 0.00040143333 | D84: =$D$33*C84 -> 0.96916444 | E84: = 8% de FGTS x Aviso prédio indenizado
A85: C | B85: Multa do FGTS (e contribuições sociais) sobre o Aviso Prévio Indenizado | C85: =40%*C84 -> 0.00016057333 | D85: =$D$33*C85 -> 0.38766578 | E85: = 40% de multa do FGTS sobre aviso prévio indenizado
A86: D | B86: Aviso Prévio Trabalhado | C86: =(7/360) -> 0.019444444 | D86: =$D$33*C86 -> 46.943944 | E86: = 7 dias de aviso / qtde de dias no ano
A87: E | B87: Incidência de GPS, FGTS e outras contribuições sobre o Aviso Prévio Trabalhado | C87: =C86*C58 -> 0.0079333333 | D87: =$D$33*C87 -> 19.153129 | E87: = % total do submódulo 2.2 x Aviso prévio trabalhado
A88: F | B88: Multa do FGTS (e contribuições sociais) sobre o Aviso Prévio Trabalhado | C88: =4%-C85 -> 0.039839427 | D88: =$D$33*C88 -> 96.182734 | E88: = O que falta para dar 4% após o cálculo do % da multa do FGTS sobre Aviso prévio indenizado
A89: Total | D89: =TRUNC(SUM(D83:D88),2) -> 175.75
A90: OBS.: A contribuição social foi extinta pela Lei 13.932/2019.
A92: Módulo 4 - Custo de reposição do profissional ausente
A93: 4.1 | B93: Substituto nas Ausências Legais | C93: % | D93: Valor (R$)
A94: A | B94: Substituto na cobertura de Férias | C94: 0 | D94: =$D$33*C94 -> 0 | E94: =[(5/55) x 100] = 9,09% - art. 18, §§ 1º, I, e 4º c/c os itens 1.2, “a”, do Anexo VII-B e 14 do Anexo XII, da IN Seges/MP 5/2017, e o item 2.4.1 do Caderno de Logística da Conta Vinculada-Seges/MP
A95: B | B95: Substituto na cobertura de Ausências Legais | C95: =((2.96)/30)/12 -> 0.0082222222 | D95: =$D$33*C95 -> 19.850582 | E95: = Cálculo: [(2,96/30)/12]*100=0,82 - Acórdão 1753/2008 – Plenário TCU
A96: C | B96: Substituto na cobertura de Licença Paternidade | C96: =((20/30)/12)*1.57%*23% -> 0.00020061111 | D96: =$D$33*C96 -> 0.48432738 | E96: '[(20/30)/12] x taxa bruta de natalidade x % de participação masculina no serviço
A97: D | B97: Substituto na cobertura de Ausência por Acidente de Trabalho | C97: =(0.91/30)/12 -> 0.0025277778 | D97: =$D$33*C97 -> 6.1027128 | E97: =[(0,91/30)/12]*100=0,25%
A98: E | B98: Substituto na cobertura de Afastamento Maternidade | C98: =((108/30)/12)*1.57%*77%*36.8% -> 0.0013346256 | D98: =$D$33*C98 -> 3.2221332 | E98: = [(180/30)/12] x taxa bruta de natalidade x % de mulheres x 36,80%
A99: F | B99: Substituto outras ausências (especificar)
A100: Subtotal | D100: =TRUNC(SUM(D94:D99),2) -> 29.65
A101: G | B101: Incidência dos encargos previstos no submódulo 2.2 sobre o item 4.1 | D101: =D100*C101 -> 0
A102: Total | D102: =TRUNC(SUM(D100:D101),2) -> 29.65
A103: Nota 1: Os itens que contemplam o módulo 4 se referem ao custo dos dias trabalhados pelo repositor/substituto, quando o empregado alocado na prestação de serviço estiver ausente, conforme as previsões estabelecidas na legislação.
A105: 4.2 | B105: Substituto no Intervalo Intrajornada | C105: SIM/NÃO | D105: Valor (R$)
A106: A | B106: Substituto na cobertura de Intervalo para repouso ou alimentação | C106: não | D106: =IF(C106="SIM",1*26*(D27+D29)/220,0) -> 0 | E106: = 1 hora de repouso x qtde de dias no mês x (Salário base + Adic periculosidade) / 220 horas
A108: Quadro resumo módulo 4
A109: 4 | B109: Módulo 4 - Custo de Reposição do Profissional Ausente | D109: Valor (R$)
A110: 4.1 | B110: Substituto nas Ausências Legais | D110: =D102 -> 29.65
A111: 4.2 | B111: Substituto na Intrajornada | D111: =D106 -> 0
A112: TOTAL | D112: =TRUNC(SUM(D110:D111),2) -> 29.65
A114: 5 | B114: Módulo 5 - Insumos diversos | C114: R$ | D114: Valor (R$)
A115: A | B115: Uniformes Valor anual: | C115: ='Insumos diversos'!G9 -> 1175.88 | D115: =C115/12 -> 97.99 | E115: = Valor total anual estimado / 12 meses
A116: B | B116: Insumos de uso compartilhado Valor anual: | C116: ='Insumos diversos'!G17 -> 0 | D116: =C116/12/2 -> 0 | E116: = Valor total anual estimado / 12 meses / Qtde de funcionários que compartilharão os insumos
...

Sheet Coord. de Manutenção 8h
A1: PLANILHA DE CUSTO E FORMAÇÃO DE PREÇO - IN 05/2017 (atualizada pela IN 07/2018)
A2: SERVIÇO DE URGÊNCIA E EMERGÊNCIA
A3: Nº do processo:
A4: Nº da Licitação:
A5: Data / hora:
A7: Discriminação dos serviços ( dados referentes à contratação)
A8: A | B8: Data de apresentação da proposta (dia/mês/ano)
A9: B | B9: Município/UF | D9: SÃOJOSÉ DO NORTE/RS
A10: C | B10: Ano do Acordo, Convenção ou Dissídio Coletivo | D10: 2026
A11: D | B11: Nº de meses de execução contratual | D11: 12
A13: Identificação do Serviço
A14: Tipo de Serviço | C14: Unidade de Medida | D14: Qtde total a contratar (em função da unidade de medida)
A15: SERVIÇO DE URGÊNCIA E EMERGÊNCIA | C15: 1 | D15: 1
A17: MÓDULOS DE MÃO DE OBRA VINCULADA À EXECUÇÃO CONTRATUAL
A19: Dados para composição dos custos referentes à mão-de-obra
A20: 1 | B20: Tipo de serviço (mesmo serviço com características distintas) | D20: =RESUMO!B23 -> Coordenador de Manutenção
A21: 2 | B21: Classificação Brasileira de Ocupações (CBO) | D21: =RESUMO!C23 -> 1427-05
A22: 3 | B22: Salário Nominativo da Categoria Profissional | D22: 1765.86
A23: 4 | B23: Categoria profissional (vinculada à execução contratual) | D23: Auxliar de Manutenção
A24: 5 | B24: Data base da categoria (dia/mês/ano) | D24: 2026
A26: 1 | B26: Módulo 1 - Composição da Remuneração | C26: % | D26: Valor (R$) | E26: SALÁRIO MÍNIMO NACIONAL
A27: A | B27: Salário Base | D27: =D22 -> 1765.86 | E27: 1621
A28: B | B28: Adicional de Periculosidade | D28: =C28*D27 -> 0 | E28: = Salario base x % de periculosidade
A29: C | B29: Adicional de Insalubridade | C29: 0.2 | D29: =C29*E27 -> 324.2 | E29: = Salario minimo x % de insalubridade
A30: D | B30: Adicional Noturno (22h às 5h) Horas: | D30: =IF(C30="",0,C30*15.2*((D27+D28)/220)*0.2) -> 0 | E30: = Horas de adicional noturno x qtde de dias no mês x ((salario base + periculosidade)/220 horas) x 20% de adicional
A31: E | B31: Adicional de Hora Noturna Reduzida Horas: | C31: =IF(C30=8,"",IF(C30=7,1,"")) | D31: =IF(C31<>1,0,1*15.2*(D27+D28)/220*0.2) -> 0 | E31: = 1 hora noturna reduzida x qtde de dias no mês x ((salario base + periculosidade)/220 horas) x 20% de adicional (Somente se for considerado 7 horas de adicional noturno)
A32: F | B32: Gratificaçã de Função (RT)
A33: Total da Remuneração | D33: =TRUNC(SUM(D27:D32),2) -> 2090.06
A34: Nota 1: O Módulo 1 refere-se ao valor mensal devido ao empregado pela prestação do serviço no período de 12 meses.
A36: Módulo 2: Encargos e Benefícios Anuais, Mensais e Diários
A38: 2.1 | B38: 13º Salário, Férias e Adicional de Férias | C38: % | D38: Valor (R$)
A39: A | B39: 13 (Décimo-terceiro) salário | C39: =1/12 -> 0.083333333 | D39: =$D$33*C39 -> 174.17167 | E39: [(1/12) x 100] = 1 Remuneração/12
A40: B | B40: Adicional de Férias | C40: =(5/55)/3 -> 0.03030303 | D40: =$D$33*C40 -> 63.335152
A41: Subtotal | D41: =SUM(D39:D40) -> 237.50682
A42: C | B42: Incidência dos encargos previstos no submódulo 2.2 sobre o item 2.1 | C42: =C58 -> 0.408 | D42: =D41*C42 -> 96.902782 | E42: = Percentual total do submódulo 2.2
A43: Total | D43: =TRUNC(SUM(D41:D42),2) -> 334.4
A44: Nota 1: Como a planilha de custos e formação de preços é calculada mensalmente, provisiona-se proporcionalmente 1/12 (um doze avos) dos valores referentes a gratificação natalina, férias e adicional de férias. (Redação dada pela Instrução Normativa nº 7, de 2018)
A45: Nota 2: O adicional de férias contido no Submódulo 2.1 corresponde a 1/3 (um terço) da remuneração que por sua vez é divido por 12 (doze) conforme Nota 1 acima.
A46: Nota 3: Levando em consideração a vigência contratual prevista no art. 57 da Lei nº 8.666, de 23 de junho de 1993, a rubrica férias tem como objetivo principal suprir a necessidade do pagamento das férias remuneradas ao final do contrato de 12 meses. Esta rubrica, quando da prorrogação contratual, torna-se custo não renovável. (Incluído pela Instrução Normativa nº 7, de 2018)
A48: 2.2 | B48: Encargos Previdenciário (GPS), Fundo de garantia por tempo de Serviço ( FGTS) e outras Contribuições | C48: % | D48: Valor (R$)
A49: A | B49: INSS | C49: 0.2 | D49: =$D$33*C49 -> 418.012
A50: B | B50: Salário Educação | C50: 0.025 | D50: =$D$33*C50 -> 52.2515
A51: C | B51: GILL/RAT (Rat Ajustado) - (RAT 3% x FAP 2) | C51: 0.06 | D51: =$D$33*C51 -> 125.4036
A52: D | B52: SESC ou SESI | C52: 0.015 | D52: =$D$33*C52 -> 31.3509
A53: E | B53: SENAI - SENAC | C53: 0.01 | D53: =$D$33*C53 -> 20.9006
A54: F | B54: SEBRAE | C54: 0.006 | D54: =$D$33*C54 -> 12.54036
A55: G | B55: INCRA | C55: 0.002 | D55: =$D$33*C55 -> 4.18012
A56: H | B56: FGTS | C56: 0.08 | D56: =$D$33*C56 -> 167.2048
A57: I | B57: PIS | C57: 0.01 | D57: =$D$33*C57 -> 20.9006
A58: Total | C58: =SUM(C49:C57) -> 0.408 | D58: =TRUNC(SUM(D49:D57),2) -> 852.74
A59: Nota 1: Os percentuais dos encargos previdenciaários, do FGTS e demais contribuições são aqueles estabelecidos pela legislação vigente.
A60: Nota 2: O SAT a depender do grau de risco do serviço irá variar entre 1%, para risco leve, de 2%, para risco médio, e de 3% de risco grave.
A61: Nota 3: Esses percentuais incidem sobre o Módulo 1, o Submódulo 2.1.
A63: 2.3 | B63: Benefícios Mensais e Diários | C63: R$ | D63: Valor (R$)
A64: A | B64: Transporte | C64: 6.5 | D64: =IF((C64*2*23)-(0.06*D27)<0,0,(C64*2*23)-(0.06*D27)) -> 193.0484 | E64: = (Valor do vale x qtde recebida por dia x qtde. de dias no mês) - (6% x Salário base)
A65: B | B65: Auxílio-Refeição/Alimentação | C65: 27.15 | D65: =C65*23*(100%-19%) -> 505.8045 | E65: = Valor do VA x qtde de dias no mês x % por conta da empresa
A66: D | B66: PBSF - Plano de Benefício Social Familiar | D66: 25.52
A67: Total | D67: =TRUNC(SUM(D64:D66),2) -> 724.37
A68: Nota 1: O valor informado deverá ser o custo real do benefício (descontado o valor eventualmente pago pelo empregado).
A69: Nota 2: Observar a previsão dos benefícios contidos em Acordos, Convenções e Dissídios Coletivos de Trabalho e atentar-se ao disposto no art. 6º desta Instrução Normativa.
A71: 2.4 | B71: Intervalo Intrajornada Indenizada do Titular do Posto | C71: SIM/NÃO | D71: Valor (R$)
A72: A | B72: Provisão de intrajornada indenizada ao titular do posto | D72: =IF(C72="SIM",(0.5*26*(D27+D28+D30+D31)/220)*1.5,0) -> 0 | E72: = (Meia hora x Qtde de dias no mês x (Salário base + adic. De periculosidade + Adic noturno)/ 220 horas) x valor da hora acrescida de 50%)
A74: Quadro resumo módulo 2
A75: 2 | B75: Módulo 2 - Encargos, Benefícios Anuais, Mensais e Diários | D75: Valor (R$)
A76: 2.1 | B76: 13º Salário, Férias e Adicional de Férias | D76: =D43 -> 334.4
A77: 2.2 | B77: GPS, FGTS e Outras Contribuições | D77: =D58 -> 852.74
A78: 2.3 | B78: Benefícios Mensais e Diários | D78: =D67 -> 724.37
A79: 2.4 | B79: Intervalo Intrajornada Indenizada do Titular do Posto | D79: =D72 -> 0
A80: TOTAL | D80: =TRUNC(SUM(D76:D79),2) -> 1911.51
A82: 3 | B82: Módulo 3 - Provisão para rescisão | C82: % | D82: Valor (R$)
A83: A | B83: Aviso Prévio Indenizado | C83: =((1+12.1%+8.33%)/12)*5% -> 0.0050179167 | D83: =$D$33*C83 -> 10.487747 | E83: = ((1 remuneração + Férias e adicional de férias + 13º salário)/ 12 meses) x probabilidade de ocorrência
A84: B | B84: Incidência do FGTS sobre Aviso Prévio Indenizado | C84: =8%*C83 -> 0.00040143333 | D84: =$D$33*C84 -> 0.83901975 | E84: = 8% de FGTS x Aviso prédio indenizado
A85: C | B85: Multa do FGTS (e contribuições sociais) sobre o Aviso Prévio Indenizado | C85: =40%*C84 -> 0.00016057333 | D85: =$D$33*C85 -> 0.3356079 | E85: = 40% de multa do FGTS sobre aviso prévio indenizado
A86: D | B86: Aviso Prévio Trabalhado | C86: =(7/360) -> 0.019444444 | D86: =$D$33*C86 -> 40.640056 | E86: = 7 dias de aviso / qtde de dias no ano
A87: E | B87: Incidência de GPS, FGTS e outras contribuições sobre o Aviso Prévio Trabalhado | C87: =C86*C58 -> 0.0079333333 | D87: =$D$33*C87 -> 16.581143 | E87: = % total do submódulo 2.2 x Aviso prévio trabalhado
A88: F | B88: Multa do FGTS (e contribuições sociais) sobre o Aviso Prévio Trabalhado | C88: =4%-C85 -> 0.039839427 | D88: =$D$33*C88 -> 83.266792 | E88: = O que falta para dar 4% após o cálculo do % da multa do FGTS sobre Aviso prévio indenizado
A89: Total | D89: =TRUNC(SUM(D83:D88),2) -> 152.15
A90: OBS.: A contribuição social foi extinta pela Lei 13.932/2019.
A92: Módulo 4 - Custo de reposição do profissional ausente
A93: 4.1 | B93: Substituto nas Ausências Legais | C93: % | D93: Valor (R$)
A94: A | B94: Substituto na cobertura de Férias | C94: 0 | D94: =$D$33*C94 -> 0 | E94: =[(5/55) x 100] = 9,09% - art. 18, §§ 1º, I, e 4º c/c os itens 1.2, “a”, do Anexo VII-B e 14 do Anexo XII, da IN Seges/MP 5/2017, e o item 2.4.1 do Caderno de Logística da Conta Vinculada-Seges/MP
A95: B | B95: Substituto na cobertura de Ausências Legais | C95: =((2.96)/30)/12 -> 0.0082222222 | D95: =$D$33*C95 -> 17.184938 | E95: = Cálculo: [(2,96/30)/12]*100=0,82 - Acórdão 1753/2008 – Plenário TCU
A96: C | B96: Substituto na cobertura de Licença Paternidade | C96: =((20/30)/12)*1.57%*96% -> 0.00083733333 | D96: =$D$33*C96 -> 1.7500769 | E96: '[(20/30)/12] x taxa bruta de natalidade x % de participação masculina no serviço
A97: D | B97: Substituto na cobertura de Ausência por Acidente de Trabalho | C97: =(0.91/30)/12 -> 0.0025277778 | D97: =$D$33*C97 -> 5.2832072 | E97: =[(0,91/30)/12]*100=0,25%
A98: E | B98: Substituto na cobertura de Afastamento Maternidade | C98: =((108/30)/12)*1.57%*4%*36.8% -> 6.93312e-05 | D98: =$D$33*C98 -> 0.14490637 | E98: = [(180/30)/12] x taxa bruta de natalidade x % de mulheres x 36,80%
A99: F | B99: Substituto outras ausências (especificar)
A100: Subtotal | D100: =TRUNC(SUM(D94:D99),2) -> 24.36
A101: G | B101: Incidência dos encargos previstos no submódulo 2.2 sobre o item 4.1 | D101: =D100*C101 -> 0
A102: Total | D102: =TRUNC(SUM(D100:D101),2) -> 24.36
A103: Nota 1: Os itens que contemplam o módulo 4 se referem ao custo dos dias trabalhados pelo repositor/substituto, quando o empregado alocado na prestação de serviço estiver ausente, conforme as previsões estabelecidas na legislação.
A105: 4.2 | B105: Substituto no Intervalo Intrajornada | C105: SIM/NÃO | D105: Valor (R$)
A106: A | B106: Substituto na cobertura de Intervalo para repouso ou alimentação | C106: não | D106: =IF(C106="SIM",1*26*(D27+D29)/220,0) -> 0 | E106: = 1 hora de repouso x qtde de dias no mês x (Salário base + Adic periculosidade) / 220 horas
A108: Quadro resumo módulo 4
A109: 4 | B109: Módulo 4 - Custo de Reposição do Profissional Ausente | D109: Valor (R$)
A110: 4.1 | B110: Substituto nas Ausências Legais | D110: =D102 -> 24.36
A111: 4.2 | B111: Substituto na Intrajornada | D111: =D106 -> 0
A112: TOTAL | D112: =TRUNC(SUM(D110:D111),2) -> 24.36
A114: 5 | B114: Módulo 5 - Insumos diversos | C114: R$ | D114: Valor (R$)
A115: A | B115: Uniformes Valor anual: | C115: ='Insumos diversos'!G9 -> 1175.88 | D115: =C115/12 -> 97.99 | E115: = Valor total anual estimado / 12 meses
A116: B | B116: Insumos de uso compartilhado Valor anual: | C116: ='Insumos diversos'!G17 -> 0 | D116: =C116/12/2 -> 0 | E116: = Valor total anual estimado / 12 meses / Qtde de funcionários que compartilharão os insumos
...

Sheet Coordendador Administrativo 8h
A1: PLANILHA DE CUSTO E FORMAÇÃO DE PREÇO - IN 05/2017 (atualizada pela IN 07/2018)
A2: SERVIÇO DE URGÊNCIA E EMERGÊNCIA
A3: Nº do processo:
A4: Nº da Licitação:
A5: Data / hora:
A7: Discriminação dos serviços ( dados referentes à contratação)
A8: A | B8: Data de apresentação da proposta (dia/mês/ano)
A9: B | B9: Município/UF | D9: SÃOJOSÉ DO NORTE/RS
A10: C | B10: Ano do Acordo, Convenção ou Dissídio Coletivo | D10: 2026
A11: D | B11: Nº de meses de execução contratual | D11: 12
A13: Identificação do Serviço
A14: Tipo de Serviço | C14: Unidade de Medida | D14: Qtde total a contratar (em função da unidade de medida)
A15: SERVIÇO DE URGÊNCIA E EMERGÊNCIA | C15: 1 | D15: 1
A17: MÓDULOS DE MÃO DE OBRA VINCULADA À EXECUÇÃO CONTRATUAL
A19: Dados para composição dos custos referentes à mão-de-obra
A20: 1 | B20: Tipo de serviço (mesmo serviço com características distintas) | D20: =RESUMO!B24 -> Coordenador Administrativo
A21: 2 | B21: Classificação Brasileira de Ocupações (CBO) | D21: =RESUMO!C24 -> 4101-05
A22: 3 | B22: Salário Nominativo da Categoria Profissional | D22: 2307.83
A23: 4 | B23: Categoria profissional (vinculada à execução contratual) | D23: Auxiliar de escritório em geral, auxiliar ou assistente administrativo (exceto contínuo ou office-boy)
A24: 5 | B24: Data base da categoria (dia/mês/ano) | D24: 2026
A26: 1 | B26: Módulo 1 - Composição da Remuneração | C26: % | D26: Valor (R$) | E26: SALÁRIO MÍNIMO NACIONAL
A27: A | B27: Salário Base | D27: =D22 -> 2307.83 | E27: 1621
A28: B | B28: Adicional de Periculosidade | D28: =C28*D27 -> 0 | E28: = Salario base x % de periculosidade
A29: C | B29: Adicional de Insalubridade | C29: 0 | D29: =C29*E27 -> 0 | E29: = Salario minimo x % de insalubridade
A30: D | B30: Adicional Noturno (22h às 5h) Horas: | D30: =IF(C30="",0,C30*15.2*((D27+D28)/220)*0.2) -> 0 | E30: = Horas de adicional noturno x qtde de dias no mês x ((salario base + periculosidade)/220 horas) x 20% de adicional
A31: E | B31: Adicional de Hora Noturna Reduzida Horas: | C31: =IF(C30=8,"",IF(C30=7,1,"")) | D31: =IF(C31<>1,0,1*15.2*(D27+D28)/220*0.2) -> 0 | E31: = 1 hora noturna reduzida x qtde de dias no mês x ((salario base + periculosidade)/220 horas) x 20% de adicional (Somente se for considerado 7 horas de adicional noturno)
A32: F | B32: Gratificaçã de Função (RT)
A33: Total da Remuneração | D33: =TRUNC(SUM(D27:D32),2) -> 2307.83
A34: Nota 1: O Módulo 1 refere-se ao valor mensal devido ao empregado pela prestação do serviço no período de 12 meses.
A36: Módulo 2: Encargos e Benefícios Anuais, Mensais e Diários
A38: 2.1 | B38: 13º Salário, Férias e Adicional de Férias | C38: % | D38: Valor (R$)
A39: A | B39: 13 (Décimo-terceiro) salário | C39: =1/12 -> 0.083333333 | D39: =$D$33*C39 -> 192.31917 | E39: [(1/12) x 100] = 1 Remuneração/12
A40: B | B40: Adicional de Férias | C40: =(5/55)/3 -> 0.03030303 | D40: =$D$33*C40 -> 69.934242
A41: Subtotal | D41: =SUM(D39:D40) -> 262.25341
A42: C | B42: Incidência dos encargos previstos no submódulo 2.2 sobre o item 2.1 | C42: =C58 -> 0.408 | D42: =D41*C42 -> 106.99939 | E42: = Percentual total do submódulo 2.2
A43: Total | D43: =TRUNC(SUM(D41:D42),2) -> 369.25
A44: Nota 1: Como a planilha de custos e formação de preços é calculada mensalmente, provisiona-se proporcionalmente 1/12 (um doze avos) dos valores referentes a gratificação natalina, férias e adicional de férias. (Redação dada pela Instrução Normativa nº 7, de 2018)
A45: Nota 2: O adicional de férias contido no Submódulo 2.1 corresponde a 1/3 (um terço) da remuneração que por sua vez é divido por 12 (doze) conforme Nota 1 acima.
A46: Nota 3: Levando em consideração a vigência contratual prevista no art. 57 da Lei nº 8.666, de 23 de junho de 1993, a rubrica férias tem como objetivo principal suprir a necessidade do pagamento das férias remuneradas ao final do contrato de 12 meses. Esta rubrica, quando da prorrogação contratual, torna-se custo não renovável. (Incluído pela Instrução Normativa nº 7, de 2018)
A48: 2.2 | B48: Encargos Previdenciário (GPS), Fundo de garantia por tempo de Serviço ( FGTS) e outras Contribuições | C48: % | D48: Valor (R$)
A49: A | B49: INSS | C49: 0.2 | D49: =$D$33*C49 -> 461.566
A50: B | B50: Salário Educação | C50: 0.025 | D50: =$D$33*C50 -> 57.69575
A51: C | B51: GILL/RAT (Rat Ajustado) - (RAT 3% x FAP 2) | C51: 0.06 | D51: =$D$33*C51 -> 138.4698
A52: D | B52: SESC ou SESI | C52: 0.015 | D52: =$D$33*C52 -> 34.61745
A53: E | B53: SENAI - SENAC | C53: 0.01 | D53: =$D$33*C53 -> 23.0783
A54: F | B54: SEBRAE | C54: 0.006 | D54: =$D$33*C54 -> 13.84698
A55: G | B55: INCRA | C55: 0.002 | D55: =$D$33*C55 -> 4.61566
A56: H | B56: FGTS | C56: 0.08 | D56: =$D$33*C56 -> 184.6264
A57: I | B57: PIS | C57: 0.01 | D57: =$D$33*C57 -> 23.0783
A58: Total | C58: =SUM(C49:C57) -> 0.408 | D58: =TRUNC(SUM(D49:D57),2) -> 941.59
A59: Nota 1: Os percentuais dos encargos previdenciaários, do FGTS e demais contribuições são aqueles estabelecidos pela legislação vigente.
A60: Nota 2: O SAT a depender do grau de risco do serviço irá variar entre 1%, para risco leve, de 2%, para risco médio, e de 3% de risco grave.
A61: Nota 3: Esses percentuais incidem sobre o Módulo 1, o Submódulo 2.1.
A63: 2.3 | B63: Benefícios Mensais e Diários | C63: R$ | D63: Valor (R$)
A64: A | B64: Transporte | C64: 6.5 | D64: =IF((C64*2*23)-(0.06*D27)<0,0,(C64*2*23)-(0.06*D27)) -> 160.5302 | E64: = (Valor do vale x qtde recebida por dia x qtde. de dias no mês) - (6% x Salário base)
A65: B | B65: Auxílio-Refeição/Alimentação | C65: 27.15 | D65: =C65*23*(100%-19%) -> 505.8045 | E65: = Valor do VA x qtde de dias no mês x % por conta da empresa
A66: D | B66: PBSF - Plano de Benefício Social Familiar | D66: 25.52
A67: Total | D67: =TRUNC(SUM(D64:D66),2) -> 691.85
A68: Nota 1: O valor informado deverá ser o custo real do benefício (descontado o valor eventualmente pago pelo empregado).
A69: Nota 2: Observar a previsão dos benefícios contidos em Acordos, Convenções e Dissídios Coletivos de Trabalho e atentar-se ao disposto no art. 6º desta Instrução Normativa.
A71: 2.4 | B71: Intervalo Intrajornada Indenizada do Titular do Posto | C71: SIM/NÃO | D71: Valor (R$)
A72: A | B72: Provisão de intrajornada indenizada ao titular do posto | D72: =IF(C72="SIM",(0.5*26*(D27+D28+D30+D31)/220)*1.5,0) -> 0 | E72: = (Meia hora x Qtde de dias no mês x (Salário base + adic. De periculosidade + Adic noturno)/ 220 horas) x valor da hora acrescida de 50%)
A74: Quadro resumo módulo 2
A75: 2 | B75: Módulo 2 - Encargos, Benefícios Anuais, Mensais e Diários | D75: Valor (R$)
A76: 2.1 | B76: 13º Salário, Férias e Adicional de Férias | D76: =D43 -> 369.25
A77: 2.2 | B77: GPS, FGTS e Outras Contribuições | D77: =D58 -> 941.59
A78: 2.3 | B78: Benefícios Mensais e Diários | D78: =D67 -> 691.85
A79: 2.4 | B79: Intervalo Intrajornada Indenizada do Titular do Posto | D79: =D72 -> 0
A80: TOTAL | D80: =TRUNC(SUM(D76:D79),2) -> 2002.69
A82: 3 | B82: Módulo 3 - Provisão para rescisão | C82: % | D82: Valor (R$)
A83: A | B83: Aviso Prévio Indenizado | C83: =((1+12.1%+8.33%)/12)*5% -> 0.0050179167 | D83: =$D$33*C83 -> 11.580499 | E83: = ((1 remuneração + Férias e adicional de férias + 13º salário)/ 12 meses) x probabilidade de ocorrência
A84: B | B84: Incidência do FGTS sobre Aviso Prévio Indenizado | C84: =8%*C83 -> 0.00040143333 | D84: =$D$33*C84 -> 0.92643989 | E84: = 8% de FGTS x Aviso prédio indenizado
A85: C | B85: Multa do FGTS (e contribuições sociais) sobre o Aviso Prévio Indenizado | C85: =40%*C84 -> 0.00016057333 | D85: =$D$33*C85 -> 0.37057596 | E85: = 40% de multa do FGTS sobre aviso prévio indenizado
A86: D | B86: Aviso Prévio Trabalhado | C86: =(7/360) -> 0.019444444 | D86: =$D$33*C86 -> 44.874472 | E86: = 7 dias de aviso / qtde de dias no ano
A87: E | B87: Incidência de GPS, FGTS e outras contribuições sobre o Aviso Prévio Trabalhado | C87: =C86*C58 -> 0.0079333333 | D87: =$D$33*C87 -> 18.308785 | E87: = % total do submódulo 2.2 x Aviso prévio trabalhado
A88: F | B88: Multa do FGTS (e contribuições sociais) sobre o Aviso Prévio Trabalhado | C88: =4%-C85 -> 0.039839427 | D88: =$D$33*C88 -> 91.942624 | E88: = O que falta para dar 4% após o cálculo do % da multa do FGTS sobre Aviso prévio indenizado
A89: Total | D89: =TRUNC(SUM(D83:D88),2) -> 168
A90: OBS.: A contribuição social foi extinta pela Lei 13.932/2019.
A92: Módulo 4 - Custo de reposição do profissional ausente
A93: 4.1 | B93: Substituto nas Ausências Legais | C93: % | D93: Valor (R$)
A94: A | B94: Substituto na cobertura de Férias | C94: 0 | D94: =$D$33*C94 -> 0 | E94: =[(5/55) x 100] = 9,09% - art. 18, §§ 1º, I, e 4º c/c os itens 1.2, “a”, do Anexo VII-B e 14 do Anexo XII, da IN Seges/MP 5/2017, e o item 2.4.1 do Caderno de Logística da Conta Vinculada-Seges/MP
A95: B | B95: Substituto na cobertura de Ausências Legais | C95: =((2.96)/30)/12 -> 0.0082222222 | D95: =$D$33*C95 -> 18.975491 | E95: = Cálculo: [(2,96/30)/12]*100=0,82 - Acórdão 1753/2008 – Plenário TCU
A96: C | B96: Substituto na cobertura de Licença Paternidade | C96: =((20/30)/12)*1.57%*39% -> 0.00034016667 | D96: =$D$33*C96 -> 0.78504684 | E96: '[(20/30)/12] x taxa bruta de natalidade x % de participação masculina no serviço
A97: D | B97: Substituto na cobertura de Ausência por Acidente de Trabalho | C97: =(0.91/30)/12 -> 0.0025277778 | D97: =$D$33*C97 -> 5.8336814 | E97: =[(0,91/30)/12]*100=0,25%
A98: E | B98: Substituto na cobertura de Afastamento Maternidade | C98: =((108/30)/12)*1.57%*61%*36.8% -> 0.0010573008 | D98: =$D$33*C98 -> 2.4400705 | E98: = [(180/30)/12] x taxa bruta de natalidade x % de mulheres x 36,80%
A99: F | B99: Substituto outras ausências (especificar)
A100: Subtotal | D100: =TRUNC(SUM(D94:D99),2) -> 28.03
A101: G | B101: Incidência dos encargos previstos no submódulo 2.2 sobre o item 4.1 | D101: =D100*C101 -> 0
A102: Total | D102: =TRUNC(SUM(D100:D101),2) -> 28.03
A103: Nota 1: Os itens que contemplam o módulo 4 se referem ao custo dos dias trabalhados pelo repositor/substituto, quando o empregado alocado na prestação de serviço estiver ausente, conforme as previsões estabelecidas na legislação.
A105: 4.2 | B105: Substituto no Intervalo Intrajornada | C105: SIM/NÃO | D105: Valor (R$)
A106: A | B106: Substituto na cobertura de Intervalo para repouso ou alimentação | C106: não | D106: =IF(C106="SIM",1*26*(D27+D29)/220,0) -> 0 | E106: = 1 hora de repouso x qtde de dias no mês x (Salário base + Adic periculosidade) / 220 horas
A108: Quadro resumo módulo 4
A109: 4 | B109: Módulo 4 - Custo de Reposição do Profissional Ausente | D109: Valor (R$)
A110: 4.1 | B110: Substituto nas Ausências Legais | D110: =D102 -> 28.03
A111: 4.2 | B111: Substituto na Intrajornada | D111: =D106 -> 0
A112: TOTAL | D112: =TRUNC(SUM(D110:D111),2) -> 28.03
A114: 5 | B114: Módulo 5 - Insumos diversos | C114: R$ | D114: Valor (R$)
A115: A | B115: Uniformes Valor anual: | C115: ='Insumos diversos'!G9 -> 1175.88 | D115: =C115/12 -> 97.99 | E115: = Valor total anual estimado / 12 meses
A116: B | B116: Insumos de uso compartilhado Valor anual: | C116: ='Insumos diversos'!G17 -> 0 | D116: =C116/12/2 -> 0 | E116: = Valor total anual estimado / 12 meses / Qtde de funcionários que compartilharão os insumos
...

Sheet Insumos diversos
A2: UNIFORMES
A3: Item | B3: Descrição | C3: Qtde. por funcionário | D3: Periodicidade | E3: Qtde. Anual | F3: Valor Unitário | G3: Valor total anual
A4: 1 | B4: Macacão | C4: 1 | E4: 2 | F4: =(500+200)/2 -> 350 | G4: =F4*E4 -> 700
A5: 3 | B5: Camiseta | C5: 2 | E5: 2 | F5: 50.25 | G5: =F5*E5 -> 100.5
A6: 7 | B6: Botinas | C6: 1 | E6: 2 | F6: 58.79 | G6: =F6*E6 -> 117.58
A7: 10 | B7: Calça (modelo higienização) | C7: 1 | E7: 2 | F7: 49 | G7: =F7*E7 -> 98
A8: 11 | B8: Jaleco (modelo higienização) | C8: 1 | E8: =C8*2 -> 2 | F8: 79.9 | G8: =F8*E8 -> 159.8
F9: Total estimado | G9: =SUM(G4:G8) -> 1175.88
A12: INSUMOS DE USO COMPARTILHADO
A13: Item | B13: Descrição | C13: Qtde. | D13: Periodicidade | E13: Qtde. Anual | F13: Valor Unitário | G13: Valor total anual
A14: 1 | B14: XXXXXXX | E14: =C14*2 -> 0 | F14: XXXX | G14: XXXX
A15: 2 | B15: XXXXXXX | E15: =C15*2 -> 0 | F15: XXXX | G15: XXXX
A16: 3 | B16: XXXXXXX | E16: =C16*2 -> 0 | F16: XXXX | G16: XXXX
F17: Total estimado
A20: EQUIPAMENTOS DE USO COMPARTILHADO
A21: Item | B21: Descrição | C21: Qtde. | E21: Valor Unitário | F21: Valor total anual
A22: 1 | F22: =E22*C22 -> 0
E23: Total estimado | F23: =SUM(F22) -> 0
A26: MATERIAIS DE EMERGÊNCIA PARA A LANCHA
A27: Item | B27: Descrição | C27: Qtde. | E27: Valor Unitário | F27: Valor total anual
A28: 1 | B28: Mat. Manut. Emerg. Lancha | F28: 2000
E29: Total estimado | F29: 2000

Sheet Custos Indiretos
A1: DADOS PARA PERSTAÇÃO DE CONTAS
A2: Receitas (R$) | D2: Despesas Indiretas (R$) | I2: Na elaboração de uma planilha de precificação para contratações de mão de obra pela administração pública, é fundamental detalhar os Custos Indiretos. Esses custos referem-se às despesas gerais da empresa que não estão diretamente vinculadas a um único contrato, mas que são essenciais para o funcionamento da organização e devem ser rateados proporcionalmente entre os contratos vigentes. Custos Indiretos: São os gastos relacionados à estrutura administrativa, organizacional e de gerenciamento da empresa, necessários para a execução dos contratos. Esses custos são calculados mediante a aplicação de um percentual sobre o somatório dos custos diretos, como remuneração, benefícios, insumos diversos e encargos sociais e trabalhistas. Os principais componentes dos custos indiretos incluem: Funcionamento e Manutenção da Sede: Aluguel: Despesas com locação do espaço físico utilizado pela empresa. Serviços Públicos: Gastos com água, energia elétrica, telefone e internet. Impostos e Taxas: Pagamentos de IPTU e outras taxas municipais. Pessoal Administrativo: Salários e Benefícios: Remuneração de funcionários que atuam em funções administrativas, como recursos humanos, financeiro e jurídico. Encargos Sociais: Contribuições previdenciárias e trabalhistas relacionadas ao pessoal administrativo. Materiais e Equipamentos de Escritório: Suprimentos: Gastos com papel, canetas, toner e outros materiais de escritório. Equipamentos: Despesas com computadores, impressoras e mobiliário. Supervisão de Serviços: Salários de Supervisores: Remuneração de profissionais responsáveis pela supervisão e coordenação dos serviços prestados. Despesas de Deslocamento: Custos com transporte e alimentação relacionados à supervisão. Seguros: Seguros Patrimoniais: Prêmios de seguros que protegem os ativos da empresa. Seguros de Responsabilidade Civil: Coberturas contra possíveis danos a terceiros decorrentes das atividades empresariais. Outros (especificar): Despesas Contábeis e Jurídicas: Honorários de contadores e advogados. Manutenção de Equipamentos: Custos com reparos e manutenção de equipamentos utilizados na operação. Despesas com Tecnologia da Informação: Licenças de software, manutenção de sistemas e suporte técnico. Rateio dos Custos Indiretos: Para alocar os custos indiretos de forma justa entre os contratos, é necessário realizar um rateio proporcional com base na representatividade de cada contrato na receita total da empresa. Por exemplo, se a empresa possui quatro contratos com receitas de R$ 20.000, R$ 30.000, R$ 25.000 e R$ 25.000, respectivamente, os custos indiretos devem ser distribuídos nas seguintes proporções: Contrato A: 20% (R$ 20.000 de R$ 100.000) Contrato B: 30% (R$ 30.000 de R$ 100.000) Contrato C: 25% (R$ 25.000 de R$ 100.000) Contrato D: 25% (R$ 25.000 de R$ 100.000) Esse método assegura que cada contrato suporte uma parcela justa dos custos indiretos, proporcional à sua contribuição na receita total da empresa. Referências Normativas: A Instrução Normativa nº 5, de 26 de maio de 2017, do Ministério do Planejamento, Desenvolvimento e Gestão, estabelece diretrizes para a contratação de serviços pela administração pública federal, incluindo orientações sobre a composição de custos e formação de preços. (inserir link) Além disso, o Manual de Orientação para Preenchimento da Planilha de Custo e Formação de Preços fornece orientações detalhadas sobre a estruturação dos custos indiretos e sua alocação nos contratos. (inserir link)
A3: Contrato 01 - SJN | C3: =B3/$B$14 -> #DIV/0! | D3: Assessoria Juridica
A4: Contrato 02 (especificar) | D4: Recursos Humanos
A5: Contrato 03 (especificar) | D5: Contabilidade
A6: Contrato 04 (especificar) | D6: Despesas Cartorárias
A7: Contrato 05 (especificar) | D7: Combustível
A8: Contrato 06 (especificar) | D8: Despesas com alimentação
A9: Contrato 07 (especificar) | D9: Estacionamento
A10: Contrato 08 (especificar) | D10: Equipamentos
A11: Contrato 09 (especificar) | D11: Despesas co webmail
A12: Contrato 10 (especificar) | D12: Material de Escritório
A13: Contrato 11 (especificar) | D13: Alugueis | F13: Percentual sobre o contrato
A14: TOTAL | B14: =SUM(B3:B12) -> 0 | D14: TOTAL | E14: =SUM(E3:E13) -> 0 | F14: =(E14*C3)/RESUMO!F26 -> #DIV/0!
